Workbook
Name 【記載例】シフト記号: '【記載例】シフト記号表（勤務時間帯）'!$C$6:$C$47
Name 【記載例】シフト記号表: '【記載例】シフト記号表（勤務時間帯）'!$C$6:$C$47
Name シフト記号表: シフト記号表!$C$6:$C$47
Name シフト記号表: シフト記号表!$C$6:$C$47
Name 介護職員: プルダウン・リスト!$F$22:$F$31
Name 看護職員: プルダウン・リスト!$E$22:$E$31
Name 管理者: プルダウン・リスト!$C$22:$C$31
Name 機能訓練指導員: プルダウン・リスト!$G$22:$G$31
Name 計画作成担当者: プルダウン・リスト!$H$22:$H$31
Name 職種: [1]プルダウン・リスト!$C$14:$L$14
Name 職種１: プルダウン・リスト!$C$21:$L$21
Name 生活相談員: プルダウン・リスト!$D$22:$D$31

Sheet 特定施設入居者生活介護
A1: 提出書類チェックシート（特定施設入居者生活介護）
F3: 法人名
F4: 施設名
F5: 担当者名
F6: 電話番号
F7: E-mail
F8: 指導実施日
A10: 資料名 | F10: 提出数 | I10: チェック
A11: ①自己点検シート | F11: 事業ごとに１部
A12: ②従業員の勤務の体制及び勤務形態一覧表 | F12: 事業ごとに１部
A13: ③運営規程及び重要事項説明書、利用者契約書（見本） | F13: 事業ごとに１部
A14: ④利用者の状況 | F14: 事業ごとに１部
A15: ⑤行動障害のある利用者及び身体拘束者名簿 | F15: 事業ごとに１部
A21: ＊提出書類チェックシートの送付先
A22: 〒305-8555
A23: つくば市研究学園一丁目１番地１
A24: つくば市福祉部福祉政策課
A25: 指導監査係
A26: TEL029-883-1111
A27: wef013@city.tsukuba.lg.jp

Sheet ①自己点検シート
A1: 自己点検シート（特定施設入居者生活介護・介護予防特定施設入居者生活介護）
A12: 点検項目 | C12: 確認事項 | D12: 根拠条文 | E12: 確認書類等 | F12: 点検結果
F13: 適 | G13: 不適 | H13: 該当なし
A14: 1 | B14: 指定居宅サービスの事業の一般原則 | C14: 利用者の意思及び人格を尊重し、常に利用者の立場に立ってサービスを提供するように努めていますか。 | D14: 基準第3条第1項 予防基準第3条第1項 | F14: □ | G14: □
C15: 事業を運営するに当たっては、地域との結び付きを重視し、つくば市、地域包括支援センター、他の居宅サービス事業者（介護予防サービス事業者）その他の保健医療サービス及び福祉サービスを提供する者との連携に努めていますか。 | D15: 基準第3条第2項 予防基準第3条第2項 | F15: □ | G15: □
C16: 利用者の人権の擁護、虐待の防止等のため、必要な体制の整備を行うとともに、その従業者に対し、研修を実施する等の措置を講じていますか。 （令和６年４月１日から義務化） | D16: 基準第3条 第3項 予防基準 第3条第3項 | F16: □ | G16: □
C17: 指定居宅サービスを提供するに当たっては、法第118条の2第1項に規定する介護保険等関連情報その他必要な情報を活用し、適切かつ有効に行うよう努めていますか。 | D17: 基準第3条 第4項 予防基準 第3条第4項 | F17: □ | G17: □
A18: Ⅰ 基本方針
A19: 1 | B19: 基本方針 | C19: 特定施設サービス計画に基づき、入浴、排せつ、食事等の介護その他の日常生活上の世話、機能訓練及び療養上の世話を行うことにより、要介護状態となった場合でも、利用者が当該指定特定施設においてその有する能力に応じ自立した日常生活を営むことができるようにするものとなっていますか。 | D19: 基準第174条 | E19: ・運営規程 | F19: □ | G19: □
A20: 2 | B20: 介護予防 基本方針 | C20: 介護予防特定施設サービス計画に基づき、入浴、排せつ、食事等の介護その他の日常生活上の支援、機能訓練及び療養上の世話を行うことにより、利用者が当該指定介護予防特定施設において、自立した日常生活を営むことができるよう、利用者の心身機能の維持回復を図り、もって利用者の生活機能の維持又は向上を目指すものとなっていますか。 | D20: 予防基準第230条 | E20: ・運営規程 | F20: □ | G20: □
A21: 3 | B21: 基本方針 | C21: 安定的かつ継続的な事業運営に努めていますか。 | D21: 基準 第174条第2項 予防基準 第230条第2項 | F21: □ | G21: □
A22: Ⅱ 人員基準
A23: 1 | B23: 特定施設入居者生活介護従業者の員数 | C23: （1）利用者に対し、従業者の員数は適切であるか
C24: （2）必要な専門職が揃っているか
C25: （3）専門職は必要な資格を有しているか
C26: 指定特定施設入居者生活介護事業所ごとに置くべき従業者の職種及び員数が次のとおりとなっていますか。 | D26: 基準 第175条第1項 予防基準 第231条第1項 | F26: □ | G26: □
A27: 2 | B27: 利用者の数の算定方法 | C27: 【前年度の平均値】 ＊前年度とは毎年4月1日から翌年3月31日をもって終わる年度 ＊計算式 ：前年度の全利用者等の延数 ÷ 前年度の日数 (小数点第2位以下を切り上げ) →以下に記載してください。 前年度の全利用者等の延数（ ）人 ÷ 前年度の日数（ ）日 ≒（ ）人
A28: 3 | B28: 生活相談員 | C28: 常勤換算方法で、総利用者数【前年度の平均値】が１００又はその端数を増すごとに１人以上となっていますか。 ※総利用者数：特定施設入居者生活介護の利用者と介護予防特定施設入居者生活介護の利用者の合計数 | D28: 基準 第175条第1項第1号 予防基準 第231条第2項第1号 | E28: ・勤務実績表/タイムカード ・勤務体制一覧表 | F28: □ | G28: □
C29: １人以上は常勤ですか。 | D29: 基準 第175条第4項 予防基準 第231条第4項 | F29: □ | G29: □
A30: 4 | B30: 看護職員 又は 介護職員 | C30: 看護師若しくは准看護師（以下、「看護職員」という。）又は介護職員の合計数は、常勤換算方法で、利用者の数が３又はその端数を増すごとに１以上となっていますか。（常勤換算方法で ３：１） ※利用者数は、要介護者の利用者の数に、介護予防サービスの利用者の数に０．３を乗じて得た数を合計した利用者数【前年度の平均値】 | D30: 基準 第175条第1項第2号イ 予防基準 第231条第1項第2号イ | E30: ・勤務実績表/タイムカード ・勤務体制一覧表 ・従業者の資格証 | F30: □ | G30: □
C31: →以下に記載してください。 ①前年度の要介護者利用者延数（ ）人 ②前年度の介護予防サービス利用者延数（ ）人 ③前年度の日数（ ）日 （ ①÷③ ）＋（ ②÷③×0.3 ) ＝（ ）人 ※小数点第2位以下切り上げ
C32: ※次に掲げる要件のいずれにも適合する場合は、上記「１」とあるのは、「0.9」とする。 | D32: 基準 第175条第9項第1項 予防基準 第231条第9項第1項
C33: 一 利用者の安全並びに介護サービスの質の確保 及び職員の負担軽減に資する方策を検討するた めの委員会において、次に掲げる事項について 必要な検討を行い、当該事項の実施を定期的に 確認していること。
C34: イ 利用者の安全及びケアの質の確保 ロ 特定施設従業者の負担軽減及び勤務状況へ の配慮 ハ 緊急時の体制整備 ニ 業務の効率化、介護サービスの質の向上等 に資する機器（以下「介護機器」という。） の定期的な点検 ホ 特定施設従業者に対する研修
C35: 二 介護機器を複数種類活用していること。 三 利用者の安全並びに介護サービスの質の確保 及び職員の負担軽減を図るため、特定施設従業 者間の適切な役割分担を行っていること。 四 利用者の安全並びに介護サービスの質の確保 及び職員の負担軽減を図る取組による介護サー ビスの質の確保及び職員の負担軽減が行われて いると認められること。 | D35: 基準 第175条第9項 予防基準 第231条第9項
C36: 看護職員の数は次のとおりとなっていますか。 (1)利用者30人まで 常勤換算方法で１ (2)利用者30人超～80人 常勤換算方法で２ (3)利用者80人超～130人 常勤換算方法で３ | D36: 基準 第175条第2項第2号ロ 予防基準 第231条第2項第2号ロ | F36: □ | G36: □
C37: 常に１以上の指定（介護予防）特定施設入居者生活介護の提供に当たる介護職員が確保されていますか。 ただし、介護予防特定施設入居者生活介護のみを提供する場合の宿直時間帯については、この限りではない。 | D37: 基準 第175条第2項第2号ハ 予防基準 第231条第2項第2号ハ | F37: □ | G37: □
C38: 看護職員及び介護職員は、主として（介護予防）特定施設入居者生活介護の提供に当たるものとし、看護職員のうち１人以上、及び介護職員のうち1人以上は、常勤の者となっていますか。 ただし、指定介護予防特定施設入居者生活介護のみを提供する場合は、介護職員及び看護職員のうちいずれか１人が常勤であれば足りる。 ※主として（介護予防）特定施設入居者生活介護の提供に当たる看護職員及び介護職員とは、要介護者及び要支援者に対するサービス提供に従事することを基本とするものである。ただし、要介護者等のサービス利用のないときに、要介護者等以外の当該特定施設の入居者に対するサービス提供を行うことは差し支えない。 | D38: 基準 第175条第8項 予防基準 第231条第8項 解釈通知 1(2) | F38: □ | G38: □
A39: 5 | B39: 機能訓練指導員 | C39: １以上配置していますか。 | D39: 基準 第218条第2項第3号 予防基準 第204条第2項第3号 | E39: ・勤務実績表/タイムカード ・勤務体制一覧表 ・従業者の資格証 | F39: □ | G39: □
C40: 機能訓練指導員は、日常生活を営むのに必要な機能の減退を防止するための訓練を行う能力を有する者（※）を配置していますか。 ※ 理学療法士、作業療法士、言語聴覚士、看護職員（看護師若しくは准看護師）、柔道整復師又はあん摩マッサージ指圧師、はり師又はきゅう師であること。(はり師又はきゅう師については、資格を有する機能訓練指導員を配置した事業所で６月以上機能訓練指導に従事した経験を有する者に限る。) | D40: 基準 第175条第6項 予防基準 第231条第6項 解釈通知 1(3) | F40: □ | G40: □
A41: 6 | B41: 計画作成担当者 | C41: １以上配置していますか。 （利用者【前年度の平均値】の数が１００又はその端数を増すごとに１を標準とする） | D41: 基準 第218条第1項第4号 予防基準 第204条第1項第4号 | E41: ・勤務実績表/タイムカード ・勤務体制一覧表 ・従業者の資格証 | F41: □ | G41: □
C42: 計画作成担当者は、専らその職務に従事する介護支援専門員であって、（介護予防）特定施設サービス計画の作成を担当させるのに適当と認められる者となっていますか。 ※ただし、利用者の処遇に支障がない場合は、当該特定施設における他の職務に従事することができる。 | D42: 基準 第175条第7項 予防基準 第231条第7項 | F42: □ | G42: □
A43: 7 | B43: 管理者 | C43: 管理者は常勤専従か。他の職務を兼務している場合、兼務体制は適切か
C44: 専らその職務に従事する常勤の管理者を配置していますか。 管理者が他の職務等を兼務している場合、業務に支障はないですか。 ただし、事業所の管理上支障がない場合は、当該事業所の他の職務に従事し、又は他の事業所、施設等の職務に従事することができます。 | D44: 基準 176条 予防基準 第232条 | E44: ・管理者の雇用形態が分かる文書 ・管理者の勤務実績表／タイムカード | F44: □ | G44: □
C45: → 下記の事項について記載してください。 ・兼務の有無 （ 有 ・ 無 ） ・当該事業所内で他職務と兼務している場合は その職種名 （ ）
C46: ・同一の事業者によって設置された他の事業所等（※）と兼務している場合は、 事業所名、職種名、兼務事業所における１週間当たりの勤務時間数 ※管理上支障がない場合は、同一敷地でなくても差し支えありません。 | D46: 解釈通知 １の（4）
C47: 事業所名：（ ） 職種名 ：（ ） 勤務時間：（ ）
A48: Ⅲ 設備基準
A49: 1 | B49: 設備及び備品等 | C49: （1）平面図に合致しているか【目視】
C50: （2）使用目的に沿って使われているか【目視】
C51: 指定（介護予防）特定施設の建築物（利用者の日常生活のために使用しない附属の建物は除く。）は、耐火建築物又は準耐火建築物となっていますか。 | D51: 基準 第177条 予防基準 第233条 | E51: ・事業所平面図 ・設備・備品台帳 | F51: □ | G51: □ | H51: □
C52: 上記にかかわらず、市長が、火災予防、消火活動等に関し専門的知識を有する者の意見を聴いて、次の各号のいずれかの要件を満たす木造かつ平屋建ての指定特定施設の建物であって、火災に係る利用者の安全性が確保されていると認めたときは、耐火建築物又は準耐火建築物とすることを要しません。 | D52: 基準 第177条第2項 予防基準 第233条第2項
C53: 1) スプリンクラー設備の設置、天井等の内装材等への難燃性の材料の使用、調理室等火災が発生するおそれがある箇所における防火区画の設置等により、初期消火及び延焼の抑制に配慮した構造であること。 2) 非常警報設備の設置等による火災の早期発見及び通報の体制が整備されており、円滑な消火活動が可能なものであること。 3) 避難口の増設、搬送を容易に行うために十分な幅員を有する避難路の確保等により、円滑な避難が可能な構造であり、かつ、避難訓練を頻繁に実施すること、配置人員を増員すること等により、火災の際の円滑な避難が可能なものであること。
C54: 一時介護室（一時的に利用者を移してサービスを行うための室をいう。以下同じ。）、浴室、便所、食堂及び機能訓練室を有していますか。 ※ ただし、他に利用者を一時的に移して介護を行うための室が確保されている場合にあっては一時介護室を、他に機能訓練を行うために適当な広さの場所が確保できる場合にあっては機能訓練室を設けないことができます。 | D54: 基準 第177条第3項 予防基準 第233条第3項 | E54: ・平面図 ・運営規程 ・設備、備品台帳 | F54: □ | G54: □
C55: 【介護居室】 | D55: 基準 第177条第4項 予防基準 第233条第4項 | E55: ・平面図 ・運営規程 ・設備、備品台帳
C56: 一の居室の定員は、１人としていますか。 ただし、利用者の処遇上必要と認められる場合（※）は、２人とすることができます。 ※夫婦で居室を利用する場合など。 | F56: □ | G56: □
C57: プライバシーの保護に配慮し、介護を行える適当な広さですか。 ※面積基準はなく、利用者の選択に委ねることとするため、利用申込者に対して文書による説明が必要です。 | F57: □ | G57: □
C58: 地階に設けていませんか。 | F58: □ | G58: □
C59: 一以上の出入り口は、避難上有効な空き地、廊下又は広間に直接面して設けていますか。 | F59: □ | G59: □
A60: 1 | C60: 【一時介護室】
C61: 介護を行うために適切な広さを有していますか。 | F61: □ | G61: □
C62: 【浴室】
C63: 身体の不自由な者が入浴するのに適したものとなっていますか。 | F63: □ | G63: □
C64: 【便所】
C65: 居室のある階ごとに設置し、非常用設備を備えていますか。 | F65: □ | G65: □
C66: 【食堂・機能訓練室】
C67: 機能を十分に発揮し得る適当な広さを有していますか。 | F67: □ | G67: □
C68: 【構造】 | D68: 基準 第177条第5項 予防基準 第233条第5項
C69: 利用者が車椅子で円滑に移動することが可能な空間と構造を有するものですか。 | F69: □ | G69: □
C70: 消防設備その他の非常災害に際して必要な設備を設けていますか。 | D70: 基準 第177条第6項 予防基準 第233条第6項 | F70: □ | G70: □
C71: 構造設備の基準については、建築基準法及び消防法の定めるところにより、適正ですか。 | D71: 基準 第220条第7項 予防基準 第233条第7項 | F71: □ | G71: □
A72: Ⅳ 運営基準
A73: 1 | B73: 内容及び手続きの説明及び同意 | C73: （1）入居申込者又はその家族への説明と同意の手続きを取っているか
C74: （2）重要事項説明書の内容に不備等はないか
C75: 事業所の概要、重要事項（※）について記した文書を交付し、入居申込者又はその家族に対し説明を行い、入居及び指定特定施設入居者生活介護の提供に関する契約を文書により締結していますか。 ※ ○運営規程の概要 ○勤務体制 ○介護居室、一時介護室、浴室、食堂及び機能訓 練室の概要（具体的な広さ） ○要介護状態区分に応じて事業者が提供する標準 的な介護サービスの内容 ○利用料の額及びその改定の方法 ○事故発生時の対応 | D75: 基準 第178条第1項 予防基準 第234条第1項 解釈通知3(1) | E75: ・重要事項説明書 （入居申込者又は家族の同意があったことがわかるもの） ・入居契約書 | F75: □ | G75: □
C76: 契約において、入居者の権利を不当に狭めるような契約解除の条件を定めていませんか。 ※契約書には、少なくとも介護サービスの内容及び利用料その他の費用の額、契約解除の条件を記載すること。 | D76: 基準 第178条第2項 予防基準 第234条第2項 解釈通知3(1) | E76: ・運営規程 ・利用契約書 | F76: □ | G76: □
C77: より適切なサービス提供を行うため、利用者を介護居室又は一時介護室に移して介護を行うこととしている場合にあっては、利用者が介護居室又は一時介護室に移る際の当該利用者の意思の確認等の適切な手続をあらかじめ契約に係る文書に明記していますか。 | D77: 基準 第178条第3項 予防基準 第234条第3項 | E77: ・運営規程 ・利用契約書 | F77: □ | G77: □
A78: 2 | B78: 指定（介護予防）特定施設入居者生活介護の提供の開始等 | C78: 正当な理由なく、入居者に対するサービスの提供を拒んでいませんか。 | D78: 基準 第179条第1項 予防基準 第235条第1項 | E78: ・利用申込受付簿 | F78: □ | G78: □
C79: 指定特定施設入居者生活介護に代えて当該指定特定施設入居者生活介護事業者以外の者が提供する介護サービスを利用することを妨げていませんか。 | D79: 基準 第179条第2項 予防基準 第235条第2項 | E79: ・サービス提供の記録 | F79: □ | G79: □
C80: 入居申込者又は入居者が入院治療を要する者であること等、事業者自らが必要なサービスを提供することが困難であると認めた場合は、適切な病院又は診療所の紹介その他の適切な措置を速やかに講じていますか。 | D80: 基準 第179条第3項 予防基準 第235条第3項 | E80: ・紹介の記録 | F80: □ | G80: □
C81: 指定（介護予防）特定施設入居者生活介護の提供に当たっては、利用者の心身の状況、置かれている環境等の把握に努めていますか。 | D81: 基準 第179条第4項 予防基準 第235条第4項 | E81: ・利用者に関する記録 ・特定施設入居者生活介護計画 | F81: □ | G81: □
A82: 3 | B82: 受給資格等の確認 | C82: 被保険者資格、要介護認定の有無、要介護認定の有効期限を確認しているか
C83: 利用申込者の被保険者証で、被保険者資格、要介護認定の有無及び要介護認定の有効期間を確認していますか。 | D83: 基準 第11条第1項 予防基準 第49条の5第1項 （245条準用） | E83: ・介護保険番号、有効期限等を確認している記録等 | F83: □ | G83: □ | H83: □
C84: 被保険者証に認定審査会意見が記載されているときは、サービス提供に際し、その意見を考慮していますか。 | D84: 基準 第11条第2項 予防基準 第49条の5第2項 （245条準用） | F84: □ | G84: □ | H84: □
A85: 4 | B85: 要介護認定の申請に係る援助 | C85: 利用者申込者が要介護認定を受けていない場合は、要介護認定申請のために必要な援助を行っていますか。 | D85: 基準 第12条第1項 予防基準 第49条の6第1項 | E85: ・利用者に関する記録 | F85: □ | G85: □ | H85: □
C86: 要介護認定の有効期間が終了する30日前には更新申請が行われるよう必要な援助を行っていますか。 | D86: 基準 第12条第2項 予防基準 第49条の6第2項 | F86: □ | G86: □
A87: 5 | B87: サービス提供の記録 | C87: （1）（介護予防）特定施設サービス介護計画にある目標を達成するための具体的なサービスの内容が記載されているか
C88: （2）日々のサービスについて、具体的な内容や利用者の心身の状況等を記録しているか
C89: サービス提供開始に際しては、開始年月日及び施設の名称を、サービス提供終了に際しては、終了年月日を利用者の被保険者証に記載していますか。 | D89: 基準 第181条第1項 予防基準 第237条第1項 | E89: ・被保険者証の写し | F89: □ | G89: □
C90: 介護サービスを提供した際は、提供した具体的なサービスの内容等（サービスの提供日、サービスの内容、利用者の状況その他必要な事項）を記録していますか。 | D90: 基準 第181条第2項 予防基準 第237条第2項 解釈通知3(3)② | E90: ・サービス提供記録 ・業務日誌 | F90: □ | G90: □
A91: 6 | B91: 利用料等の受領 | C91: （1）利用者からの費用徴収は適切に行われているか
C92: （2）領収書を発行しているか
C93: 法定代理受領サービスの場合、利用者から利用者負担分の支払を受けていますか。 | D93: 基準 第182条第1項 予防基準 第238条第1項 | E93: ・請求書 ・領収書 | F93: □ | G93: □ | H93: □
C94: 法定代理受領サービスに該当しない指定特定施設入居者生活介護を提供した場合の利用料と、居宅介護サービス費用基準額との間に、不合理な差額を生じさせていませんか。 | D94: 基準 第182条第2項 予防基準 第238条第2項 | E94: ・運営規程 ・領収証控 | F94: □ | G94: □ | H94: □
A95: 6 | B95: 利用料等の受領 | C95: 上記の支払いを受ける額のほか、次に掲げる費用の額以外の支払いを利用者から受けていませんか。 ①利用者の選定により提供される介護その他の日常生活上の便宜に要する費用 ②おむつ代 ③指定特定施設入居者生活介護において提供される便宜のうち、日常生活においても通常必要となるものに係る費用であって、利用者負担とすることが適当な費用 | D95: 基準 第182条第3項 予防基準 第238条第3項 | E95: ・運営規程 ・重要事項説明書 ・利用契約書 ・領収証控 | F95: □ | G95: □
C96: 前項の費用の額に係るサービス提供に当たっては、あらかじめ利用者又はその家族に対し、当該サービスの内容及び費用について説明し、同意を得ていますか。 | D96: 基準 第182条第4項 予防基準 第238条第4項 | E96: ・説明文書 ・同意に関する記録 | F96: □ | G96: □
C97: サービスの提供に要した費用の支払いを受けた際、領収証を交付していますか。 | D97: 介護保険法 第41条 第8項 | E97: ・領収証控 | F97: □ | G97: □
C98: 上記の領収証には、それぞれ個別の費用ごとに区分して記載していますか。 ※法定代理受領サービスの利用者負担分、食費、滞在費及びその他の費用の額を区分して記載し、その他の費用の額については個別の費用ごとに区分して記載すること。 | D98: 介護保険法 施行規則 第65条 | E98: ・領収証控 | F98: □ | G98: □
A99: 7 | B99: 保険給付の請求のための証明書の交付 | C99: 法定代理受領サービスに該当しないサービスに係る利用料の支払いを受けた場合は、提供した指定特定施設入居者生活介護の内容、費用の額その他必要と認められる事項を記載したサービス提供証明書を利用者に対し交付していますか。 | D99: 基準 第21条 予防基準 第50条の2 （245条準用） | E99: ・サービス提供証明書控 | F99: □ | G99: □ | H99: □
A100: 8 | B100: 指定（介護予防）特定施設入居者生活介護の取扱方針 （身体的拘束等の禁止） | C100: （1）生命又は身体を保護するため、緊急やむを得ない場合を除き、身体的拘束等（身体拘束その他利用者の行動を制限する行為を含む）を行っていないか
C101: （2）身体的拘束等の適正化を図っているか（身体的拘束等を行わない体制づくりを進める策を講じているか）
C102: （3）やむを得ず身体的拘束等をしている場合、家族等に確認しているか
C103: 利用者の要介護状態の軽減又は悪化の防止に資するよう、認知症の状況等利用者の心身の状況等を踏まえて、日常生活に必要な援助を適切に行っていますか。 | D103: 基準 第183条第1項 | E103: ・利用者に関する記録 ・介護日誌 | F103: □ | G103: □
C104: サービス提供は、特定施設サービス計画に基づき、漫然かつ画一的なものとならないよう配慮して行われていますか。 | D104: 基準 第183条第2項 | E104: ・特定施設サービス計画 書 | F104: □ | G104: □
C105: サービス提供に当たっては、懇切丁寧を旨とし、利用者又はその家族から求められたときは、サービスの提供方法等について、理解しやすいように説明を行っていますか。 | D105: 基準 第183条第3項 | E105: ・重要事項説明書等 ・特定施設サービス計画 書 | F105: □ | G105: □
C106: サービス提供に当たって、当該利用者又は他の利用者等の生命又は身体を保護するため緊急やむを得ない場合を除き、身体的拘束等を行っていませんか。 | D106: 基準 第183条第4項 予防基準 第239条第1項 | F106: □ | G106: □
C107: 身体的拘束等を行う場合は、その態様及び時間、その際の利用者の心身の状況並びに緊急やむを得ない理由を記録していますか。 | D107: 基準 第183条第5項 予防基準 第239条第2項 | E107: ・（身体的拘束等がある場合）入居者の記録、家族への確認書 | F107: □ | G107: □ | H107: □
C108: 身体的拘束等の適正化を図るため、次に掲げる措置を講じていますか。 | D108: 基準第183条第6項 予防基準 第239条第3項
C109: ①身体的拘束等の適正化のための対策を検討する委員会(テレビ電話装置等を活用して行うことができるものとする。)を３月に１回以上開催するとともに、その結果について、介護職員その他の従業者に周知徹底を図っていますか。 | D109: 基準第183条 第6項第1号 予防基準 第239条第3項第1号 | E109: ・身体的拘束等の適正化 検討委員会名簿 ・身体的拘束等の適正化 検討委員会議事録 | F109: □ | G109: □
C110: ②身体的拘束等の適正化のための指針を整備していますか。 | D110: 基準第183条 第6項第3号 予防基準 第239条第3項第2号 | E110: ・身体的拘束等廃止に関 する（適正化のための ）指針 | F110: □ | G110: □
...

Sheet ②勤務形態一覧表
C1: （標準様式1） | M1: 従業者の勤務の体制及び勤務形態一覧表 | AS1: サービス種別（ | AT1: 特定施設入居者生活介護 | BJ1: ）
AB2: 令和 | AC2: 7 | AE2: ( | AF2: =IF(AC2=0,"",YEAR(DATE(2018+AC2,1,1))) -> 2025 | AH2: ) | AI2: 年 | AJ2: 4 | AL2: 月 | AS2: 事業所名（ | AT2: ○○○○ | BJ2: ）
BD3: (1) | BE3: ４週
BD4: (2) | BE4: 予定
AO6: (3) 事業所における常勤の従業者が勤務すべき時間数 | BA6: 40 | BC6: 時間/週 | BE6: 160 | BG6: 時間/月
BB8: 当月の日数 | BE8: =DAY(EOMONTH(DATE(AF2,AJ2,1),0)) -> 30 | BG8: 日
AS10: (4) 利用者数 | BC10: （前年度の平均値または推定数） | BG10: 人
B12: No | C12: (5) 職種 | I12: (6) 勤務 形態 | K12: (7) 資格 | O12: (8) 氏 名 | W12: (9) | BB12: =IF(BE3="４週","(10)1～4週目の勤務時間数合計","(10)1か月の勤務時間数 合計") -> (10)1～4週目の勤務時間数合計 | BD12: (11) 週平均 勤務時間数 | BF12: (12) 兼務状況 （兼務先/兼務する職務の内容）等
W13: 1週目 | AD13: 2週目 | AK13: 3週目 | AR13: 4週目 | AY13: 5週目
W14: 1 | X14: 2 | Y14: 3 | Z14: 4 | AA14: 5 | AB14: 6 | AC14: 7 | AD14: 8 | AE14: 9 | AF14: 10 | AG14: 11 | AH14: 12 | AI14: 13 | AJ14: 14 | AK14: 15 | AL14: 16 | AM14: 17 | AN14: 18 | AO14: 19 | AP14: 20 | AQ14: 21 | AR14: 22 | AS14: 23 | AT14: 24 | AU14: 25 | AV14: 26 | AW14: 27 | AX14: 28 | AY14: =IF($BE$3="実績",IF(DAY(DATE($AF$2,$AJ$2,29))=29,29,""),"") | AZ14: =IF($BE$3="実績",IF(DAY(DATE($AF$2,$AJ$2,30))=30,30,""),"") | BA14: =IF($BE$3="実績",IF(DAY(DATE($AF$2,$AJ$2,31))=31,31,""),"")
W15: =WEEKDAY(DATE($AF$2,$AJ$2,1)) -> 3 | X15: =WEEKDAY(DATE($AF$2,$AJ$2,2)) -> 4 | Y15: =WEEKDAY(DATE($AF$2,$AJ$2,3)) -> 5 | Z15: =WEEKDAY(DATE($AF$2,$AJ$2,4)) -> 6 | AA15: =WEEKDAY(DATE($AF$2,$AJ$2,5)) -> 7 | AB15: =WEEKDAY(DATE($AF$2,$AJ$2,6)) -> 1 | AC15: =WEEKDAY(DATE($AF$2,$AJ$2,7)) -> 2 | AD15: =WEEKDAY(DATE($AF$2,$AJ$2,8)) -> 3 | AE15: =WEEKDAY(DATE($AF$2,$AJ$2,9)) -> 4 | AF15: =WEEKDAY(DATE($AF$2,$AJ$2,10)) -> 5 | AG15: =WEEKDAY(DATE($AF$2,$AJ$2,11)) -> 6 | AH15: =WEEKDAY(DATE($AF$2,$AJ$2,12)) -> 7 | AI15: =WEEKDAY(DATE($AF$2,$AJ$2,13)) -> 1 | AJ15: =WEEKDAY(DATE($AF$2,$AJ$2,14)) -> 2 | AK15: =WEEKDAY(DATE($AF$2,$AJ$2,15)) -> 3 | AL15: =WEEKDAY(DATE($AF$2,$AJ$2,16)) -> 4 | AM15: =WEEKDAY(DATE($AF$2,$AJ$2,17)) -> 5 | AN15: =WEEKDAY(DATE($AF$2,$AJ$2,18)) -> 6 | AO15: =WEEKDAY(DATE($AF$2,$AJ$2,19)) -> 7 | AP15: =WEEKDAY(DATE($AF$2,$AJ$2,20)) -> 1 | AQ15: =WEEKDAY(DATE($AF$2,$AJ$2,21)) -> 2 | AR15: =WEEKDAY(DATE($AF$2,$AJ$2,22)) -> 3 | AS15: =WEEKDAY(DATE($AF$2,$AJ$2,23)) -> 4 | AT15: =WEEKDAY(DATE($AF$2,$AJ$2,24)) -> 5 | AU15: =WEEKDAY(DATE($AF$2,$AJ$2,25)) -> 6 | AV15: =WEEKDAY(DATE($AF$2,$AJ$2,26)) -> 7 | AW15: =WEEKDAY(DATE($AF$2,$AJ$2,27)) -> 1 | AX15: =WEEKDAY(DATE($AF$2,$AJ$2,28)) -> 2 | AY15: =IF(AY14=29,WEEKDAY(DATE($AF$2,$AJ$2,29)),0) -> 0 | AZ15: =IF(AZ14=30,WEEKDAY(DATE($AF$2,$AJ$2,30)),0) -> 0 | BA15: =IF(BA14=31,WEEKDAY(DATE($AF$2,$AJ$2,31)),0) -> 0
W16: =IF(W15=1,"日",IF(W15=2,"月",IF(W15=3,"火",IF(W15=4,"水",IF(W15=5,"木",IF(W15=6,"金","土")))))) -> 火 | X16: =IF(X15=1,"日",IF(X15=2,"月",IF(X15=3,"火",IF(X15=4,"水",IF(X15=5,"木",IF(X15=6,"金","土")))))) -> 水 | Y16: =IF(Y15=1,"日",IF(Y15=2,"月",IF(Y15=3,"火",IF(Y15=4,"水",IF(Y15=5,"木",IF(Y15=6,"金","土")))))) -> 木 | Z16: =IF(Z15=1,"日",IF(Z15=2,"月",IF(Z15=3,"火",IF(Z15=4,"水",IF(Z15=5,"木",IF(Z15=6,"金","土")))))) -> 金 | AA16: =IF(AA15=1,"日",IF(AA15=2,"月",IF(AA15=3,"火",IF(AA15=4,"水",IF(AA15=5,"木",IF(AA15=6,"金","土")))))) -> 土 | AB16: =IF(AB15=1,"日",IF(AB15=2,"月",IF(AB15=3,"火",IF(AB15=4,"水",IF(AB15=5,"木",IF(AB15=6,"金","土")))))) -> 日 | AC16: =IF(AC15=1,"日",IF(AC15=2,"月",IF(AC15=3,"火",IF(AC15=4,"水",IF(AC15=5,"木",IF(AC15=6,"金","土")))))) -> 月 | AD16: =IF(AD15=1,"日",IF(AD15=2,"月",IF(AD15=3,"火",IF(AD15=4,"水",IF(AD15=5,"木",IF(AD15=6,"金","土")))))) -> 火 | ... AX16: =IF(AX15=1,"日",IF(AX15=2,"月",IF(AX15=3,"火",IF(AX15=4,"水",IF(AX15=5,"木",IF(AX15=6,"金","土")))))) -> 月 | AY16: =IF(AY15=1,"日",IF(AY15=2,"月",IF(AY15=3,"火",IF(AY15=4,"水",IF(AY15=5,"木",IF(AY15=6,"金",IF(AY15=0,"","土"))))))) | AZ16: =IF(AZ15=1,"日",IF(AZ15=2,"月",IF(AZ15=3,"火",IF(AZ15=4,"水",IF(AZ15=5,"木",IF(AZ15=6,"金",IF(AZ15=0,"","土"))))))) | BA16: =IF(BA15=1,"日",IF(BA15=2,"月",IF(BA15=3,"火",IF(BA15=4,"水",IF(BA15=5,"木",IF(BA15=6,"金",IF(BA15=0,"","土")))))))
B17: =B15+1 -> 1 | T17: シフト記号
F18: =C17 -> 0 | H18: =I17 -> 0 | T18: 勤務時間数 | W18: =IF(W17="","",VLOOKUP(W17,シフト記号表!$C$6:$L$47,10,FALSE)) | X18: =IF(X17="","",VLOOKUP(X17,シフト記号表!$C$6:$L$47,10,FALSE)) | Y18: =IF(Y17="","",VLOOKUP(Y17,シフト記号表!$C$6:$L$47,10,FALSE)) | Z18: =IF(Z17="","",VLOOKUP(Z17,シフト記号表!$C$6:$L$47,10,FALSE)) | AA18: =IF(AA17="","",VLOOKUP(AA17,シフト記号表!$C$6:$L$47,10,FALSE)) | AB18: =IF(AB17="","",VLOOKUP(AB17,シフト記号表!$C$6:$L$47,10,FALSE)) | AC18: =IF(AC17="","",VLOOKUP(AC17,シフト記号表!$C$6:$L$47,10,FALSE)) | AD18: =IF(AD17="","",VLOOKUP(AD17,シフト記号表!$C$6:$L$47,10,FALSE)) | ... BA18: =IF(BA17="","",VLOOKUP(BA17,シフト記号表!$C$6:$L$47,10,FALSE)) | BB18: =IF($BE$3="４週",SUM(W18:AX18),IF($BE$3="暦月",SUM(W18:BA18),"")) -> 0 | BD18: =IF($BE$3="４週",BB18/4,IF($BE$3="暦月",(BB18/($BE$8/7)),"")) -> 0
B19: =B17+1 -> 2 | T19: シフト記号
F20: =C19 -> 0 | H20: =I19 -> 0 | T20: 勤務時間数 | W20: =IF(W19="","",VLOOKUP(W19,シフト記号表!$C$6:$L$47,10,FALSE)) | X20: =IF(X19="","",VLOOKUP(X19,シフト記号表!$C$6:$L$47,10,FALSE)) | Y20: =IF(Y19="","",VLOOKUP(Y19,シフト記号表!$C$6:$L$47,10,FALSE)) | Z20: =IF(Z19="","",VLOOKUP(Z19,シフト記号表!$C$6:$L$47,10,FALSE)) | AA20: =IF(AA19="","",VLOOKUP(AA19,シフト記号表!$C$6:$L$47,10,FALSE)) | AB20: =IF(AB19="","",VLOOKUP(AB19,シフト記号表!$C$6:$L$47,10,FALSE)) | AC20: =IF(AC19="","",VLOOKUP(AC19,シフト記号表!$C$6:$L$47,10,FALSE)) | AD20: =IF(AD19="","",VLOOKUP(AD19,シフト記号表!$C$6:$L$47,10,FALSE)) | ... BA20: =IF(BA19="","",VLOOKUP(BA19,シフト記号表!$C$6:$L$47,10,FALSE)) | BB20: =IF($BE$3="４週",SUM(W20:AX20),IF($BE$3="暦月",SUM(W20:BA20),"")) -> 0 | BD20: =IF($BE$3="４週",BB20/4,IF($BE$3="暦月",(BB20/($BE$8/7)),"")) -> 0
B21: =B19+1 -> 3 | T21: シフト記号
F22: =C21 -> 0 | H22: =I21 -> 0 | T22: 勤務時間数 | W22: =IF(W21="","",VLOOKUP(W21,シフト記号表!$C$6:$L$47,10,FALSE)) | X22: =IF(X21="","",VLOOKUP(X21,シフト記号表!$C$6:$L$47,10,FALSE)) | Y22: =IF(Y21="","",VLOOKUP(Y21,シフト記号表!$C$6:$L$47,10,FALSE)) | Z22: =IF(Z21="","",VLOOKUP(Z21,シフト記号表!$C$6:$L$47,10,FALSE)) | AA22: =IF(AA21="","",VLOOKUP(AA21,シフト記号表!$C$6:$L$47,10,FALSE)) | AB22: =IF(AB21="","",VLOOKUP(AB21,シフト記号表!$C$6:$L$47,10,FALSE)) | AC22: =IF(AC21="","",VLOOKUP(AC21,シフト記号表!$C$6:$L$47,10,FALSE)) | AD22: =IF(AD21="","",VLOOKUP(AD21,シフト記号表!$C$6:$L$47,10,FALSE)) | ... BA22: =IF(BA21="","",VLOOKUP(BA21,シフト記号表!$C$6:$L$47,10,FALSE)) | BB22: =IF($BE$3="４週",SUM(W22:AX22),IF($BE$3="暦月",SUM(W22:BA22),"")) -> 0 | BD22: =IF($BE$3="４週",BB22/4,IF($BE$3="暦月",(BB22/($BE$8/7)),"")) -> 0
B23: =B21+1 -> 4 | T23: シフト記号
F24: =C23 -> 0 | H24: =I23 -> 0 | T24: 勤務時間数 | W24: =IF(W23="","",VLOOKUP(W23,シフト記号表!$C$6:$L$47,10,FALSE)) | X24: =IF(X23="","",VLOOKUP(X23,シフト記号表!$C$6:$L$47,10,FALSE)) | Y24: =IF(Y23="","",VLOOKUP(Y23,シフト記号表!$C$6:$L$47,10,FALSE)) | Z24: =IF(Z23="","",VLOOKUP(Z23,シフト記号表!$C$6:$L$47,10,FALSE)) | AA24: =IF(AA23="","",VLOOKUP(AA23,シフト記号表!$C$6:$L$47,10,FALSE)) | AB24: =IF(AB23="","",VLOOKUP(AB23,シフト記号表!$C$6:$L$47,10,FALSE)) | AC24: =IF(AC23="","",VLOOKUP(AC23,シフト記号表!$C$6:$L$47,10,FALSE)) | AD24: =IF(AD23="","",VLOOKUP(AD23,シフト記号表!$C$6:$L$47,10,FALSE)) | ... BA24: =IF(BA23="","",VLOOKUP(BA23,シフト記号表!$C$6:$L$47,10,FALSE)) | BB24: =IF($BE$3="４週",SUM(W24:AX24),IF($BE$3="暦月",SUM(W24:BA24),"")) -> 0 | BD24: =IF($BE$3="４週",BB24/4,IF($BE$3="暦月",(BB24/($BE$8/7)),"")) -> 0
B25: =B23+1 -> 5 | T25: シフト記号
F26: =C25 -> 0 | H26: =I25 -> 0 | T26: 勤務時間数 | W26: =IF(W25="","",VLOOKUP(W25,シフト記号表!$C$6:$L$47,10,FALSE)) | X26: =IF(X25="","",VLOOKUP(X25,シフト記号表!$C$6:$L$47,10,FALSE)) | Y26: =IF(Y25="","",VLOOKUP(Y25,シフト記号表!$C$6:$L$47,10,FALSE)) | Z26: =IF(Z25="","",VLOOKUP(Z25,シフト記号表!$C$6:$L$47,10,FALSE)) | AA26: =IF(AA25="","",VLOOKUP(AA25,シフト記号表!$C$6:$L$47,10,FALSE)) | AB26: =IF(AB25="","",VLOOKUP(AB25,シフト記号表!$C$6:$L$47,10,FALSE)) | AC26: =IF(AC25="","",VLOOKUP(AC25,シフト記号表!$C$6:$L$47,10,FALSE)) | AD26: =IF(AD25="","",VLOOKUP(AD25,シフト記号表!$C$6:$L$47,10,FALSE)) | ... BA26: =IF(BA25="","",VLOOKUP(BA25,シフト記号表!$C$6:$L$47,10,FALSE)) | BB26: =IF($BE$3="４週",SUM(W26:AX26),IF($BE$3="暦月",SUM(W26:BA26),"")) -> 0 | BD26: =IF($BE$3="４週",BB26/4,IF($BE$3="暦月",(BB26/($BE$8/7)),"")) -> 0
B27: =B25+1 -> 6 | T27: シフト記号
F28: =C27 -> 0 | H28: =I27 -> 0 | T28: 勤務時間数 | W28: =IF(W27="","",VLOOKUP(W27,シフト記号表!$C$6:$L$47,10,FALSE)) | X28: =IF(X27="","",VLOOKUP(X27,シフト記号表!$C$6:$L$47,10,FALSE)) | Y28: =IF(Y27="","",VLOOKUP(Y27,シフト記号表!$C$6:$L$47,10,FALSE)) | Z28: =IF(Z27="","",VLOOKUP(Z27,シフト記号表!$C$6:$L$47,10,FALSE)) | AA28: =IF(AA27="","",VLOOKUP(AA27,シフト記号表!$C$6:$L$47,10,FALSE)) | AB28: =IF(AB27="","",VLOOKUP(AB27,シフト記号表!$C$6:$L$47,10,FALSE)) | AC28: =IF(AC27="","",VLOOKUP(AC27,シフト記号表!$C$6:$L$47,10,FALSE)) | AD28: =IF(AD27="","",VLOOKUP(AD27,シフト記号表!$C$6:$L$47,10,FALSE)) | ... BA28: =IF(BA27="","",VLOOKUP(BA27,シフト記号表!$C$6:$L$47,10,FALSE)) | BB28: =IF($BE$3="４週",SUM(W28:AX28),IF($BE$3="暦月",SUM(W28:BA28),"")) -> 0 | BD28: =IF($BE$3="４週",BB28/4,IF($BE$3="暦月",(BB28/($BE$8/7)),"")) -> 0
B29: =B27+1 -> 7 | T29: シフト記号
F30: =C29 -> 0 | H30: =I29 -> 0 | T30: 勤務時間数 | W30: =IF(W29="","",VLOOKUP(W29,シフト記号表!$C$6:$L$47,10,FALSE)) | X30: =IF(X29="","",VLOOKUP(X29,シフト記号表!$C$6:$L$47,10,FALSE)) | Y30: =IF(Y29="","",VLOOKUP(Y29,シフト記号表!$C$6:$L$47,10,FALSE)) | Z30: =IF(Z29="","",VLOOKUP(Z29,シフト記号表!$C$6:$L$47,10,FALSE)) | AA30: =IF(AA29="","",VLOOKUP(AA29,シフト記号表!$C$6:$L$47,10,FALSE)) | AB30: =IF(AB29="","",VLOOKUP(AB29,シフト記号表!$C$6:$L$47,10,FALSE)) | AC30: =IF(AC29="","",VLOOKUP(AC29,シフト記号表!$C$6:$L$47,10,FALSE)) | AD30: =IF(AD29="","",VLOOKUP(AD29,シフト記号表!$C$6:$L$47,10,FALSE)) | ... BA30: =IF(BA29="","",VLOOKUP(BA29,シフト記号表!$C$6:$L$47,10,FALSE)) | BB30: =IF($BE$3="４週",SUM(W30:AX30),IF($BE$3="暦月",SUM(W30:BA30),"")) -> 0 | BD30: =IF($BE$3="４週",BB30/4,IF($BE$3="暦月",(BB30/($BE$8/7)),"")) -> 0
B31: =B29+1 -> 8 | T31: シフト記号
F32: =C31 -> 0 | H32: =I31 -> 0 | T32: 勤務時間数 | W32: =IF(W31="","",VLOOKUP(W31,シフト記号表!$C$6:$L$47,10,FALSE)) | X32: =IF(X31="","",VLOOKUP(X31,シフト記号表!$C$6:$L$47,10,FALSE)) | Y32: =IF(Y31="","",VLOOKUP(Y31,シフト記号表!$C$6:$L$47,10,FALSE)) | Z32: =IF(Z31="","",VLOOKUP(Z31,シフト記号表!$C$6:$L$47,10,FALSE)) | AA32: =IF(AA31="","",VLOOKUP(AA31,シフト記号表!$C$6:$L$47,10,FALSE)) | AB32: =IF(AB31="","",VLOOKUP(AB31,シフト記号表!$C$6:$L$47,10,FALSE)) | AC32: =IF(AC31="","",VLOOKUP(AC31,シフト記号表!$C$6:$L$47,10,FALSE)) | AD32: =IF(AD31="","",VLOOKUP(AD31,シフト記号表!$C$6:$L$47,10,FALSE)) | ... BA32: =IF(BA31="","",VLOOKUP(BA31,シフト記号表!$C$6:$L$47,10,FALSE)) | BB32: =IF($BE$3="４週",SUM(W32:AX32),IF($BE$3="暦月",SUM(W32:BA32),"")) -> 0 | BD32: =IF($BE$3="４週",BB32/4,IF($BE$3="暦月",(BB32/($BE$8/7)),"")) -> 0
B33: =B31+1 -> 9 | T33: シフト記号
F34: =C33 -> 0 | H34: =I33 -> 0 | T34: 勤務時間数 | W34: =IF(W33="","",VLOOKUP(W33,シフト記号表!$C$6:$L$47,10,FALSE)) | X34: =IF(X33="","",VLOOKUP(X33,シフト記号表!$C$6:$L$47,10,FALSE)) | Y34: =IF(Y33="","",VLOOKUP(Y33,シフト記号表!$C$6:$L$47,10,FALSE)) | Z34: =IF(Z33="","",VLOOKUP(Z33,シフト記号表!$C$6:$L$47,10,FALSE)) | AA34: =IF(AA33="","",VLOOKUP(AA33,シフト記号表!$C$6:$L$47,10,FALSE)) | AB34: =IF(AB33="","",VLOOKUP(AB33,シフト記号表!$C$6:$L$47,10,FALSE)) | AC34: =IF(AC33="","",VLOOKUP(AC33,シフト記号表!$C$6:$L$47,10,FALSE)) | AD34: =IF(AD33="","",VLOOKUP(AD33,シフト記号表!$C$6:$L$47,10,FALSE)) | ... BA34: =IF(BA33="","",VLOOKUP(BA33,シフト記号表!$C$6:$L$47,10,FALSE)) | BB34: =IF($BE$3="４週",SUM(W34:AX34),IF($BE$3="暦月",SUM(W34:BA34),"")) -> 0 | BD34: =IF($BE$3="４週",BB34/4,IF($BE$3="暦月",(BB34/($BE$8/7)),"")) -> 0
B35: =B33+1 -> 10 | T35: シフト記号
F36: =C35 -> 0 | H36: =I35 -> 0 | T36: 勤務時間数 | W36: =IF(W35="","",VLOOKUP(W35,シフト記号表!$C$6:$L$47,10,FALSE)) | X36: =IF(X35="","",VLOOKUP(X35,シフト記号表!$C$6:$L$47,10,FALSE)) | Y36: =IF(Y35="","",VLOOKUP(Y35,シフト記号表!$C$6:$L$47,10,FALSE)) | Z36: =IF(Z35="","",VLOOKUP(Z35,シフト記号表!$C$6:$L$47,10,FALSE)) | AA36: =IF(AA35="","",VLOOKUP(AA35,シフト記号表!$C$6:$L$47,10,FALSE)) | AB36: =IF(AB35="","",VLOOKUP(AB35,シフト記号表!$C$6:$L$47,10,FALSE)) | AC36: =IF(AC35="","",VLOOKUP(AC35,シフト記号表!$C$6:$L$47,10,FALSE)) | AD36: =IF(AD35="","",VLOOKUP(AD35,シフト記号表!$C$6:$L$47,10,FALSE)) | ... BA36: =IF(BA35="","",VLOOKUP(BA35,シフト記号表!$C$6:$L$47,10,FALSE)) | BB36: =IF($BE$3="４週",SUM(W36:AX36),IF($BE$3="暦月",SUM(W36:BA36),"")) -> 0 | BD36: =IF($BE$3="４週",BB36/4,IF($BE$3="暦月",(BB36/($BE$8/7)),"")) -> 0
B37: =B35+1 -> 11 | T37: シフト記号
F38: =C37 -> 0 | H38: =I37 -> 0 | T38: 勤務時間数 | W38: =IF(W37="","",VLOOKUP(W37,シフト記号表!$C$6:$L$47,10,FALSE)) | X38: =IF(X37="","",VLOOKUP(X37,シフト記号表!$C$6:$L$47,10,FALSE)) | Y38: =IF(Y37="","",VLOOKUP(Y37,シフト記号表!$C$6:$L$47,10,FALSE)) | Z38: =IF(Z37="","",VLOOKUP(Z37,シフト記号表!$C$6:$L$47,10,FALSE)) | AA38: =IF(AA37="","",VLOOKUP(AA37,シフト記号表!$C$6:$L$47,10,FALSE)) | AB38: =IF(AB37="","",VLOOKUP(AB37,シフト記号表!$C$6:$L$47,10,FALSE)) | AC38: =IF(AC37="","",VLOOKUP(AC37,シフト記号表!$C$6:$L$47,10,FALSE)) | AD38: =IF(AD37="","",VLOOKUP(AD37,シフト記号表!$C$6:$L$47,10,FALSE)) | ... BA38: =IF(BA37="","",VLOOKUP(BA37,シフト記号表!$C$6:$L$47,10,FALSE)) | BB38: =IF($BE$3="４週",SUM(W38:AX38),IF($BE$3="暦月",SUM(W38:BA38),"")) -> 0 | BD38: =IF($BE$3="４週",BB38/4,IF($BE$3="暦月",(BB38/($BE$8/7)),"")) -> 0
B39: =B37+1 -> 12 | T39: シフト記号
F40: =C39 -> 0 | H40: =I39 -> 0 | T40: 勤務時間数 | W40: =IF(W39="","",VLOOKUP(W39,シフト記号表!$C$6:$L$47,10,FALSE)) | X40: =IF(X39="","",VLOOKUP(X39,シフト記号表!$C$6:$L$47,10,FALSE)) | Y40: =IF(Y39="","",VLOOKUP(Y39,シフト記号表!$C$6:$L$47,10,FALSE)) | Z40: =IF(Z39="","",VLOOKUP(Z39,シフト記号表!$C$6:$L$47,10,FALSE)) | AA40: =IF(AA39="","",VLOOKUP(AA39,シフト記号表!$C$6:$L$47,10,FALSE)) | AB40: =IF(AB39="","",VLOOKUP(AB39,シフト記号表!$C$6:$L$47,10,FALSE)) | AC40: =IF(AC39="","",VLOOKUP(AC39,シフト記号表!$C$6:$L$47,10,FALSE)) | AD40: =IF(AD39="","",VLOOKUP(AD39,シフト記号表!$C$6:$L$47,10,FALSE)) | ... BA40: =IF(BA39="","",VLOOKUP(BA39,シフト記号表!$C$6:$L$47,10,FALSE)) | BB40: =IF($BE$3="４週",SUM(W40:AX40),IF($BE$3="暦月",SUM(W40:BA40),"")) -> 0 | BD40: =IF($BE$3="４週",BB40/4,IF($BE$3="暦月",(BB40/($BE$8/7)),"")) -> 0
B41: =B39+1 -> 13 | T41: シフト記号
F42: =C41 -> 0 | H42: =I41 -> 0 | T42: 勤務時間数 | W42: =IF(W41="","",VLOOKUP(W41,シフト記号表!$C$6:$L$47,10,FALSE)) | X42: =IF(X41="","",VLOOKUP(X41,シフト記号表!$C$6:$L$47,10,FALSE)) | Y42: =IF(Y41="","",VLOOKUP(Y41,シフト記号表!$C$6:$L$47,10,FALSE)) | Z42: =IF(Z41="","",VLOOKUP(Z41,シフト記号表!$C$6:$L$47,10,FALSE)) | AA42: =IF(AA41="","",VLOOKUP(AA41,シフト記号表!$C$6:$L$47,10,FALSE)) | AB42: =IF(AB41="","",VLOOKUP(AB41,シフト記号表!$C$6:$L$47,10,FALSE)) | AC42: =IF(AC41="","",VLOOKUP(AC41,シフト記号表!$C$6:$L$47,10,FALSE)) | AD42: =IF(AD41="","",VLOOKUP(AD41,シフト記号表!$C$6:$L$47,10,FALSE)) | ... BA42: =IF(BA41="","",VLOOKUP(BA41,シフト記号表!$C$6:$L$47,10,FALSE)) | BB42: =IF($BE$3="４週",SUM(W42:AX42),IF($BE$3="暦月",SUM(W42:BA42),"")) -> 0 | BD42: =IF($BE$3="４週",BB42/4,IF($BE$3="暦月",(BB42/($BE$8/7)),"")) -> 0
B43: =B41+1 -> 14 | T43: シフト記号
F44: =C43 -> 0 | H44: =I43 -> 0 | T44: 勤務時間数 | W44: =IF(W43="","",VLOOKUP(W43,シフト記号表!$C$6:$L$47,10,FALSE)) | X44: =IF(X43="","",VLOOKUP(X43,シフト記号表!$C$6:$L$47,10,FALSE)) | Y44: =IF(Y43="","",VLOOKUP(Y43,シフト記号表!$C$6:$L$47,10,FALSE)) | Z44: =IF(Z43="","",VLOOKUP(Z43,シフト記号表!$C$6:$L$47,10,FALSE)) | AA44: =IF(AA43="","",VLOOKUP(AA43,シフト記号表!$C$6:$L$47,10,FALSE)) | AB44: =IF(AB43="","",VLOOKUP(AB43,シフト記号表!$C$6:$L$47,10,FALSE)) | AC44: =IF(AC43="","",VLOOKUP(AC43,シフト記号表!$C$6:$L$47,10,FALSE)) | AD44: =IF(AD43="","",VLOOKUP(AD43,シフト記号表!$C$6:$L$47,10,FALSE)) | ... BA44: =IF(BA43="","",VLOOKUP(BA43,シフト記号表!$C$6:$L$47,10,FALSE)) | BB44: =IF($BE$3="４週",SUM(W44:AX44),IF($BE$3="暦月",SUM(W44:BA44),"")) -> 0 | BD44: =IF($BE$3="４週",BB44/4,IF($BE$3="暦月",(BB44/($BE$8/7)),"")) -> 0
B45: =B43+1 -> 15 | T45: シフト記号
F46: =C45 -> 0 | H46: =I45 -> 0 | T46: 勤務時間数 | W46: =IF(W45="","",VLOOKUP(W45,シフト記号表!$C$6:$L$47,10,FALSE)) | X46: =IF(X45="","",VLOOKUP(X45,シフト記号表!$C$6:$L$47,10,FALSE)) | Y46: =IF(Y45="","",VLOOKUP(Y45,シフト記号表!$C$6:$L$47,10,FALSE)) | Z46: =IF(Z45="","",VLOOKUP(Z45,シフト記号表!$C$6:$L$47,10,FALSE)) | AA46: =IF(AA45="","",VLOOKUP(AA45,シフト記号表!$C$6:$L$47,10,FALSE)) | AB46: =IF(AB45="","",VLOOKUP(AB45,シフト記号表!$C$6:$L$47,10,FALSE)) | AC46: =IF(AC45="","",VLOOKUP(AC45,シフト記号表!$C$6:$L$47,10,FALSE)) | AD46: =IF(AD45="","",VLOOKUP(AD45,シフト記号表!$C$6:$L$47,10,FALSE)) | ... BA46: =IF(BA45="","",VLOOKUP(BA45,シフト記号表!$C$6:$L$47,10,FALSE)) | BB46: =IF($BE$3="４週",SUM(W46:AX46),IF($BE$3="暦月",SUM(W46:BA46),"")) -> 0 | BD46: =IF($BE$3="４週",BB46/4,IF($BE$3="暦月",(BB46/($BE$8/7)),"")) -> 0
B47: =B45+1 -> 16 | T47: シフト記号
F48: =C47 -> 0 | H48: =I47 -> 0 | T48: 勤務時間数 | W48: =IF(W47="","",VLOOKUP(W47,シフト記号表!$C$6:$L$47,10,FALSE)) | X48: =IF(X47="","",VLOOKUP(X47,シフト記号表!$C$6:$L$47,10,FALSE)) | Y48: =IF(Y47="","",VLOOKUP(Y47,シフト記号表!$C$6:$L$47,10,FALSE)) | Z48: =IF(Z47="","",VLOOKUP(Z47,シフト記号表!$C$6:$L$47,10,FALSE)) | AA48: =IF(AA47="","",VLOOKUP(AA47,シフト記号表!$C$6:$L$47,10,FALSE)) | AB48: =IF(AB47="","",VLOOKUP(AB47,シフト記号表!$C$6:$L$47,10,FALSE)) | AC48: =IF(AC47="","",VLOOKUP(AC47,シフト記号表!$C$6:$L$47,10,FALSE)) | AD48: =IF(AD47="","",VLOOKUP(AD47,シフト記号表!$C$6:$L$47,10,FALSE)) | ... BA48: =IF(BA47="","",VLOOKUP(BA47,シフト記号表!$C$6:$L$47,10,FALSE)) | BB48: =IF($BE$3="４週",SUM(W48:AX48),IF($BE$3="暦月",SUM(W48:BA48),"")) -> 0 | BD48: =IF($BE$3="４週",BB48/4,IF($BE$3="暦月",(BB48/($BE$8/7)),"")) -> 0
B49: =B47+1 -> 17 | T49: シフト記号
F50: =C49 -> 0 | H50: =I49 -> 0 | T50: 勤務時間数 | W50: =IF(W49="","",VLOOKUP(W49,シフト記号表!$C$6:$L$47,10,FALSE)) | X50: =IF(X49="","",VLOOKUP(X49,シフト記号表!$C$6:$L$47,10,FALSE)) | Y50: =IF(Y49="","",VLOOKUP(Y49,シフト記号表!$C$6:$L$47,10,FALSE)) | Z50: =IF(Z49="","",VLOOKUP(Z49,シフト記号表!$C$6:$L$47,10,FALSE)) | AA50: =IF(AA49="","",VLOOKUP(AA49,シフト記号表!$C$6:$L$47,10,FALSE)) | AB50: =IF(AB49="","",VLOOKUP(AB49,シフト記号表!$C$6:$L$47,10,FALSE)) | AC50: =IF(AC49="","",VLOOKUP(AC49,シフト記号表!$C$6:$L$47,10,FALSE)) | AD50: =IF(AD49="","",VLOOKUP(AD49,シフト記号表!$C$6:$L$47,10,FALSE)) | ... BA50: =IF(BA49="","",VLOOKUP(BA49,シフト記号表!$C$6:$L$47,10,FALSE)) | BB50: =IF($BE$3="４週",SUM(W50:AX50),IF($BE$3="暦月",SUM(W50:BA50),"")) -> 0 | BD50: =IF($BE$3="４週",BB50/4,IF($BE$3="暦月",(BB50/($BE$8/7)),"")) -> 0
B51: =B49+1 -> 18 | T51: シフト記号
F52: =C51 -> 0 | H52: =I51 -> 0 | T52: 勤務時間数 | W52: =IF(W51="","",VLOOKUP(W51,シフト記号表!$C$6:$L$47,10,FALSE)) | X52: =IF(X51="","",VLOOKUP(X51,シフト記号表!$C$6:$L$47,10,FALSE)) | Y52: =IF(Y51="","",VLOOKUP(Y51,シフト記号表!$C$6:$L$47,10,FALSE)) | Z52: =IF(Z51="","",VLOOKUP(Z51,シフト記号表!$C$6:$L$47,10,FALSE)) | AA52: =IF(AA51="","",VLOOKUP(AA51,シフト記号表!$C$6:$L$47,10,FALSE)) | AB52: =IF(AB51="","",VLOOKUP(AB51,シフト記号表!$C$6:$L$47,10,FALSE)) | AC52: =IF(AC51="","",VLOOKUP(AC51,シフト記号表!$C$6:$L$47,10,FALSE)) | AD52: =IF(AD51="","",VLOOKUP(AD51,シフト記号表!$C$6:$L$47,10,FALSE)) | ... BA52: =IF(BA51="","",VLOOKUP(BA51,シフト記号表!$C$6:$L$47,10,FALSE)) | BB52: =IF($BE$3="４週",SUM(W52:AX52),IF($BE$3="暦月",SUM(W52:BA52),"")) -> 0 | BD52: =IF($BE$3="４週",BB52/4,IF($BE$3="暦月",(BB52/($BE$8/7)),"")) -> 0
B53: =B51+1 -> 19 | T53: シフト記号
F54: =C53 -> 0 | H54: =I53 -> 0 | T54: 勤務時間数 | W54: =IF(W53="","",VLOOKUP(W53,シフト記号表!$C$6:$L$47,10,FALSE)) | X54: =IF(X53="","",VLOOKUP(X53,シフト記号表!$C$6:$L$47,10,FALSE)) | Y54: =IF(Y53="","",VLOOKUP(Y53,シフト記号表!$C$6:$L$47,10,FALSE)) | Z54: =IF(Z53="","",VLOOKUP(Z53,シフト記号表!$C$6:$L$47,10,FALSE)) | AA54: =IF(AA53="","",VLOOKUP(AA53,シフト記号表!$C$6:$L$47,10,FALSE)) | AB54: =IF(AB53="","",VLOOKUP(AB53,シフト記号表!$C$6:$L$47,10,FALSE)) | AC54: =IF(AC53="","",VLOOKUP(AC53,シフト記号表!$C$6:$L$47,10,FALSE)) | AD54: =IF(AD53="","",VLOOKUP(AD53,シフト記号表!$C$6:$L$47,10,FALSE)) | ... BA54: =IF(BA53="","",VLOOKUP(BA53,シフト記号表!$C$6:$L$47,10,FALSE)) | BB54: =IF($BE$3="４週",SUM(W54:AX54),IF($BE$3="暦月",SUM(W54:BA54),"")) -> 0 | BD54: =IF($BE$3="４週",BB54/4,IF($BE$3="暦月",(BB54/($BE$8/7)),"")) -> 0
B55: =B53+1 -> 20 | T55: シフト記号
F56: =C55 -> 0 | H56: =I55 -> 0 | T56: 勤務時間数 | W56: =IF(W55="","",VLOOKUP(W55,シフト記号表!$C$6:$L$47,10,FALSE)) | X56: =IF(X55="","",VLOOKUP(X55,シフト記号表!$C$6:$L$47,10,FALSE)) | Y56: =IF(Y55="","",VLOOKUP(Y55,シフト記号表!$C$6:$L$47,10,FALSE)) | Z56: =IF(Z55="","",VLOOKUP(Z55,シフト記号表!$C$6:$L$47,10,FALSE)) | AA56: =IF(AA55="","",VLOOKUP(AA55,シフト記号表!$C$6:$L$47,10,FALSE)) | AB56: =IF(AB55="","",VLOOKUP(AB55,シフト記号表!$C$6:$L$47,10,FALSE)) | AC56: =IF(AC55="","",VLOOKUP(AC55,シフト記号表!$C$6:$L$47,10,FALSE)) | AD56: =IF(AD55="","",VLOOKUP(AD55,シフト記号表!$C$6:$L$47,10,FALSE)) | ... BA56: =IF(BA55="","",VLOOKUP(BA55,シフト記号表!$C$6:$L$47,10,FALSE)) | BB56: =IF($BE$3="４週",SUM(W56:AX56),IF($BE$3="暦月",SUM(W56:BA56),"")) -> 0 | BD56: =IF($BE$3="４週",BB56/4,IF($BE$3="暦月",(BB56/($BE$8/7)),"")) -> 0
B57: =B55+1 -> 21 | T57: シフト記号
F58: =C57 -> 0 | H58: =I57 -> 0 | T58: 勤務時間数 | W58: =IF(W57="","",VLOOKUP(W57,シフト記号表!$C$6:$L$47,10,FALSE)) | X58: =IF(X57="","",VLOOKUP(X57,シフト記号表!$C$6:$L$47,10,FALSE)) | Y58: =IF(Y57="","",VLOOKUP(Y57,シフト記号表!$C$6:$L$47,10,FALSE)) | Z58: =IF(Z57="","",VLOOKUP(Z57,シフト記号表!$C$6:$L$47,10,FALSE)) | AA58: =IF(AA57="","",VLOOKUP(AA57,シフト記号表!$C$6:$L$47,10,FALSE)) | AB58: =IF(AB57="","",VLOOKUP(AB57,シフト記号表!$C$6:$L$47,10,FALSE)) | AC58: =IF(AC57="","",VLOOKUP(AC57,シフト記号表!$C$6:$L$47,10,FALSE)) | AD58: =IF(AD57="","",VLOOKUP(AD57,シフト記号表!$C$6:$L$47,10,FALSE)) | ... BA58: =IF(BA57="","",VLOOKUP(BA57,シフト記号表!$C$6:$L$47,10,FALSE)) | BB58: =IF($BE$3="４週",SUM(W58:AX58),IF($BE$3="暦月",SUM(W58:BA58),"")) -> 0 | BD58: =IF($BE$3="４週",BB58/4,IF($BE$3="暦月",(BB58/($BE$8/7)),"")) -> 0
B59: =B57+1 -> 22 | T59: シフト記号
F60: =C59 -> 0 | H60: =I59 -> 0 | T60: 勤務時間数 | W60: =IF(W59="","",VLOOKUP(W59,シフト記号表!$C$6:$L$47,10,FALSE)) | X60: =IF(X59="","",VLOOKUP(X59,シフト記号表!$C$6:$L$47,10,FALSE)) | Y60: =IF(Y59="","",VLOOKUP(Y59,シフト記号表!$C$6:$L$47,10,FALSE)) | Z60: =IF(Z59="","",VLOOKUP(Z59,シフト記号表!$C$6:$L$47,10,FALSE)) | AA60: =IF(AA59="","",VLOOKUP(AA59,シフト記号表!$C$6:$L$47,10,FALSE)) | AB60: =IF(AB59="","",VLOOKUP(AB59,シフト記号表!$C$6:$L$47,10,FALSE)) | AC60: =IF(AC59="","",VLOOKUP(AC59,シフト記号表!$C$6:$L$47,10,FALSE)) | AD60: =IF(AD59="","",VLOOKUP(AD59,シフト記号表!$C$6:$L$47,10,FALSE)) | ... BA60: =IF(BA59="","",VLOOKUP(BA59,シフト記号表!$C$6:$L$47,10,FALSE)) | BB60: =IF($BE$3="４週",SUM(W60:AX60),IF($BE$3="暦月",SUM(W60:BA60),"")) -> 0 | BD60: =IF($BE$3="４週",BB60/4,IF($BE$3="暦月",(BB60/($BE$8/7)),"")) -> 0
B61: =B59+1 -> 23 | T61: シフト記号
F62: =C61 -> 0 | H62: =I61 -> 0 | T62: 勤務時間数 | W62: =IF(W61="","",VLOOKUP(W61,シフト記号表!$C$6:$L$47,10,FALSE)) | X62: =IF(X61="","",VLOOKUP(X61,シフト記号表!$C$6:$L$47,10,FALSE)) | Y62: =IF(Y61="","",VLOOKUP(Y61,シフト記号表!$C$6:$L$47,10,FALSE)) | Z62: =IF(Z61="","",VLOOKUP(Z61,シフト記号表!$C$6:$L$47,10,FALSE)) | AA62: =IF(AA61="","",VLOOKUP(AA61,シフト記号表!$C$6:$L$47,10,FALSE)) | AB62: =IF(AB61="","",VLOOKUP(AB61,シフト記号表!$C$6:$L$47,10,FALSE)) | AC62: =IF(AC61="","",VLOOKUP(AC61,シフト記号表!$C$6:$L$47,10,FALSE)) | AD62: =IF(AD61="","",VLOOKUP(AD61,シフト記号表!$C$6:$L$47,10,FALSE)) | ... BA62: =IF(BA61="","",VLOOKUP(BA61,シフト記号表!$C$6:$L$47,10,FALSE)) | BB62: =IF($BE$3="４週",SUM(W62:AX62),IF($BE$3="暦月",SUM(W62:BA62),"")) -> 0 | BD62: =IF($BE$3="４週",BB62/4,IF($BE$3="暦月",(BB62/($BE$8/7)),"")) -> 0
B63: =B61+1 -> 24 | T63: シフト記号
F64: =C63 -> 0 | H64: =I63 -> 0 | T64: 勤務時間数 | W64: =IF(W63="","",VLOOKUP(W63,シフト記号表!$C$6:$L$47,10,FALSE)) | X64: =IF(X63="","",VLOOKUP(X63,シフト記号表!$C$6:$L$47,10,FALSE)) | Y64: =IF(Y63="","",VLOOKUP(Y63,シフト記号表!$C$6:$L$47,10,FALSE)) | Z64: =IF(Z63="","",VLOOKUP(Z63,シフト記号表!$C$6:$L$47,10,FALSE)) | AA64: =IF(AA63="","",VLOOKUP(AA63,シフト記号表!$C$6:$L$47,10,FALSE)) | AB64: =IF(AB63="","",VLOOKUP(AB63,シフト記号表!$C$6:$L$47,10,FALSE)) | AC64: =IF(AC63="","",VLOOKUP(AC63,シフト記号表!$C$6:$L$47,10,FALSE)) | AD64: =IF(AD63="","",VLOOKUP(AD63,シフト記号表!$C$6:$L$47,10,FALSE)) | ... BA64: =IF(BA63="","",VLOOKUP(BA63,シフト記号表!$C$6:$L$47,10,FALSE)) | BB64: =IF($BE$3="４週",SUM(W64:AX64),IF($BE$3="暦月",SUM(W64:BA64),"")) -> 0 | BD64: =IF($BE$3="４週",BB64/4,IF($BE$3="暦月",(BB64/($BE$8/7)),"")) -> 0
B65: =B63+1 -> 25 | T65: シフト記号
F66: =C65 -> 0 | H66: =I65 -> 0 | T66: 勤務時間数 | W66: =IF(W65="","",VLOOKUP(W65,シフト記号表!$C$6:$L$47,10,FALSE)) | X66: =IF(X65="","",VLOOKUP(X65,シフト記号表!$C$6:$L$47,10,FALSE)) | Y66: =IF(Y65="","",VLOOKUP(Y65,シフト記号表!$C$6:$L$47,10,FALSE)) | Z66: =IF(Z65="","",VLOOKUP(Z65,シフト記号表!$C$6:$L$47,10,FALSE)) | AA66: =IF(AA65="","",VLOOKUP(AA65,シフト記号表!$C$6:$L$47,10,FALSE)) | AB66: =IF(AB65="","",VLOOKUP(AB65,シフト記号表!$C$6:$L$47,10,FALSE)) | AC66: =IF(AC65="","",VLOOKUP(AC65,シフト記号表!$C$6:$L$47,10,FALSE)) | AD66: =IF(AD65="","",VLOOKUP(AD65,シフト記号表!$C$6:$L$47,10,FALSE)) | ... BA66: =IF(BA65="","",VLOOKUP(BA65,シフト記号表!$C$6:$L$47,10,FALSE)) | BB66: =IF($BE$3="４週",SUM(W66:AX66),IF($BE$3="暦月",SUM(W66:BA66),"")) -> 0 | BD66: =IF($BE$3="４週",BB66/4,IF($BE$3="暦月",(BB66/($BE$8/7)),"")) -> 0
B67: =B65+1 -> 26 | T67: シフト記号
F68: =C67 -> 0 | H68: =I67 -> 0 | T68: 勤務時間数 | W68: =IF(W67="","",VLOOKUP(W67,シフト記号表!$C$6:$L$47,10,FALSE)) | X68: =IF(X67="","",VLOOKUP(X67,シフト記号表!$C$6:$L$47,10,FALSE)) | Y68: =IF(Y67="","",VLOOKUP(Y67,シフト記号表!$C$6:$L$47,10,FALSE)) | Z68: =IF(Z67="","",VLOOKUP(Z67,シフト記号表!$C$6:$L$47,10,FALSE)) | AA68: =IF(AA67="","",VLOOKUP(AA67,シフト記号表!$C$6:$L$47,10,FALSE)) | AB68: =IF(AB67="","",VLOOKUP(AB67,シフト記号表!$C$6:$L$47,10,FALSE)) | AC68: =IF(AC67="","",VLOOKUP(AC67,シフト記号表!$C$6:$L$47,10,FALSE)) | AD68: =IF(AD67="","",VLOOKUP(AD67,シフト記号表!$C$6:$L$47,10,FALSE)) | ... BA68: =IF(BA67="","",VLOOKUP(BA67,シフト記号表!$C$6:$L$47,10,FALSE)) | BB68: =IF($BE$3="４週",SUM(W68:AX68),IF($BE$3="暦月",SUM(W68:BA68),"")) -> 0 | BD68: =IF($BE$3="４週",BB68/4,IF($BE$3="暦月",(BB68/($BE$8/7)),"")) -> 0
B69: =B67+1 -> 27 | T69: シフト記号
F70: =C69 -> 0 | H70: =I69 -> 0 | T70: 勤務時間数 | W70: =IF(W69="","",VLOOKUP(W69,シフト記号表!$C$6:$L$47,10,FALSE)) | X70: =IF(X69="","",VLOOKUP(X69,シフト記号表!$C$6:$L$47,10,FALSE)) | Y70: =IF(Y69="","",VLOOKUP(Y69,シフト記号表!$C$6:$L$47,10,FALSE)) | Z70: =IF(Z69="","",VLOOKUP(Z69,シフト記号表!$C$6:$L$47,10,FALSE)) | AA70: =IF(AA69="","",VLOOKUP(AA69,シフト記号表!$C$6:$L$47,10,FALSE)) | AB70: =IF(AB69="","",VLOOKUP(AB69,シフト記号表!$C$6:$L$47,10,FALSE)) | AC70: =IF(AC69="","",VLOOKUP(AC69,シフト記号表!$C$6:$L$47,10,FALSE)) | AD70: =IF(AD69="","",VLOOKUP(AD69,シフト記号表!$C$6:$L$47,10,FALSE)) | ... BA70: =IF(BA69="","",VLOOKUP(BA69,シフト記号表!$C$6:$L$47,10,FALSE)) | BB70: =IF($BE$3="４週",SUM(W70:AX70),IF($BE$3="暦月",SUM(W70:BA70),"")) -> 0 | BD70: =IF($BE$3="４週",BB70/4,IF($BE$3="暦月",(BB70/($BE$8/7)),"")) -> 0
B71: =B69+1 -> 28 | T71: シフト記号
F72: =C71 -> 0 | H72: =I71 -> 0 | T72: 勤務時間数 | W72: =IF(W71="","",VLOOKUP(W71,シフト記号表!$C$6:$L$47,10,FALSE)) | X72: =IF(X71="","",VLOOKUP(X71,シフト記号表!$C$6:$L$47,10,FALSE)) | Y72: =IF(Y71="","",VLOOKUP(Y71,シフト記号表!$C$6:$L$47,10,FALSE)) | Z72: =IF(Z71="","",VLOOKUP(Z71,シフト記号表!$C$6:$L$47,10,FALSE)) | AA72: =IF(AA71="","",VLOOKUP(AA71,シフト記号表!$C$6:$L$47,10,FALSE)) | AB72: =IF(AB71="","",VLOOKUP(AB71,シフト記号表!$C$6:$L$47,10,FALSE)) | AC72: =IF(AC71="","",VLOOKUP(AC71,シフト記号表!$C$6:$L$47,10,FALSE)) | AD72: =IF(AD71="","",VLOOKUP(AD71,シフト記号表!$C$6:$L$47,10,FALSE)) | ... BA72: =IF(BA71="","",VLOOKUP(BA71,シフト記号表!$C$6:$L$47,10,FALSE)) | BB72: =IF($BE$3="４週",SUM(W72:AX72),IF($BE$3="暦月",SUM(W72:BA72),"")) -> 0 | BD72: =IF($BE$3="４週",BB72/4,IF($BE$3="暦月",(BB72/($BE$8/7)),"")) -> 0
B73: =B71+1 -> 29 | T73: シフト記号
F74: =C73 -> 0 | H74: =I73 -> 0 | T74: 勤務時間数 | W74: =IF(W73="","",VLOOKUP(W73,シフト記号表!$C$6:$L$47,10,FALSE)) | X74: =IF(X73="","",VLOOKUP(X73,シフト記号表!$C$6:$L$47,10,FALSE)) | Y74: =IF(Y73="","",VLOOKUP(Y73,シフト記号表!$C$6:$L$47,10,FALSE)) | Z74: =IF(Z73="","",VLOOKUP(Z73,シフト記号表!$C$6:$L$47,10,FALSE)) | AA74: =IF(AA73="","",VLOOKUP(AA73,シフト記号表!$C$6:$L$47,10,FALSE)) | AB74: =IF(AB73="","",VLOOKUP(AB73,シフト記号表!$C$6:$L$47,10,FALSE)) | AC74: =IF(AC73="","",VLOOKUP(AC73,シフト記号表!$C$6:$L$47,10,FALSE)) | AD74: =IF(AD73="","",VLOOKUP(AD73,シフト記号表!$C$6:$L$47,10,FALSE)) | ... BA74: =IF(BA73="","",VLOOKUP(BA73,シフト記号表!$C$6:$L$47,10,FALSE)) | BB74: =IF($BE$3="４週",SUM(W74:AX74),IF($BE$3="暦月",SUM(W74:BA74),"")) -> 0 | BD74: =IF($BE$3="４週",BB74/4,IF($BE$3="暦月",(BB74/($BE$8/7)),"")) -> 0
B75: =B73+1 -> 30 | T75: シフト記号
F76: =C75 -> 0 | H76: =I75 -> 0 | T76: 勤務時間数 | W76: =IF(W75="","",VLOOKUP(W75,シフト記号表!$C$6:$L$47,10,FALSE)) | X76: =IF(X75="","",VLOOKUP(X75,シフト記号表!$C$6:$L$47,10,FALSE)) | Y76: =IF(Y75="","",VLOOKUP(Y75,シフト記号表!$C$6:$L$47,10,FALSE)) | Z76: =IF(Z75="","",VLOOKUP(Z75,シフト記号表!$C$6:$L$47,10,FALSE)) | AA76: =IF(AA75="","",VLOOKUP(AA75,シフト記号表!$C$6:$L$47,10,FALSE)) | AB76: =IF(AB75="","",VLOOKUP(AB75,シフト記号表!$C$6:$L$47,10,FALSE)) | AC76: =IF(AC75="","",VLOOKUP(AC75,シフト記号表!$C$6:$L$47,10,FALSE)) | AD76: =IF(AD75="","",VLOOKUP(AD75,シフト記号表!$C$6:$L$47,10,FALSE)) | ... BA76: =IF(BA75="","",VLOOKUP(BA75,シフト記号表!$C$6:$L$47,10,FALSE)) | BB76: =IF($BE$3="４週",SUM(W76:AX76),IF($BE$3="暦月",SUM(W76:BA76),"")) -> 0 | BD76: =IF($BE$3="４週",BB76/4,IF($BE$3="暦月",(BB76/($BE$8/7)),"")) -> 0
B77: =B75+1 -> 31 | T77: シフト記号
F78: =C77 -> 0 | H78: =I77 -> 0 | T78: 勤務時間数 | W78: =IF(W77="","",VLOOKUP(W77,シフト記号表!$C$6:$L$47,10,FALSE)) | X78: =IF(X77="","",VLOOKUP(X77,シフト記号表!$C$6:$L$47,10,FALSE)) | Y78: =IF(Y77="","",VLOOKUP(Y77,シフト記号表!$C$6:$L$47,10,FALSE)) | Z78: =IF(Z77="","",VLOOKUP(Z77,シフト記号表!$C$6:$L$47,10,FALSE)) | AA78: =IF(AA77="","",VLOOKUP(AA77,シフト記号表!$C$6:$L$47,10,FALSE)) | AB78: =IF(AB77="","",VLOOKUP(AB77,シフト記号表!$C$6:$L$47,10,FALSE)) | AC78: =IF(AC77="","",VLOOKUP(AC77,シフト記号表!$C$6:$L$47,10,FALSE)) | AD78: =IF(AD77="","",VLOOKUP(AD77,シフト記号表!$C$6:$L$47,10,FALSE)) | ... BA78: =IF(BA77="","",VLOOKUP(BA77,シフト記号表!$C$6:$L$47,10,FALSE)) | BB78: =IF($BE$3="４週",SUM(W78:AX78),IF($BE$3="暦月",SUM(W78:BA78),"")) -> 0 | BD78: =IF($BE$3="４週",BB78/4,IF($BE$3="暦月",(BB78/($BE$8/7)),"")) -> 0
B79: =B77+1 -> 32 | T79: シフト記号
F80: =C79 -> 0 | H80: =I79 -> 0 | T80: 勤務時間数 | W80: =IF(W79="","",VLOOKUP(W79,シフト記号表!$C$6:$L$47,10,FALSE)) | X80: =IF(X79="","",VLOOKUP(X79,シフト記号表!$C$6:$L$47,10,FALSE)) | Y80: =IF(Y79="","",VLOOKUP(Y79,シフト記号表!$C$6:$L$47,10,FALSE)) | Z80: =IF(Z79="","",VLOOKUP(Z79,シフト記号表!$C$6:$L$47,10,FALSE)) | AA80: =IF(AA79="","",VLOOKUP(AA79,シフト記号表!$C$6:$L$47,10,FALSE)) | AB80: =IF(AB79="","",VLOOKUP(AB79,シフト記号表!$C$6:$L$47,10,FALSE)) | AC80: =IF(AC79="","",VLOOKUP(AC79,シフト記号表!$C$6:$L$47,10,FALSE)) | AD80: =IF(AD79="","",VLOOKUP(AD79,シフト記号表!$C$6:$L$47,10,FALSE)) | ... BA80: =IF(BA79="","",VLOOKUP(BA79,シフト記号表!$C$6:$L$47,10,FALSE)) | BB80: =IF($BE$3="４週",SUM(W80:AX80),IF($BE$3="暦月",SUM(W80:BA80),"")) -> 0 | BD80: =IF($BE$3="４週",BB80/4,IF($BE$3="暦月",(BB80/($BE$8/7)),"")) -> 0
B81: =B79+1 -> 33 | T81: シフト記号
F82: =C81 -> 0 | H82: =I81 -> 0 | T82: 勤務時間数 | W82: =IF(W81="","",VLOOKUP(W81,シフト記号表!$C$6:$L$47,10,FALSE)) | X82: =IF(X81="","",VLOOKUP(X81,シフト記号表!$C$6:$L$47,10,FALSE)) | Y82: =IF(Y81="","",VLOOKUP(Y81,シフト記号表!$C$6:$L$47,10,FALSE)) | Z82: =IF(Z81="","",VLOOKUP(Z81,シフト記号表!$C$6:$L$47,10,FALSE)) | AA82: =IF(AA81="","",VLOOKUP(AA81,シフト記号表!$C$6:$L$47,10,FALSE)) | AB82: =IF(AB81="","",VLOOKUP(AB81,シフト記号表!$C$6:$L$47,10,FALSE)) | AC82: =IF(AC81="","",VLOOKUP(AC81,シフト記号表!$C$6:$L$47,10,FALSE)) | AD82: =IF(AD81="","",VLOOKUP(AD81,シフト記号表!$C$6:$L$47,10,FALSE)) | ... BA82: =IF(BA81="","",VLOOKUP(BA81,シフト記号表!$C$6:$L$47,10,FALSE)) | BB82: =IF($BE$3="４週",SUM(W82:AX82),IF($BE$3="暦月",SUM(W82:BA82),"")) -> 0 | BD82: =IF($BE$3="４週",BB82/4,IF($BE$3="暦月",(BB82/($BE$8/7)),"")) -> 0
B83: =B81+1 -> 34 | T83: シフト記号
F84: =C83 -> 0 | H84: =I83 -> 0 | T84: 勤務時間数 | W84: =IF(W83="","",VLOOKUP(W83,シフト記号表!$C$6:$L$47,10,FALSE)) | X84: =IF(X83="","",VLOOKUP(X83,シフト記号表!$C$6:$L$47,10,FALSE)) | Y84: =IF(Y83="","",VLOOKUP(Y83,シフト記号表!$C$6:$L$47,10,FALSE)) | Z84: =IF(Z83="","",VLOOKUP(Z83,シフト記号表!$C$6:$L$47,10,FALSE)) | AA84: =IF(AA83="","",VLOOKUP(AA83,シフト記号表!$C$6:$L$47,10,FALSE)) | AB84: =IF(AB83="","",VLOOKUP(AB83,シフト記号表!$C$6:$L$47,10,FALSE)) | AC84: =IF(AC83="","",VLOOKUP(AC83,シフト記号表!$C$6:$L$47,10,FALSE)) | AD84: =IF(AD83="","",VLOOKUP(AD83,シフト記号表!$C$6:$L$47,10,FALSE)) | ... BA84: =IF(BA83="","",VLOOKUP(BA83,シフト記号表!$C$6:$L$47,10,FALSE)) | BB84: =IF($BE$3="４週",SUM(W84:AX84),IF($BE$3="暦月",SUM(W84:BA84),"")) -> 0 | BD84: =IF($BE$3="４週",BB84/4,IF($BE$3="暦月",(BB84/($BE$8/7)),"")) -> 0
B85: =B83+1 -> 35 | T85: シフト記号
F86: =C85 -> 0 | H86: =I85 -> 0 | T86: 勤務時間数 | W86: =IF(W85="","",VLOOKUP(W85,シフト記号表!$C$6:$L$47,10,FALSE)) | X86: =IF(X85="","",VLOOKUP(X85,シフト記号表!$C$6:$L$47,10,FALSE)) | Y86: =IF(Y85="","",VLOOKUP(Y85,シフト記号表!$C$6:$L$47,10,FALSE)) | Z86: =IF(Z85="","",VLOOKUP(Z85,シフト記号表!$C$6:$L$47,10,FALSE)) | AA86: =IF(AA85="","",VLOOKUP(AA85,シフト記号表!$C$6:$L$47,10,FALSE)) | AB86: =IF(AB85="","",VLOOKUP(AB85,シフト記号表!$C$6:$L$47,10,FALSE)) | AC86: =IF(AC85="","",VLOOKUP(AC85,シフト記号表!$C$6:$L$47,10,FALSE)) | AD86: =IF(AD85="","",VLOOKUP(AD85,シフト記号表!$C$6:$L$47,10,FALSE)) | ... BA86: =IF(BA85="","",VLOOKUP(BA85,シフト記号表!$C$6:$L$47,10,FALSE)) | BB86: =IF($BE$3="４週",SUM(W86:AX86),IF($BE$3="暦月",SUM(W86:BA86),"")) -> 0 | BD86: =IF($BE$3="４週",BB86/4,IF($BE$3="暦月",(BB86/($BE$8/7)),"")) -> 0
B87: =B85+1 -> 36 | T87: シフト記号
F88: =C87 -> 0 | H88: =I87 -> 0 | T88: 勤務時間数 | W88: =IF(W87="","",VLOOKUP(W87,シフト記号表!$C$6:$L$47,10,FALSE)) | X88: =IF(X87="","",VLOOKUP(X87,シフト記号表!$C$6:$L$47,10,FALSE)) | Y88: =IF(Y87="","",VLOOKUP(Y87,シフト記号表!$C$6:$L$47,10,FALSE)) | Z88: =IF(Z87="","",VLOOKUP(Z87,シフト記号表!$C$6:$L$47,10,FALSE)) | AA88: =IF(AA87="","",VLOOKUP(AA87,シフト記号表!$C$6:$L$47,10,FALSE)) | AB88: =IF(AB87="","",VLOOKUP(AB87,シフト記号表!$C$6:$L$47,10,FALSE)) | AC88: =IF(AC87="","",VLOOKUP(AC87,シフト記号表!$C$6:$L$47,10,FALSE)) | AD88: =IF(AD87="","",VLOOKUP(AD87,シフト記号表!$C$6:$L$47,10,FALSE)) | ... BA88: =IF(BA87="","",VLOOKUP(BA87,シフト記号表!$C$6:$L$47,10,FALSE)) | BB88: =IF($BE$3="４週",SUM(W88:AX88),IF($BE$3="暦月",SUM(W88:BA88),"")) -> 0 | BD88: =IF($BE$3="４週",BB88/4,IF($BE$3="暦月",(BB88/($BE$8/7)),"")) -> 0
B89: =B87+1 -> 37 | T89: シフト記号
F90: =C89 -> 0 | H90: =I89 -> 0 | T90: 勤務時間数 | W90: =IF(W89="","",VLOOKUP(W89,シフト記号表!$C$6:$L$47,10,FALSE)) | X90: =IF(X89="","",VLOOKUP(X89,シフト記号表!$C$6:$L$47,10,FALSE)) | Y90: =IF(Y89="","",VLOOKUP(Y89,シフト記号表!$C$6:$L$47,10,FALSE)) | Z90: =IF(Z89="","",VLOOKUP(Z89,シフト記号表!$C$6:$L$47,10,FALSE)) | AA90: =IF(AA89="","",VLOOKUP(AA89,シフト記号表!$C$6:$L$47,10,FALSE)) | AB90: =IF(AB89="","",VLOOKUP(AB89,シフト記号表!$C$6:$L$47,10,FALSE)) | AC90: =IF(AC89="","",VLOOKUP(AC89,シフト記号表!$C$6:$L$47,10,FALSE)) | AD90: =IF(AD89="","",VLOOKUP(AD89,シフト記号表!$C$6:$L$47,10,FALSE)) | ... BA90: =IF(BA89="","",VLOOKUP(BA89,シフト記号表!$C$6:$L$47,10,FALSE)) | BB90: =IF($BE$3="４週",SUM(W90:AX90),IF($BE$3="暦月",SUM(W90:BA90),"")) -> 0 | BD90: =IF($BE$3="４週",BB90/4,IF($BE$3="暦月",(BB90/($BE$8/7)),"")) -> 0
B91: =B89+1 -> 38 | T91: シフト記号
F92: =C91 -> 0 | H92: =I91 -> 0 | T92: 勤務時間数 | W92: =IF(W91="","",VLOOKUP(W91,シフト記号表!$C$6:$L$47,10,FALSE)) | X92: =IF(X91="","",VLOOKUP(X91,シフト記号表!$C$6:$L$47,10,FALSE)) | Y92: =IF(Y91="","",VLOOKUP(Y91,シフト記号表!$C$6:$L$47,10,FALSE)) | Z92: =IF(Z91="","",VLOOKUP(Z91,シフト記号表!$C$6:$L$47,10,FALSE)) | AA92: =IF(AA91="","",VLOOKUP(AA91,シフト記号表!$C$6:$L$47,10,FALSE)) | AB92: =IF(AB91="","",VLOOKUP(AB91,シフト記号表!$C$6:$L$47,10,FALSE)) | AC92: =IF(AC91="","",VLOOKUP(AC91,シフト記号表!$C$6:$L$47,10,FALSE)) | AD92: =IF(AD91="","",VLOOKUP(AD91,シフト記号表!$C$6:$L$47,10,FALSE)) | ... BA92: =IF(BA91="","",VLOOKUP(BA91,シフト記号表!$C$6:$L$47,10,FALSE)) | BB92: =IF($BE$3="４週",SUM(W92:AX92),IF($BE$3="暦月",SUM(W92:BA92),"")) -> 0 | BD92: =IF($BE$3="４週",BB92/4,IF($BE$3="暦月",(BB92/($BE$8/7)),"")) -> 0
B93: =B91+1 -> 39 | T93: シフト記号
F94: =C93 -> 0 | H94: =I93 -> 0 | T94: 勤務時間数 | W94: =IF(W93="","",VLOOKUP(W93,シフト記号表!$C$6:$L$47,10,FALSE)) | X94: =IF(X93="","",VLOOKUP(X93,シフト記号表!$C$6:$L$47,10,FALSE)) | Y94: =IF(Y93="","",VLOOKUP(Y93,シフト記号表!$C$6:$L$47,10,FALSE)) | Z94: =IF(Z93="","",VLOOKUP(Z93,シフト記号表!$C$6:$L$47,10,FALSE)) | AA94: =IF(AA93="","",VLOOKUP(AA93,シフト記号表!$C$6:$L$47,10,FALSE)) | AB94: =IF(AB93="","",VLOOKUP(AB93,シフト記号表!$C$6:$L$47,10,FALSE)) | AC94: =IF(AC93="","",VLOOKUP(AC93,シフト記号表!$C$6:$L$47,10,FALSE)) | AD94: =IF(AD93="","",VLOOKUP(AD93,シフト記号表!$C$6:$L$47,10,FALSE)) | ... BA94: =IF(BA93="","",VLOOKUP(BA93,シフト記号表!$C$6:$L$47,10,FALSE)) | BB94: =IF($BE$3="４週",SUM(W94:AX94),IF($BE$3="暦月",SUM(W94:BA94),"")) -> 0 | BD94: =IF($BE$3="４週",BB94/4,IF($BE$3="暦月",(BB94/($BE$8/7)),"")) -> 0
B95: =B93+1 -> 40 | T95: シフト記号
F96: =C95 -> 0 | H96: =I95 -> 0 | T96: 勤務時間数 | W96: =IF(W95="","",VLOOKUP(W95,シフト記号表!$C$6:$L$47,10,FALSE)) | X96: =IF(X95="","",VLOOKUP(X95,シフト記号表!$C$6:$L$47,10,FALSE)) | Y96: =IF(Y95="","",VLOOKUP(Y95,シフト記号表!$C$6:$L$47,10,FALSE)) | Z96: =IF(Z95="","",VLOOKUP(Z95,シフト記号表!$C$6:$L$47,10,FALSE)) | AA96: =IF(AA95="","",VLOOKUP(AA95,シフト記号表!$C$6:$L$47,10,FALSE)) | AB96: =IF(AB95="","",VLOOKUP(AB95,シフト記号表!$C$6:$L$47,10,FALSE)) | AC96: =IF(AC95="","",VLOOKUP(AC95,シフト記号表!$C$6:$L$47,10,FALSE)) | AD96: =IF(AD95="","",VLOOKUP(AD95,シフト記号表!$C$6:$L$47,10,FALSE)) | ... BA96: =IF(BA95="","",VLOOKUP(BA95,シフト記号表!$C$6:$L$47,10,FALSE)) | BB96: =IF($BE$3="４週",SUM(W96:AX96),IF($BE$3="暦月",SUM(W96:BA96),"")) -> 0 | BD96: =IF($BE$3="４週",BB96/4,IF($BE$3="暦月",(BB96/($BE$8/7)),"")) -> 0
B97: =B95+1 -> 41 | T97: シフト記号
F98: =C97 -> 0 | H98: =I97 -> 0 | T98: 勤務時間数 | W98: =IF(W97="","",VLOOKUP(W97,シフト記号表!$C$6:$L$47,10,FALSE)) | X98: =IF(X97="","",VLOOKUP(X97,シフト記号表!$C$6:$L$47,10,FALSE)) | Y98: =IF(Y97="","",VLOOKUP(Y97,シフト記号表!$C$6:$L$47,10,FALSE)) | Z98: =IF(Z97="","",VLOOKUP(Z97,シフト記号表!$C$6:$L$47,10,FALSE)) | AA98: =IF(AA97="","",VLOOKUP(AA97,シフト記号表!$C$6:$L$47,10,FALSE)) | AB98: =IF(AB97="","",VLOOKUP(AB97,シフト記号表!$C$6:$L$47,10,FALSE)) | AC98: =IF(AC97="","",VLOOKUP(AC97,シフト記号表!$C$6:$L$47,10,FALSE)) | AD98: =IF(AD97="","",VLOOKUP(AD97,シフト記号表!$C$6:$L$47,10,FALSE)) | ... BA98: =IF(BA97="","",VLOOKUP(BA97,シフト記号表!$C$6:$L$47,10,FALSE)) | BB98: =IF($BE$3="４週",SUM(W98:AX98),IF($BE$3="暦月",SUM(W98:BA98),"")) -> 0 | BD98: =IF($BE$3="４週",BB98/4,IF($BE$3="暦月",(BB98/($BE$8/7)),"")) -> 0
B99: =B97+1 -> 42 | T99: シフト記号
F100: =C99 -> 0 | H100: =I99 -> 0 | T100: 勤務時間数 | W100: =IF(W99="","",VLOOKUP(W99,シフト記号表!$C$6:$L$47,10,FALSE)) | X100: =IF(X99="","",VLOOKUP(X99,シフト記号表!$C$6:$L$47,10,FALSE)) | Y100: =IF(Y99="","",VLOOKUP(Y99,シフト記号表!$C$6:$L$47,10,FALSE)) | Z100: =IF(Z99="","",VLOOKUP(Z99,シフト記号表!$C$6:$L$47,10,FALSE)) | AA100: =IF(AA99="","",VLOOKUP(AA99,シフト記号表!$C$6:$L$47,10,FALSE)) | AB100: =IF(AB99="","",VLOOKUP(AB99,シフト記号表!$C$6:$L$47,10,FALSE)) | AC100: =IF(AC99="","",VLOOKUP(AC99,シフト記号表!$C$6:$L$47,10,FALSE)) | AD100: =IF(AD99="","",VLOOKUP(AD99,シフト記号表!$C$6:$L$47,10,FALSE)) | ... BA100: =IF(BA99="","",VLOOKUP(BA99,シフト記号表!$C$6:$L$47,10,FALSE)) | BB100: =IF($BE$3="４週",SUM(W100:AX100),IF($BE$3="暦月",SUM(W100:BA100),"")) -> 0 | BD100: =IF($BE$3="４週",BB100/4,IF($BE$3="暦月",(BB100/($BE$8/7)),"")) -> 0
B101: =B99+1 -> 43 | T101: シフト記号
F102: =C101 -> 0 | H102: =I101 -> 0 | T102: 勤務時間数 | W102: =IF(W101="","",VLOOKUP(W101,シフト記号表!$C$6:$L$47,10,FALSE)) | X102: =IF(X101="","",VLOOKUP(X101,シフト記号表!$C$6:$L$47,10,FALSE)) | Y102: =IF(Y101="","",VLOOKUP(Y101,シフト記号表!$C$6:$L$47,10,FALSE)) | Z102: =IF(Z101="","",VLOOKUP(Z101,シフト記号表!$C$6:$L$47,10,FALSE)) | AA102: =IF(AA101="","",VLOOKUP(AA101,シフト記号表!$C$6:$L$47,10,FALSE)) | AB102: =IF(AB101="","",VLOOKUP(AB101,シフト記号表!$C$6:$L$47,10,FALSE)) | AC102: =IF(AC101="","",VLOOKUP(AC101,シフト記号表!$C$6:$L$47,10,FALSE)) | AD102: =IF(AD101="","",VLOOKUP(AD101,シフト記号表!$C$6:$L$47,10,FALSE)) | ... BA102: =IF(BA101="","",VLOOKUP(BA101,シフト記号表!$C$6:$L$47,10,FALSE)) | BB102: =IF($BE$3="４週",SUM(W102:AX102),IF($BE$3="暦月",SUM(W102:BA102),"")) -> 0 | BD102: =IF($BE$3="４週",BB102/4,IF($BE$3="暦月",(BB102/($BE$8/7)),"")) -> 0
B103: =B101+1 -> 44 | T103: シフト記号
F104: =C103 -> 0 | H104: =I103 -> 0 | T104: 勤務時間数 | W104: =IF(W103="","",VLOOKUP(W103,シフト記号表!$C$6:$L$47,10,FALSE)) | X104: =IF(X103="","",VLOOKUP(X103,シフト記号表!$C$6:$L$47,10,FALSE)) | Y104: =IF(Y103="","",VLOOKUP(Y103,シフト記号表!$C$6:$L$47,10,FALSE)) | Z104: =IF(Z103="","",VLOOKUP(Z103,シフト記号表!$C$6:$L$47,10,FALSE)) | AA104: =IF(AA103="","",VLOOKUP(AA103,シフト記号表!$C$6:$L$47,10,FALSE)) | AB104: =IF(AB103="","",VLOOKUP(AB103,シフト記号表!$C$6:$L$47,10,FALSE)) | AC104: =IF(AC103="","",VLOOKUP(AC103,シフト記号表!$C$6:$L$47,10,FALSE)) | AD104: =IF(AD103="","",VLOOKUP(AD103,シフト記号表!$C$6:$L$47,10,FALSE)) | ... BA104: =IF(BA103="","",VLOOKUP(BA103,シフト記号表!$C$6:$L$47,10,FALSE)) | BB104: =IF($BE$3="４週",SUM(W104:AX104),IF($BE$3="暦月",SUM(W104:BA104),"")) -> 0 | BD104: =IF($BE$3="４週",BB104/4,IF($BE$3="暦月",(BB104/($BE$8/7)),"")) -> 0
...

Sheet シフト記号表
B1: ≪要 提出≫
B2: ■シフト記号表（勤務時間帯）
B3: ※24時間表記 | F3: 休憩時間1時間は「1:00」、休憩時間45分は「00:45」と入力してください。
F4: 勤務時間 | N4: 自由記載欄
B5: No | C5: 記号 | F5: 始業時刻 | H5: 終業時刻 | J5: うち、休憩時間 | L5: 勤務時間
B6: 1 | C6: a | D6: =C6 -> a | E6: ： | F6: 0.29166667 | G6: ～ | H6: 0.66666667 | I6: （ | J6: 0.041666667 | K6: ） | L6: =IF(OR(F6="",H6=""),"",(H6+IF(F6>H6,1,0)-F6-J6)*24) -> 8
B7: 2 | C7: b | D7: =C7 -> b | E7: ： | G7: ～ | I7: （ | J7: 0 | K7: ） | L7: =IF(OR(F7="",H7=""),"",(H7+IF(F7>H7,1,0)-F7-J7)*24)
B8: 3 | C8: c | D8: =C8 -> c | E8: ： | G8: ～ | I8: （ | J8: 0 | K8: ） | L8: =IF(OR(F8="",H8=""),"",(H8+IF(F8>H8,1,0)-F8-J8)*24)
B9: 4 | C9: d | D9: =C9 -> d | E9: ： | G9: ～ | I9: （ | J9: 0 | K9: ） | L9: =IF(OR(F9="",H9=""),"",(H9+IF(F9>H9,1,0)-F9-J9)*24)
B10: 5 | C10: e | D10: =C10 -> e | E10: ： | G10: ～ | I10: （ | J10: 0 | K10: ） | L10: =IF(OR(F10="",H10=""),"",(H10+IF(F10>H10,1,0)-F10-J10)*24)
B11: 6 | C11: f | D11: =C11 -> f | E11: ： | G11: ～ | I11: （ | J11: 0 | K11: ） | L11: =IF(OR(F11="",H11=""),"",(H11+IF(F11>H11,1,0)-F11-J11)*24)
B12: 7 | C12: g | D12: =C12 -> g | E12: ： | G12: ～ | I12: （ | J12: 0 | K12: ） | L12: =IF(OR(F12="",H12=""),"",(H12+IF(F12>H12,1,0)-F12-J12)*24)
B13: 8 | C13: h | D13: =C13 -> h | E13: ： | G13: ～ | I13: （ | J13: 0 | K13: ） | L13: =IF(OR(F13="",H13=""),"",(H13+IF(F13>H13,1,0)-F13-J13)*24)
B14: 9 | C14: i | D14: =C14 -> i | E14: ： | G14: ～ | I14: （ | J14: 0 | K14: ） | L14: =IF(OR(F14="",H14=""),"",(H14+IF(F14>H14,1,0)-F14-J14)*24)
B15: 10 | C15: j | D15: =C15 -> j | E15: ： | G15: ～ | I15: （ | J15: 0 | K15: ） | L15: =IF(OR(F15="",H15=""),"",(H15+IF(F15>H15,1,0)-F15-J15)*24)
B16: 11 | C16: k | D16: =C16 -> k | E16: ： | G16: ～ | I16: （ | J16: 0 | K16: ） | L16: =IF(OR(F16="",H16=""),"",(H16+IF(F16>H16,1,0)-F16-J16)*24)
B17: 12 | C17: l | D17: =C17 -> l | E17: ： | G17: ～ | I17: （ | J17: 0 | K17: ） | L17: =IF(OR(F17="",H17=""),"",(H17+IF(F17>H17,1,0)-F17-J17)*24)
B18: 13 | C18: m | D18: =C18 -> m | E18: ： | G18: ～ | I18: （ | J18: 0 | K18: ） | L18: =IF(OR(F18="",H18=""),"",(H18+IF(F18>H18,1,0)-F18-J18)*24)
... B22: 17 | C22: q | D22: =C22 -> q | E22: ： | G22: ～ | I22: （ | J22: 0 | K22: ） | L22: =IF(OR(F22="",H22=""),"",(H22+IF(F22>H22,1,0)-F22-J22)*24)
B23: 18 | C23: r | D23: =C23 -> r | E23: ： | G23: ～ | I23: （ | K23: ） | L23: 1
B24: 19 | C24: s | D24: =C24 -> s | E24: ： | G24: ～ | I24: （ | K24: ） | L24: 2
B25: 20 | C25: t | D25: =C25 -> t | E25: ： | G25: ～ | I25: （ | K25: ） | L25: 3
B26: 21 | C26: u | D26: =C26 -> u | E26: ： | G26: ～ | I26: （ | K26: ） | L26: 4
B27: 22 | C27: v | D27: =C27 -> v | E27: ： | G27: ～ | I27: （ | K27: ） | L27: 5
B28: 23 | C28: w | D28: =C28 -> w | E28: ： | G28: ～ | I28: （ | K28: ） | L28: 6
B29: 24 | C29: x | D29: =C29 -> x | E29: ： | G29: ～ | I29: （ | K29: ） | L29: 7
B30: 25 | C30: y | D30: =C30 -> y | E30: ： | G30: ～ | I30: （ | K30: ） | L30: 8
B31: 26 | C31: z | D31: =C31 -> z | E31: ： | G31: ～ | I31: （ | K31: ） | L31: 1
B32: 27 | C32: x | D32: =C32 -> x | E32: ： | G32: ～ | I32: （ | K32: ） | L32: 2
B33: 28 | C33: aa | D33: =C33 -> aa | E33: ： | G33: ～ | I33: （ | K33: ） | L33: 3
B34: 29 | C34: ab | D34: =C34 -> ab | E34: ： | G34: ～ | I34: （ | K34: ） | L34: 4
... B38: 33 | C38: af | D38: =C38 -> af | E38: ： | G38: ～ | I38: （ | K38: ） | L38: 8
B39: 34 | C39: ag | E39: ： | G39: ～ | I39: （ | J39: 0 | K39: ） | L39: =IF(OR(F39="",H39=""),"",(H39+IF(F39>H39,1,0)-F39-J39)*24)
C40: - | E40: ： | G40: ～ | I40: （ | J40: 0 | K40: ） | L40: =IF(OR(F40="",H40=""),"",(H40+IF(F40>H40,1,0)-F40-J40)*24)
C41: - | D41: =C39 -> ag | E41: ： | F41: - | G41: ～ | H41: - | I41: （ | J41: - | K41: ） | L41: =IF(OR(L39="",L40=""),"",L39+L40) | N41: 1日に2回勤務する場合
C42: ah | E42: ： | G42: ～ | I42: （ | J42: 0 | K42: ） | L42: =IF(OR(F42="",H42=""),"",(H42+IF(F42>H42,1,0)-F42-J42)*24)
B43: 35 | C43: - | E43: ： | G43: ～ | I43: （ | J43: 0 | K43: ） | L43: =IF(OR(F43="",H43=""),"",(H43+IF(F43>H43,1,0)-F43-J43)*24)
C44: - | D44: =C42 -> ah | E44: ： | F44: - | G44: ～ | H44: - | I44: （ | J44: - | K44: ） | L44: =IF(OR(L42="",L43=""),"",L42+L43) | N44: 1日に2回勤務する場合
C45: ai | E45: ： | G45: ～ | I45: （ | J45: 0 | K45: ） | L45: =IF(OR(F45="",H45=""),"",(H45+IF(F45>H45,1,0)-F45-J45)*24)
B46: 36 | C46: - | E46: ： | G46: ～ | I46: （ | J46: 0 | K46: ） | L46: =IF(OR(F46="",H46=""),"",(H46+IF(F46>H46,1,0)-F46-J46)*24)
C47: - | D47: =C45 -> ai | E47: ： | F47: - | G47: ～ | H47: - | I47: （ | J47: - | K47: ） | L47: =IF(OR(L45="",L46=""),"",L45+L46) | N47: 1日に2回勤務する場合
C49: ・職種ごとの勤務時間を「○：○○～○：○○」と表記することが困難な場合は、No18～33を活用し、勤務時間数のみを入力してください。
C50: ・No18～33以外は始業時刻・終業時刻・休憩時間等を入力すると勤務時間数が計算されますが、入力の補助を目的とするものですので、結果に誤りがないかご確認ください。
C51: ・シフト記号が足りない場合は、適宜、行を追加してください。
C52: ・シフト記号は、適宜、使いやすい記号に変更していただいて構いません。

Sheet 記入方法
B1: ≪提出不要≫
B2: 従業者の勤務の体制及び勤務形態一覧表 記入方法 （特定施設入居者生活介護）
C4: ・・・直接入力する必要がある箇所です。 | F4: 下記の記入方法に従って、入力してください。
C5: ・・・プルダウンから選択して入力する必要がある箇所です。
B6: なお、「従業者の勤務の体制及び勤務形態一覧表」に「シフト記号表（勤務時間帯）」も必ず添付して提出してください。
B8: ・最初に「年月欄」「サービス種別」「事業所名」を入力してください。
B10: (1) 「４週」・「暦月」のいずれかを選択してください。
B12: (2) 「予定」・「実績」・「予定・実績」のいずれかを選択してください。（「予定・実績」は予定と実績が同じだったことを示す場合に選択してください。）
B14: (3) 事業所における常勤の従業者が勤務すべき時間数を入力してください。
B16: (4) 利用者数を入力してください。利用者数は、前年度の平均値（前年度の利用者延数を当該前年度の日数で除して得た数。小数点第2位以下を切り上げ）とします。
B17: 新規又は再開の場合は、推定数を入力してください。
B19: (5) 従業者の職種について、下記のうち該当する職種をプルダウンより選択してください。（直接入力も可能です。）
B20: 記入の順序は、職種ごとにまとめてください。
C22: No | D22: 職種名
C23: 1 | D23: 管理者
C24: 2 | D24: 生活相談員
C25: 3 | D25: 看護職員
C26: 4 | D26: 介護職員
C27: 5 | D27: 機能訓練指導員
C28: 6 | D28: 計画作成担当者
B30: (6) 従業者の勤務形態について、下記のうち該当する区分の記号をプルダウンより選択してください。
B31: 記入の順序は、各職種の中で勤務形態の区分ごとにまとめてください。
C33: 記号 | D33: 区分
C34: A | D34: 常勤で専従
C35: B | D35: 常勤で兼務
C36: C | D36: 非常勤で専従
C37: D | D37: 非常勤で兼務
C39: （注）常勤・非常勤の区分について
C40: 当該事業所における勤務時間が、当該事業所において定められている常勤の従業者が勤務すべき時間数に達していることをいいます。雇用の形態は考慮しません。
C41: （例えば、常勤者は週に40時間勤務することとされた事業所であれば、非正規雇用であっても、週40時間勤務する従業者は常勤扱いとなります。）
B43: (7) 従業者の保有する資格について、該当する資格名称をプルダウンより選択してください。（直接入力も可能です。）
B44: 複数の資格を保有する従業者については、当該事業所にて従事する業務に最も関連する資格１つを選択してください。人員基準上、求められている資格等は必ずご記入ください。
B45: ※選択した資格及び研修に関して、必要に応じて、資格証又は研修修了証等の写しを添付資料として提出してください。
B47: (8) 従業者の氏名を記入してください。
B49: (9) 申請する事業に係る従業者（管理者を含む。）の1ヶ月分の勤務時間を入力してください。（別シートの「シフト記号表」を作成し、シフト記号を選択または入力してください。）
B50: ※ 指定基準の確認に際しては、４週分の入力で差し支えありません。
B52: (10) 従業者ごとに、合計勤務時間数が自動計算されますので、誤りがないか確認してください。
B53: ※入力することができる勤務時間数は、当該事業所において常勤の従業者が勤務すべき勤務時間数を上限とします。
B55: (11) 従業者ごとに、週平均の勤務時間数が自動計算されますので、誤りがないか確認してください。
B57: (12) 申請する事業所以外の事業所・施設との兼務がある場合は、兼務先の事業所・施設の名称及び兼務する職務の内容について記入してください。
B58: 同一事業所内の兼務についても兼務する職務の内容を記入してください。
B59: その他、特記事項欄としてもご活用ください。
... B68: １（人）として入力してください。また、「(11)兼務状況等」の欄に「短時間勤務制度利用」と記入してください。

Sheet プルダウン・リスト
B1: １．サービス種別
B3: No | C3: サービス種別
B4: 1 | C4: 特定施設入居者生活介護
B5: 2 | C5: 介護予防特定施設入居者生活介護
B6: 3 | C6: 特定施設入居者生活介護・介護予防特定施設入居者生活介護
B7: 4 | C7: 外部サービス利用型特定施設入居者生活介護
B8: 5 | C8: 地域密着型特定施設入居者生活介護
B9: 6 | C9: 地域密着型特定施設入居者生活介護（サテライト型）
B10: 7 | C10: 特定施設入居者生活介護・短期入所生活介護
B11: 8 | C11: 特定施設入居者生活介護・共用型認知症対応型通所介護
B12: 9 | C12: ー
B13: 10 | C13: ー
B14: 11 | C14: ー
B15: 12 | C15: ー
... B17: 14 | C17: ー
B19: ２．職種名・資格名称
B21: 職種名 | C21: 管理者 | D21: 生活相談員 | E21: 看護職員 | F21: 介護職員 | G21: 機能訓練指導員 | H21: 計画作成担当者 | I21: ー | J21: ー | K21: ー | L21: ー
B22: 資格 | C22: ー | D22: 社会福祉主事任用資格 | E22: 看護師 | F22: 介護福祉士 | G22: 理学療法士 | H22: 介護支援専門員 | I22: ー | J22: ー
C23: ー | D23: ー | E23: 准看護師 | F23: ー | G23: 作業療法士 | H23: ー | I23: ー | J23: ー
C24: ー | D24: ー | E24: ー | F24: ー | G24: 言語聴覚士 | H24: ー | I24: ー | J24: ー
C25: ー | D25: ー | E25: ー | F25: ー | G25: 看護師 | H25: ー | I25: ー | J25: ー
C26: ー | D26: ー | E26: ー | F26: ー | G26: 准看護師 | H26: ー | I26: ー | J26: ー
C27: ー | D27: ー | E27: ー | F27: ー | G27: 柔道整復師 | H27: ー | I27: ー | J27: ー
C28: ー | D28: ー | E28: ー | F28: ー | G28: あん摩マッサージ指圧師 | H28: ー | I28: ー | J28: ー
C29: ー | D29: ー | E29: ー | F29: ー | G29: はり師 | H29: ー | I29: ー | J29: ー
C30: ー | D30: ー | E30: ー | F30: ー | G30: きゅう師 | H30: ー | I30: ー | J30: ー
C31: ー | D31: ー | E31: ー | F31: ー | G31: ー | H31: ー | I31: ー | J31: ー
C36: 【自治体の皆様へ】
C37: ※ INDIRECT関数使用のため、以下のとおりセルに「名前の定義」をしています。
C38: 21行目・・・「職種」
C39: C列・・・「管理者」
C40: D列・・・「生活相談員」
C41: E列・・・「看護職員」
C42: F列・・・「介護職員」
C43: G列・・・「機能訓練指導員」
C44: H列・・・「計画作成担当者」
C46: ※自治体の条例により定められた資格等、自治体独自の資格を追加する必要がある場合は、上表の空欄に資格名称を追加してください。
C47: 行が足りない場合は、適宜追加してください。
C49: ※職種を追加したい場合は、21行目に職種名を追加し、それぞれの列に必要資格を入力してください。
... C54: 編集したい場合は、「数式」タブ ⇒ 「名前の管理」で編集してください。

Sheet 【記載例】特定施設入居者生活介護
C1: （標準様式1） | M1: 従業者の勤務の体制及び勤務形態一覧表 | AS1: サービス種別（ | AT1: 特定施設入居者生活介護 | BJ1: ）
AB2: 令和 | AC2: 7 | AE2: ( | AF2: =IF(AC2=0,"",YEAR(DATE(2018+AC2,1,1))) -> 2025 | AH2: ) | AI2: 年 | AJ2: 4 | AL2: 月 | AS2: 事業所名（ | AT2: ○○○○ | BJ2: ）
BD3: (1) | BE3: ４週
BD4: (2) | BE4: 予定
AO6: (3) 事業所における常勤の従業者が勤務すべき時間数 | BA6: 40 | BC6: 時間/週 | BE6: 160 | BG6: 時間/月
BB8: 当月の日数 | BE8: =DAY(EOMONTH(DATE(AF2,AJ2,1),0)) -> 30 | BG8: 日
AS10: (4) 利用者数 | BC10: （前年度の平均値または推定数） | BE10: 36 | BG10: 人
B12: No | C12: (4) 職種 | I12: (5) 勤務 形態 | K12: (6) 資格 | O12: (7) 氏 名 | W12: (8) | BB12: =IF(BE3="４週","(9)1～4週目の勤務時間数合計","(9)1か月の勤務時間数 合計") -> (9)1～4週目の勤務時間数合計 | BD12: (10) 週平均 勤務時間数 | BF12: (11) 兼務状況 （兼務先/兼務する職務の内容）等
W13: 1週目 | AD13: 2週目 | AK13: 3週目 | AR13: 4週目 | AY13: 5週目
W14: 1 | X14: 2 | Y14: 3 | Z14: 4 | AA14: 5 | AB14: 6 | AC14: 7 | AD14: 8 | AE14: 9 | AF14: 10 | AG14: 11 | AH14: 12 | AI14: 13 | AJ14: 14 | AK14: 15 | AL14: 16 | AM14: 17 | AN14: 18 | AO14: 19 | AP14: 20 | AQ14: 21 | AR14: 22 | AS14: 23 | AT14: 24 | AU14: 25 | AV14: 26 | AW14: 27 | AX14: 28 | AY14: =IF($BE$3="実績",IF(DAY(DATE($AF$2,$AJ$2,29))=29,29,""),"") | AZ14: =IF($BE$3="実績",IF(DAY(DATE($AF$2,$AJ$2,30))=30,30,""),"") | BA14: =IF($BE$3="実績",IF(DAY(DATE($AF$2,$AJ$2,31))=31,31,""),"")
W15: =WEEKDAY(DATE($AF$2,$AJ$2,1)) -> 3 | X15: =WEEKDAY(DATE($AF$2,$AJ$2,2)) -> 4 | Y15: =WEEKDAY(DATE($AF$2,$AJ$2,3)) -> 5 | Z15: =WEEKDAY(DATE($AF$2,$AJ$2,4)) -> 6 | AA15: =WEEKDAY(DATE($AF$2,$AJ$2,5)) -> 7 | AB15: =WEEKDAY(DATE($AF$2,$AJ$2,6)) -> 1 | AC15: =WEEKDAY(DATE($AF$2,$AJ$2,7)) -> 2 | AD15: =WEEKDAY(DATE($AF$2,$AJ$2,8)) -> 3 | AE15: =WEEKDAY(DATE($AF$2,$AJ$2,9)) -> 4 | AF15: =WEEKDAY(DATE($AF$2,$AJ$2,10)) -> 5 | AG15: =WEEKDAY(DATE($AF$2,$AJ$2,11)) -> 6 | AH15: =WEEKDAY(DATE($AF$2,$AJ$2,12)) -> 7 | AI15: =WEEKDAY(DATE($AF$2,$AJ$2,13)) -> 1 | AJ15: =WEEKDAY(DATE($AF$2,$AJ$2,14)) -> 2 | AK15: =WEEKDAY(DATE($AF$2,$AJ$2,15)) -> 3 | AL15: =WEEKDAY(DATE($AF$2,$AJ$2,16)) -> 4 | AM15: =WEEKDAY(DATE($AF$2,$AJ$2,17)) -> 5 | AN15: =WEEKDAY(DATE($AF$2,$AJ$2,18)) -> 6 | AO15: =WEEKDAY(DATE($AF$2,$AJ$2,19)) -> 7 | AP15: =WEEKDAY(DATE($AF$2,$AJ$2,20)) -> 1 | AQ15: =WEEKDAY(DATE($AF$2,$AJ$2,21)) -> 2 | AR15: =WEEKDAY(DATE($AF$2,$AJ$2,22)) -> 3 | AS15: =WEEKDAY(DATE($AF$2,$AJ$2,23)) -> 4 | AT15: =WEEKDAY(DATE($AF$2,$AJ$2,24)) -> 5 | AU15: =WEEKDAY(DATE($AF$2,$AJ$2,25)) -> 6 | AV15: =WEEKDAY(DATE($AF$2,$AJ$2,26)) -> 7 | AW15: =WEEKDAY(DATE($AF$2,$AJ$2,27)) -> 1 | AX15: =WEEKDAY(DATE($AF$2,$AJ$2,28)) -> 2 | AY15: =IF(AY14=29,WEEKDAY(DATE($AF$2,$AJ$2,29)),0) -> 0 | AZ15: =IF(AZ14=30,WEEKDAY(DATE($AF$2,$AJ$2,30)),0) -> 0 | BA15: =IF(BA14=31,WEEKDAY(DATE($AF$2,$AJ$2,31)),0) -> 0
W16: =IF(W15=1,"日",IF(W15=2,"月",IF(W15=3,"火",IF(W15=4,"水",IF(W15=5,"木",IF(W15=6,"金","土")))))) -> 火 | X16: =IF(X15=1,"日",IF(X15=2,"月",IF(X15=3,"火",IF(X15=4,"水",IF(X15=5,"木",IF(X15=6,"金","土")))))) -> 水 | Y16: =IF(Y15=1,"日",IF(Y15=2,"月",IF(Y15=3,"火",IF(Y15=4,"水",IF(Y15=5,"木",IF(Y15=6,"金","土")))))) -> 木 | Z16: =IF(Z15=1,"日",IF(Z15=2,"月",IF(Z15=3,"火",IF(Z15=4,"水",IF(Z15=5,"木",IF(Z15=6,"金","土")))))) -> 金 | AA16: =IF(AA15=1,"日",IF(AA15=2,"月",IF(AA15=3,"火",IF(AA15=4,"水",IF(AA15=5,"木",IF(AA15=6,"金","土")))))) -> 土 | AB16: =IF(AB15=1,"日",IF(AB15=2,"月",IF(AB15=3,"火",IF(AB15=4,"水",IF(AB15=5,"木",IF(AB15=6,"金","土")))))) -> 日 | AC16: =IF(AC15=1,"日",IF(AC15=2,"月",IF(AC15=3,"火",IF(AC15=4,"水",IF(AC15=5,"木",IF(AC15=6,"金","土")))))) -> 月 | AD16: =IF(AD15=1,"日",IF(AD15=2,"月",IF(AD15=3,"火",IF(AD15=4,"水",IF(AD15=5,"木",IF(AD15=6,"金","土")))))) -> 火 | ... AX16: =IF(AX15=1,"日",IF(AX15=2,"月",IF(AX15=3,"火",IF(AX15=4,"水",IF(AX15=5,"木",IF(AX15=6,"金","土")))))) -> 月 | AY16: =IF(AY15=1,"日",IF(AY15=2,"月",IF(AY15=3,"火",IF(AY15=4,"水",IF(AY15=5,"木",IF(AY15=6,"金",IF(AY15=0,"","土"))))))) | AZ16: =IF(AZ15=1,"日",IF(AZ15=2,"月",IF(AZ15=3,"火",IF(AZ15=4,"水",IF(AZ15=5,"木",IF(AZ15=6,"金",IF(AZ15=0,"","土"))))))) | BA16: =IF(BA15=1,"日",IF(BA15=2,"月",IF(BA15=3,"火",IF(BA15=4,"水",IF(BA15=5,"木",IF(BA15=6,"金",IF(BA15=0,"","土")))))))
B17: =B15+1 -> 1 | C17: 管理者 | I17: A | K17: ー | O17: 厚労 太郎 | T17: シフト記号 | W17: b | X17: b | Y17: b | AB17: b | AC17: b | AD17: b | AE17: b | AF17: b | AI17: b | AJ17: b | AK17: b | AL17: b | AM17: b | AP17: b | AQ17: b | AR17: b | AS17: b | AT17: b | AW17: b | AX17: b
F18: =C17 -> 管理者 | H18: =I17 -> A | T18: 勤務時間数 | W18: =IF(W17="","",VLOOKUP(W17,'【記載例】シフト記号表（勤務時間帯）'!$C$6:$L$47,10,FALSE)) -> 8 | X18: =IF(X17="","",VLOOKUP(X17,'【記載例】シフト記号表（勤務時間帯）'!$C$6:$L$47,10,FALSE)) -> 8 | Y18: =IF(Y17="","",VLOOKUP(Y17,'【記載例】シフト記号表（勤務時間帯）'!$C$6:$L$47,10,FALSE)) -> 8 | Z18: =IF(Z17="","",VLOOKUP(Z17,'【記載例】シフト記号表（勤務時間帯）'!$C$6:$L$47,10,FALSE)) | AA18: =IF(AA17="","",VLOOKUP(AA17,'【記載例】シフト記号表（勤務時間帯）'!$C$6:$L$47,10,FALSE)) | AB18: =IF(AB17="","",VLOOKUP(AB17,'【記載例】シフト記号表（勤務時間帯）'!$C$6:$L$47,10,FALSE)) -> 8 | AC18: =IF(AC17="","",VLOOKUP(AC17,'【記載例】シフト記号表（勤務時間帯）'!$C$6:$L$47,10,FALSE)) -> 8 | AD18: =IF(AD17="","",VLOOKUP(AD17,'【記載例】シフト記号表（勤務時間帯）'!$C$6:$L$47,10,FALSE)) -> 8 | ... BA18: =IF(BA17="","",VLOOKUP(BA17,'【記載例】シフト記号表（勤務時間帯）'!$C$6:$L$47,10,FALSE)) | BB18: =IF($BE$3="４週",SUM(W18:AX18),IF($BE$3="暦月",SUM(W18:BA18),"")) -> 160 | BD18: =IF($BE$3="４週",BB18/4,IF($BE$3="暦月",(BB18/($BE$8/7)),"")) -> 40
B19: =B17+1 -> 2 | C19: 生活相談員 | I19: A | K19: 社会福祉主事任用資格 | O19: ○○ A男 | T19: シフト記号 | W19: b | X19: b | AA19: b | AB19: b | AC19: b | AD19: b | AE19: b | AG19: b | AH19: b | AI19: b | AK19: b | AL19: b | AM19: b | AO19: b | AP19: b | AR19: b | AS19: b | AV19: b | AW19: b | AX19: b
F20: =C19 -> 生活相談員 | H20: =I19 -> A | T20: 勤務時間数 | W20: =IF(W19="","",VLOOKUP(W19,'【記載例】シフト記号表（勤務時間帯）'!$C$6:$L$47,10,FALSE)) -> 8 | X20: =IF(X19="","",VLOOKUP(X19,'【記載例】シフト記号表（勤務時間帯）'!$C$6:$L$47,10,FALSE)) -> 8 | Y20: =IF(Y19="","",VLOOKUP(Y19,'【記載例】シフト記号表（勤務時間帯）'!$C$6:$L$47,10,FALSE)) | Z20: =IF(Z19="","",VLOOKUP(Z19,'【記載例】シフト記号表（勤務時間帯）'!$C$6:$L$47,10,FALSE)) | AA20: =IF(AA19="","",VLOOKUP(AA19,'【記載例】シフト記号表（勤務時間帯）'!$C$6:$L$47,10,FALSE)) -> 8 | AB20: =IF(AB19="","",VLOOKUP(AB19,'【記載例】シフト記号表（勤務時間帯）'!$C$6:$L$47,10,FALSE)) -> 8 | AC20: =IF(AC19="","",VLOOKUP(AC19,'【記載例】シフト記号表（勤務時間帯）'!$C$6:$L$47,10,FALSE)) -> 8 | AD20: =IF(AD19="","",VLOOKUP(AD19,'【記載例】シフト記号表（勤務時間帯）'!$C$6:$L$47,10,FALSE)) -> 8 | ... BA20: =IF(BA19="","",VLOOKUP(BA19,'【記載例】シフト記号表（勤務時間帯）'!$C$6:$L$47,10,FALSE)) | BB20: =IF($BE$3="４週",SUM(W20:AX20),IF($BE$3="暦月",SUM(W20:BA20),"")) -> 160 | BD20: =IF($BE$3="４週",BB20/4,IF($BE$3="暦月",(BB20/($BE$8/7)),"")) -> 40
B21: =B19+1 -> 3 | C21: 計画作成担当者 | I21: A | K21: 介護支援専門員 | O21: ○○ B子 | T21: シフト記号 | W21: b | X21: b | Y21: b | AB21: b | AC21: b | AD21: b | AE21: b | AF21: b | AI21: b | AJ21: b | AK21: b | AL21: b | AM21: b | AP21: b | AQ21: b | AR21: b | AS21: b | AT21: b | AW21: b | AX21: b
F22: =C21 -> 計画作成担当者 | H22: =I21 -> A | T22: 勤務時間数 | W22: =IF(W21="","",VLOOKUP(W21,'【記載例】シフト記号表（勤務時間帯）'!$C$6:$L$47,10,FALSE)) -> 8 | X22: =IF(X21="","",VLOOKUP(X21,'【記載例】シフト記号表（勤務時間帯）'!$C$6:$L$47,10,FALSE)) -> 8 | Y22: =IF(Y21="","",VLOOKUP(Y21,'【記載例】シフト記号表（勤務時間帯）'!$C$6:$L$47,10,FALSE)) -> 8 | Z22: =IF(Z21="","",VLOOKUP(Z21,'【記載例】シフト記号表（勤務時間帯）'!$C$6:$L$47,10,FALSE)) | AA22: =IF(AA21="","",VLOOKUP(AA21,'【記載例】シフト記号表（勤務時間帯）'!$C$6:$L$47,10,FALSE)) | AB22: =IF(AB21="","",VLOOKUP(AB21,'【記載例】シフト記号表（勤務時間帯）'!$C$6:$L$47,10,FALSE)) -> 8 | AC22: =IF(AC21="","",VLOOKUP(AC21,'【記載例】シフト記号表（勤務時間帯）'!$C$6:$L$47,10,FALSE)) -> 8 | AD22: =IF(AD21="","",VLOOKUP(AD21,'【記載例】シフト記号表（勤務時間帯）'!$C$6:$L$47,10,FALSE)) -> 8 | ... BA22: =IF(BA21="","",VLOOKUP(BA21,'【記載例】シフト記号表（勤務時間帯）'!$C$6:$L$47,10,FALSE)) | BB22: =IF($BE$3="４週",SUM(W22:AX22),IF($BE$3="暦月",SUM(W22:BA22),"")) -> 160 | BD22: =IF($BE$3="４週",BB22/4,IF($BE$3="暦月",(BB22/($BE$8/7)),"")) -> 40
B23: =B21+1 -> 4 | C23: 機能訓練指導員 | I23: B | K23: 看護師 | O23: ○○ C太 | T23: シフト記号 | W23: f | X23: f | Y23: f | AB23: f | AC23: f | AD23: f | AE23: f | AF23: f | AI23: f | AJ23: f | AK23: f | AL23: f | AM23: f | AP23: f | AQ23: f | AR23: f | AS23: f | AT23: f | AW23: f | AX23: f
F24: =C23 -> 機能訓練指導員 | H24: =I23 -> B | T24: 勤務時間数 | W24: =IF(W23="","",VLOOKUP(W23,'【記載例】シフト記号表（勤務時間帯）'!$C$6:$L$47,10,FALSE)) -> 4 | X24: =IF(X23="","",VLOOKUP(X23,'【記載例】シフト記号表（勤務時間帯）'!$C$6:$L$47,10,FALSE)) -> 4 | Y24: =IF(Y23="","",VLOOKUP(Y23,'【記載例】シフト記号表（勤務時間帯）'!$C$6:$L$47,10,FALSE)) -> 4 | Z24: =IF(Z23="","",VLOOKUP(Z23,'【記載例】シフト記号表（勤務時間帯）'!$C$6:$L$47,10,FALSE)) | AA24: =IF(AA23="","",VLOOKUP(AA23,'【記載例】シフト記号表（勤務時間帯）'!$C$6:$L$47,10,FALSE)) | AB24: =IF(AB23="","",VLOOKUP(AB23,'【記載例】シフト記号表（勤務時間帯）'!$C$6:$L$47,10,FALSE)) -> 4 | AC24: =IF(AC23="","",VLOOKUP(AC23,'【記載例】シフト記号表（勤務時間帯）'!$C$6:$L$47,10,FALSE)) -> 4 | AD24: =IF(AD23="","",VLOOKUP(AD23,'【記載例】シフト記号表（勤務時間帯）'!$C$6:$L$47,10,FALSE)) -> 4 | ... BA24: =IF(BA23="","",VLOOKUP(BA23,'【記載例】シフト記号表（勤務時間帯）'!$C$6:$L$47,10,FALSE)) | BB24: =IF($BE$3="４週",SUM(W24:AX24),IF($BE$3="暦月",SUM(W24:BA24),"")) -> 80 | BD24: =IF($BE$3="４週",BB24/4,IF($BE$3="暦月",(BB24/($BE$8/7)),"")) -> 20
B25: =B23+1 -> 5 | C25: 看護職員 | I25: A | K25: 看護師 | O25: ○○ D美 | T25: シフト記号 | W25: b | X25: b | Y25: b | AB25: b | AC25: b | AD25: b | AE25: b | AF25: b | AI25: b | AJ25: b | AK25: b | AL25: b | AM25: b | AP25: b | AQ25: b | AR25: b | AS25: b | AT25: b | AW25: b | AX25: b
F26: =C25 -> 看護職員 | H26: =I25 -> A | T26: 勤務時間数 | W26: =IF(W25="","",VLOOKUP(W25,'【記載例】シフト記号表（勤務時間帯）'!$C$6:$L$47,10,FALSE)) -> 8 | X26: =IF(X25="","",VLOOKUP(X25,'【記載例】シフト記号表（勤務時間帯）'!$C$6:$L$47,10,FALSE)) -> 8 | Y26: =IF(Y25="","",VLOOKUP(Y25,'【記載例】シフト記号表（勤務時間帯）'!$C$6:$L$47,10,FALSE)) -> 8 | Z26: =IF(Z25="","",VLOOKUP(Z25,'【記載例】シフト記号表（勤務時間帯）'!$C$6:$L$47,10,FALSE)) | AA26: =IF(AA25="","",VLOOKUP(AA25,'【記載例】シフト記号表（勤務時間帯）'!$C$6:$L$47,10,FALSE)) | AB26: =IF(AB25="","",VLOOKUP(AB25,'【記載例】シフト記号表（勤務時間帯）'!$C$6:$L$47,10,FALSE)) -> 8 | AC26: =IF(AC25="","",VLOOKUP(AC25,'【記載例】シフト記号表（勤務時間帯）'!$C$6:$L$47,10,FALSE)) -> 8 | AD26: =IF(AD25="","",VLOOKUP(AD25,'【記載例】シフト記号表（勤務時間帯）'!$C$6:$L$47,10,FALSE)) -> 8 | ... BA26: =IF(BA25="","",VLOOKUP(BA25,'【記載例】シフト記号表（勤務時間帯）'!$C$6:$L$47,10,FALSE)) | BB26: =IF($BE$3="４週",SUM(W26:AX26),IF($BE$3="暦月",SUM(W26:BA26),"")) -> 160 | BD26: =IF($BE$3="４週",BB26/4,IF($BE$3="暦月",(BB26/($BE$8/7)),"")) -> 40
B27: =B25+1 -> 6 | C27: 看護職員 | I27: A | K27: 看護師 | O27: ○○ E太 | T27: シフト記号 | W27: h | X27: i | Y27: a | Z27: a | AB27: d | AE27: h | AF27: i | AG27: a | AH27: a | AJ27: d | AK27: d | AM27: h | AN27: i | AO27: a | AP27: a | AR27: d | AU27: h | AV27: i | AW27: a | AX27: a
F28: =C27 -> 看護職員 | H28: =I27 -> A | T28: 勤務時間数 | W28: =IF(W27="","",VLOOKUP(W27,'【記載例】シフト記号表（勤務時間帯）'!$C$6:$L$47,10,FALSE)) -> 8 | X28: =IF(X27="","",VLOOKUP(X27,'【記載例】シフト記号表（勤務時間帯）'!$C$6:$L$47,10,FALSE)) -> 8 | Y28: =IF(Y27="","",VLOOKUP(Y27,'【記載例】シフト記号表（勤務時間帯）'!$C$6:$L$47,10,FALSE)) -> 8 | Z28: =IF(Z27="","",VLOOKUP(Z27,'【記載例】シフト記号表（勤務時間帯）'!$C$6:$L$47,10,FALSE)) -> 8 | AA28: =IF(AA27="","",VLOOKUP(AA27,'【記載例】シフト記号表（勤務時間帯）'!$C$6:$L$47,10,FALSE)) | AB28: =IF(AB27="","",VLOOKUP(AB27,'【記載例】シフト記号表（勤務時間帯）'!$C$6:$L$47,10,FALSE)) -> 8 | AC28: =IF(AC27="","",VLOOKUP(AC27,'【記載例】シフト記号表（勤務時間帯）'!$C$6:$L$47,10,FALSE)) | AD28: =IF(AD27="","",VLOOKUP(AD27,'【記載例】シフト記号表（勤務時間帯）'!$C$6:$L$47,10,FALSE)) | ... BA28: =IF(BA27="","",VLOOKUP(BA27,'【記載例】シフト記号表（勤務時間帯）'!$C$6:$L$47,10,FALSE)) | BB28: =IF($BE$3="４週",SUM(W28:AX28),IF($BE$3="暦月",SUM(W28:BA28),"")) -> 160 | BD28: =IF($BE$3="４週",BB28/4,IF($BE$3="暦月",(BB28/($BE$8/7)),"")) -> 40
B29: =B27+1 -> 7 | C29: 看護職員 | I29: B | K29: 看護師 | O29: ○○ C太 | T29: シフト記号 | W29: e | X29: e | Y29: e | AB29: e | AC29: e | AD29: e | AE29: e | AF29: e | AI29: e | AJ29: e | AK29: e | AL29: e | AM29: e | AP29: e | AQ29: e | AR29: e | AS29: e | AT29: e | AW29: e | AX29: e
F30: =C29 -> 看護職員 | H30: =I29 -> B | T30: 勤務時間数 | W30: =IF(W29="","",VLOOKUP(W29,'【記載例】シフト記号表（勤務時間帯）'!$C$6:$L$47,10,FALSE)) -> 4 | X30: =IF(X29="","",VLOOKUP(X29,'【記載例】シフト記号表（勤務時間帯）'!$C$6:$L$47,10,FALSE)) -> 4 | Y30: =IF(Y29="","",VLOOKUP(Y29,'【記載例】シフト記号表（勤務時間帯）'!$C$6:$L$47,10,FALSE)) -> 4 | Z30: =IF(Z29="","",VLOOKUP(Z29,'【記載例】シフト記号表（勤務時間帯）'!$C$6:$L$47,10,FALSE)) | AA30: =IF(AA29="","",VLOOKUP(AA29,'【記載例】シフト記号表（勤務時間帯）'!$C$6:$L$47,10,FALSE)) | AB30: =IF(AB29="","",VLOOKUP(AB29,'【記載例】シフト記号表（勤務時間帯）'!$C$6:$L$47,10,FALSE)) -> 4 | AC30: =IF(AC29="","",VLOOKUP(AC29,'【記載例】シフト記号表（勤務時間帯）'!$C$6:$L$47,10,FALSE)) -> 4 | AD30: =IF(AD29="","",VLOOKUP(AD29,'【記載例】シフト記号表（勤務時間帯）'!$C$6:$L$47,10,FALSE)) -> 4 | ... BA30: =IF(BA29="","",VLOOKUP(BA29,'【記載例】シフト記号表（勤務時間帯）'!$C$6:$L$47,10,FALSE)) | BB30: =IF($BE$3="４週",SUM(W30:AX30),IF($BE$3="暦月",SUM(W30:BA30),"")) -> 80 | BD30: =IF($BE$3="４週",BB30/4,IF($BE$3="暦月",(BB30/($BE$8/7)),"")) -> 20
B31: =B29+1 -> 8 | C31: 看護職員 | I31: A | K31: 看護師 | O31: ○○ E子 | T31: シフト記号 | Y31: b | Z31: b | AA31: b | AB31: b | AC31: b | AF31: b | AG31: b | AH31: b | AI31: b | AJ31: b | AM31: b | AN31: b | AO31: b | AP31: b | AQ31: b | AT31: b | AU31: b | AV31: b | AW31: b | AX31: b
F32: =C31 -> 看護職員 | H32: =I31 -> A | T32: 勤務時間数 | W32: =IF(W31="","",VLOOKUP(W31,'【記載例】シフト記号表（勤務時間帯）'!$C$6:$L$47,10,FALSE)) | X32: =IF(X31="","",VLOOKUP(X31,'【記載例】シフト記号表（勤務時間帯）'!$C$6:$L$47,10,FALSE)) | Y32: =IF(Y31="","",VLOOKUP(Y31,'【記載例】シフト記号表（勤務時間帯）'!$C$6:$L$47,10,FALSE)) -> 8 | Z32: =IF(Z31="","",VLOOKUP(Z31,'【記載例】シフト記号表（勤務時間帯）'!$C$6:$L$47,10,FALSE)) -> 8 | AA32: =IF(AA31="","",VLOOKUP(AA31,'【記載例】シフト記号表（勤務時間帯）'!$C$6:$L$47,10,FALSE)) -> 8 | AB32: =IF(AB31="","",VLOOKUP(AB31,'【記載例】シフト記号表（勤務時間帯）'!$C$6:$L$47,10,FALSE)) -> 8 | AC32: =IF(AC31="","",VLOOKUP(AC31,'【記載例】シフト記号表（勤務時間帯）'!$C$6:$L$47,10,FALSE)) -> 8 | AD32: =IF(AD31="","",VLOOKUP(AD31,'【記載例】シフト記号表（勤務時間帯）'!$C$6:$L$47,10,FALSE)) | ... BA32: =IF(BA31="","",VLOOKUP(BA31,'【記載例】シフト記号表（勤務時間帯）'!$C$6:$L$47,10,FALSE)) | BB32: =IF($BE$3="４週",SUM(W32:AX32),IF($BE$3="暦月",SUM(W32:BA32),"")) -> 160 | BD32: =IF($BE$3="４週",BB32/4,IF($BE$3="暦月",(BB32/($BE$8/7)),"")) -> 40
B33: =B31+1 -> 9 | C33: 介護職員 | I33: A | K33: 介護福祉士 | O33: ○○ F子 | T33: シフト記号 | W33: b | X33: b | Y33: b | AB33: b | AC33: b | AD33: b | AE33: b | AF33: b | AI33: b | AJ33: b | AK33: b | AL33: b | AM33: b | AP33: b | AQ33: b | AR33: b | AS33: b | AT33: b | AW33: b | AX33: b
F34: =C33 -> 介護職員 | H34: =I33 -> A | T34: 勤務時間数 | W34: =IF(W33="","",VLOOKUP(W33,'【記載例】シフト記号表（勤務時間帯）'!$C$6:$L$47,10,FALSE)) -> 8 | X34: =IF(X33="","",VLOOKUP(X33,'【記載例】シフト記号表（勤務時間帯）'!$C$6:$L$47,10,FALSE)) -> 8 | Y34: =IF(Y33="","",VLOOKUP(Y33,'【記載例】シフト記号表（勤務時間帯）'!$C$6:$L$47,10,FALSE)) -> 8 | Z34: =IF(Z33="","",VLOOKUP(Z33,'【記載例】シフト記号表（勤務時間帯）'!$C$6:$L$47,10,FALSE)) | AA34: =IF(AA33="","",VLOOKUP(AA33,'【記載例】シフト記号表（勤務時間帯）'!$C$6:$L$47,10,FALSE)) | AB34: =IF(AB33="","",VLOOKUP(AB33,'【記載例】シフト記号表（勤務時間帯）'!$C$6:$L$47,10,FALSE)) -> 8 | AC34: =IF(AC33="","",VLOOKUP(AC33,'【記載例】シフト記号表（勤務時間帯）'!$C$6:$L$47,10,FALSE)) -> 8 | AD34: =IF(AD33="","",VLOOKUP(AD33,'【記載例】シフト記号表（勤務時間帯）'!$C$6:$L$47,10,FALSE)) -> 8 | ... BA34: =IF(BA33="","",VLOOKUP(BA33,'【記載例】シフト記号表（勤務時間帯）'!$C$6:$L$47,10,FALSE)) | BB34: =IF($BE$3="４週",SUM(W34:AX34),IF($BE$3="暦月",SUM(W34:BA34),"")) -> 160 | BD34: =IF($BE$3="４週",BB34/4,IF($BE$3="暦月",(BB34/($BE$8/7)),"")) -> 40
B35: =B33+1 -> 10 | C35: 介護職員 | I35: A | K35: 介護福祉士 | O35: ○○ G太 | T35: シフト記号 | W35: h | X35: i | Y35: a | Z35: a | AB35: d | AE35: h | AF35: i | AG35: a | AH35: a | AJ35: d | AK35: d | AM35: h | AN35: i | AO35: a | AP35: a | AR35: d | AU35: h | AV35: i | AW35: a | AX35: a
F36: =C35 -> 介護職員 | H36: =I35 -> A | T36: 勤務時間数 | W36: =IF(W35="","",VLOOKUP(W35,'【記載例】シフト記号表（勤務時間帯）'!$C$6:$L$47,10,FALSE)) -> 8 | X36: =IF(X35="","",VLOOKUP(X35,'【記載例】シフト記号表（勤務時間帯）'!$C$6:$L$47,10,FALSE)) -> 8 | Y36: =IF(Y35="","",VLOOKUP(Y35,'【記載例】シフト記号表（勤務時間帯）'!$C$6:$L$47,10,FALSE)) -> 8 | Z36: =IF(Z35="","",VLOOKUP(Z35,'【記載例】シフト記号表（勤務時間帯）'!$C$6:$L$47,10,FALSE)) -> 8 | AA36: =IF(AA35="","",VLOOKUP(AA35,'【記載例】シフト記号表（勤務時間帯）'!$C$6:$L$47,10,FALSE)) | AB36: =IF(AB35="","",VLOOKUP(AB35,'【記載例】シフト記号表（勤務時間帯）'!$C$6:$L$47,10,FALSE)) -> 8 | AC36: =IF(AC35="","",VLOOKUP(AC35,'【記載例】シフト記号表（勤務時間帯）'!$C$6:$L$47,10,FALSE)) | AD36: =IF(AD35="","",VLOOKUP(AD35,'【記載例】シフト記号表（勤務時間帯）'!$C$6:$L$47,10,FALSE)) | ... BA36: =IF(BA35="","",VLOOKUP(BA35,'【記載例】シフト記号表（勤務時間帯）'!$C$6:$L$47,10,FALSE)) | BB36: =IF($BE$3="４週",SUM(W36:AX36),IF($BE$3="暦月",SUM(W36:BA36),"")) -> 160 | BD36: =IF($BE$3="４週",BB36/4,IF($BE$3="暦月",(BB36/($BE$8/7)),"")) -> 40
B37: =B35+1 -> 11 | C37: 介護職員 | I37: A | K37: ー | O37: ○○ H美 | T37: シフト記号 | X37: h | Y37: i | Z37: d | AA37: a | AC37: d | AD37: d | AF37: h | AG37: i | AH37: d | AI37: a | AK37: d | AL37: a | AN37: h | AO37: i | AP37: d | AS37: d | AT37: a | AV37: h | AW37: i | AX37: d
F38: =C37 -> 介護職員 | H38: =I37 -> A | T38: 勤務時間数 | W38: =IF(W37="","",VLOOKUP(W37,'【記載例】シフト記号表（勤務時間帯）'!$C$6:$L$47,10,FALSE)) | X38: =IF(X37="","",VLOOKUP(X37,'【記載例】シフト記号表（勤務時間帯）'!$C$6:$L$47,10,FALSE)) -> 8 | Y38: =IF(Y37="","",VLOOKUP(Y37,'【記載例】シフト記号表（勤務時間帯）'!$C$6:$L$47,10,FALSE)) -> 8 | Z38: =IF(Z37="","",VLOOKUP(Z37,'【記載例】シフト記号表（勤務時間帯）'!$C$6:$L$47,10,FALSE)) -> 8 | AA38: =IF(AA37="","",VLOOKUP(AA37,'【記載例】シフト記号表（勤務時間帯）'!$C$6:$L$47,10,FALSE)) -> 8 | AB38: =IF(AB37="","",VLOOKUP(AB37,'【記載例】シフト記号表（勤務時間帯）'!$C$6:$L$47,10,FALSE)) | AC38: =IF(AC37="","",VLOOKUP(AC37,'【記載例】シフト記号表（勤務時間帯）'!$C$6:$L$47,10,FALSE)) -> 8 | AD38: =IF(AD37="","",VLOOKUP(AD37,'【記載例】シフト記号表（勤務時間帯）'!$C$6:$L$47,10,FALSE)) -> 8 | ... BA38: =IF(BA37="","",VLOOKUP(BA37,'【記載例】シフト記号表（勤務時間帯）'!$C$6:$L$47,10,FALSE)) | BB38: =IF($BE$3="４週",SUM(W38:AX38),IF($BE$3="暦月",SUM(W38:BA38),"")) -> 160 | BD38: =IF($BE$3="４週",BB38/4,IF($BE$3="暦月",(BB38/($BE$8/7)),"")) -> 40
B39: =B37+1 -> 12 | C39: 介護職員 | I39: A | K39: ー | O39: ○○ J太郎 | T39: シフト記号 | W39: d | Y39: h | Z39: i | AA39: d | AB39: a | AD39: a | AE39: d | AG39: h | AH39: i | AI39: d | AK39: a | AL39: d | AO39: h | AP39: i | AQ39: a | AR39: a | AT39: d | AU39: a | AW39: h | AX39: i
F40: =C39 -> 介護職員 | H40: =I39 -> A | T40: 勤務時間数 | W40: =IF(W39="","",VLOOKUP(W39,'【記載例】シフト記号表（勤務時間帯）'!$C$6:$L$47,10,FALSE)) -> 8 | X40: =IF(X39="","",VLOOKUP(X39,'【記載例】シフト記号表（勤務時間帯）'!$C$6:$L$47,10,FALSE)) | Y40: =IF(Y39="","",VLOOKUP(Y39,'【記載例】シフト記号表（勤務時間帯）'!$C$6:$L$47,10,FALSE)) -> 8 | Z40: =IF(Z39="","",VLOOKUP(Z39,'【記載例】シフト記号表（勤務時間帯）'!$C$6:$L$47,10,FALSE)) -> 8 | AA40: =IF(AA39="","",VLOOKUP(AA39,'【記載例】シフト記号表（勤務時間帯）'!$C$6:$L$47,10,FALSE)) -> 8 | AB40: =IF(AB39="","",VLOOKUP(AB39,'【記載例】シフト記号表（勤務時間帯）'!$C$6:$L$47,10,FALSE)) -> 8 | AC40: =IF(AC39="","",VLOOKUP(AC39,'【記載例】シフト記号表（勤務時間帯）'!$C$6:$L$47,10,FALSE)) | AD40: =IF(AD39="","",VLOOKUP(AD39,'【記載例】シフト記号表（勤務時間帯）'!$C$6:$L$47,10,FALSE)) -> 8 | ... BA40: =IF(BA39="","",VLOOKUP(BA39,'【記載例】シフト記号表（勤務時間帯）'!$C$6:$L$47,10,FALSE)) | BB40: =IF($BE$3="４週",SUM(W40:AX40),IF($BE$3="暦月",SUM(W40:BA40),"")) -> 160 | BD40: =IF($BE$3="４週",BB40/4,IF($BE$3="暦月",(BB40/($BE$8/7)),"")) -> 40
B41: =B39+1 -> 13 | C41: 介護職員 | I41: A | K41: ー | O41: ○○ K子 | T41: シフト記号 | W41: a | X41: d | Z41: h | AA41: i | AC41: a | AD41: d | AE41: d | AF41: a | AH41: h | AI41: i | AK41: d | AM41: d | AN41: d | AP41: h | AQ41: i | AR41: d | AS41: a | AU41: d | AV41: d | AX41: h
F42: =C41 -> 介護職員 | H42: =I41 -> A | T42: 勤務時間数 | W42: =IF(W41="","",VLOOKUP(W41,'【記載例】シフト記号表（勤務時間帯）'!$C$6:$L$47,10,FALSE)) -> 8 | X42: =IF(X41="","",VLOOKUP(X41,'【記載例】シフト記号表（勤務時間帯）'!$C$6:$L$47,10,FALSE)) -> 8 | Y42: =IF(Y41="","",VLOOKUP(Y41,'【記載例】シフト記号表（勤務時間帯）'!$C$6:$L$47,10,FALSE)) | Z42: =IF(Z41="","",VLOOKUP(Z41,'【記載例】シフト記号表（勤務時間帯）'!$C$6:$L$47,10,FALSE)) -> 8 | AA42: =IF(AA41="","",VLOOKUP(AA41,'【記載例】シフト記号表（勤務時間帯）'!$C$6:$L$47,10,FALSE)) -> 8 | AB42: =IF(AB41="","",VLOOKUP(AB41,'【記載例】シフト記号表（勤務時間帯）'!$C$6:$L$47,10,FALSE)) | AC42: =IF(AC41="","",VLOOKUP(AC41,'【記載例】シフト記号表（勤務時間帯）'!$C$6:$L$47,10,FALSE)) -> 8 | AD42: =IF(AD41="","",VLOOKUP(AD41,'【記載例】シフト記号表（勤務時間帯）'!$C$6:$L$47,10,FALSE)) -> 8 | ... BA42: =IF(BA41="","",VLOOKUP(BA41,'【記載例】シフト記号表（勤務時間帯）'!$C$6:$L$47,10,FALSE)) | BB42: =IF($BE$3="４週",SUM(W42:AX42),IF($BE$3="暦月",SUM(W42:BA42),"")) -> 160 | BD42: =IF($BE$3="４週",BB42/4,IF($BE$3="暦月",(BB42/($BE$8/7)),"")) -> 40
B43: =B41+1 -> 14 | C43: 介護職員 | I43: C | K43: ー | O43: ○○ L太 | T43: シフト記号 | X43: a | Y43: d | AA43: d | AB43: d | AE43: a | AF43: d | AG43: d | AJ43: a | AM43: a | AN43: a | AO43: d | AQ43: d | AS43: d | AT43: d | AV43: d | AW43: a
F44: =C43 -> 介護職員 | H44: =I43 -> C | T44: 勤務時間数 | W44: =IF(W43="","",VLOOKUP(W43,'【記載例】シフト記号表（勤務時間帯）'!$C$6:$L$47,10,FALSE)) | X44: =IF(X43="","",VLOOKUP(X43,'【記載例】シフト記号表（勤務時間帯）'!$C$6:$L$47,10,FALSE)) -> 8 | Y44: =IF(Y43="","",VLOOKUP(Y43,'【記載例】シフト記号表（勤務時間帯）'!$C$6:$L$47,10,FALSE)) -> 8 | Z44: =IF(Z43="","",VLOOKUP(Z43,'【記載例】シフト記号表（勤務時間帯）'!$C$6:$L$47,10,FALSE)) | AA44: =IF(AA43="","",VLOOKUP(AA43,'【記載例】シフト記号表（勤務時間帯）'!$C$6:$L$47,10,FALSE)) -> 8 | AB44: =IF(AB43="","",VLOOKUP(AB43,'【記載例】シフト記号表（勤務時間帯）'!$C$6:$L$47,10,FALSE)) -> 8 | AC44: =IF(AC43="","",VLOOKUP(AC43,'【記載例】シフト記号表（勤務時間帯）'!$C$6:$L$47,10,FALSE)) | AD44: =IF(AD43="","",VLOOKUP(AD43,'【記載例】シフト記号表（勤務時間帯）'!$C$6:$L$47,10,FALSE)) | ... BA44: =IF(BA43="","",VLOOKUP(BA43,'【記載例】シフト記号表（勤務時間帯）'!$C$6:$L$47,10,FALSE)) | BB44: =IF($BE$3="４週",SUM(W44:AX44),IF($BE$3="暦月",SUM(W44:BA44),"")) -> 128 | BD44: =IF($BE$3="４週",BB44/4,IF($BE$3="暦月",(BB44/($BE$8/7)),"")) -> 32
B45: =B43+1 -> 15 | C45: 介護職員 | I45: A | K45: 介護福祉士 | O45: ○○ M子 | T45: シフト記号 | W45: d | X45: d | AA45: h | AB45: i | AC45: a | AD45: a | AF45: d | AG45: d | AI45: h | AJ45: i | AK45: a | AL45: a | AN45: d | AQ45: h | AR45: i | AS45: a | AT45: a | AV45: a | AW45: d | AX45: d
F46: =C45 -> 介護職員 | H46: =I45 -> A | T46: 勤務時間数 | W46: =IF(W45="","",VLOOKUP(W45,'【記載例】シフト記号表（勤務時間帯）'!$C$6:$L$47,10,FALSE)) -> 8 | X46: =IF(X45="","",VLOOKUP(X45,'【記載例】シフト記号表（勤務時間帯）'!$C$6:$L$47,10,FALSE)) -> 8 | Y46: =IF(Y45="","",VLOOKUP(Y45,'【記載例】シフト記号表（勤務時間帯）'!$C$6:$L$47,10,FALSE)) | Z46: =IF(Z45="","",VLOOKUP(Z45,'【記載例】シフト記号表（勤務時間帯）'!$C$6:$L$47,10,FALSE)) | AA46: =IF(AA45="","",VLOOKUP(AA45,'【記載例】シフト記号表（勤務時間帯）'!$C$6:$L$47,10,FALSE)) -> 8 | AB46: =IF(AB45="","",VLOOKUP(AB45,'【記載例】シフト記号表（勤務時間帯）'!$C$6:$L$47,10,FALSE)) -> 8 | AC46: =IF(AC45="","",VLOOKUP(AC45,'【記載例】シフト記号表（勤務時間帯）'!$C$6:$L$47,10,FALSE)) -> 8 | AD46: =IF(AD45="","",VLOOKUP(AD45,'【記載例】シフト記号表（勤務時間帯）'!$C$6:$L$47,10,FALSE)) -> 8 | ... BA46: =IF(BA45="","",VLOOKUP(BA45,'【記載例】シフト記号表（勤務時間帯）'!$C$6:$L$47,10,FALSE)) | BB46: =IF($BE$3="４週",SUM(W46:AX46),IF($BE$3="暦月",SUM(W46:BA46),"")) -> 160 | BD46: =IF($BE$3="４週",BB46/4,IF($BE$3="暦月",(BB46/($BE$8/7)),"")) -> 40
B47: =B45+1 -> 16 | C47: 介護職員 | I47: A | K47: ー | O47: ○○ N男 | T47: シフト記号 | X47: a | Y47: d | Z47: d | AB47: h | AC47: i | AD47: d | AF47: d | AG47: d | AJ47: h | AK47: i | AL47: d | AM47: d | AN47: d | AO47: a | AP47: a | AR47: h | AS47: i | AT47: a | AU47: d | AX47: a
F48: =C47 -> 介護職員 | H48: =I47 -> A | T48: 勤務時間数 | W48: =IF(W47="","",VLOOKUP(W47,'【記載例】シフト記号表（勤務時間帯）'!$C$6:$L$47,10,FALSE)) | X48: =IF(X47="","",VLOOKUP(X47,'【記載例】シフト記号表（勤務時間帯）'!$C$6:$L$47,10,FALSE)) -> 8 | Y48: =IF(Y47="","",VLOOKUP(Y47,'【記載例】シフト記号表（勤務時間帯）'!$C$6:$L$47,10,FALSE)) -> 8 | Z48: =IF(Z47="","",VLOOKUP(Z47,'【記載例】シフト記号表（勤務時間帯）'!$C$6:$L$47,10,FALSE)) -> 8 | AA48: =IF(AA47="","",VLOOKUP(AA47,'【記載例】シフト記号表（勤務時間帯）'!$C$6:$L$47,10,FALSE)) | AB48: =IF(AB47="","",VLOOKUP(AB47,'【記載例】シフト記号表（勤務時間帯）'!$C$6:$L$47,10,FALSE)) -> 8 | AC48: =IF(AC47="","",VLOOKUP(AC47,'【記載例】シフト記号表（勤務時間帯）'!$C$6:$L$47,10,FALSE)) -> 8 | AD48: =IF(AD47="","",VLOOKUP(AD47,'【記載例】シフト記号表（勤務時間帯）'!$C$6:$L$47,10,FALSE)) -> 8 | ... BA48: =IF(BA47="","",VLOOKUP(BA47,'【記載例】シフト記号表（勤務時間帯）'!$C$6:$L$47,10,FALSE)) | BB48: =IF($BE$3="４週",SUM(W48:AX48),IF($BE$3="暦月",SUM(W48:BA48),"")) -> 160 | BD48: =IF($BE$3="４週",BB48/4,IF($BE$3="暦月",(BB48/($BE$8/7)),"")) -> 40
B49: =B47+1 -> 17 | C49: 介護職員 | I49: A | K49: ー | O49: ○○ P子 | T49: シフト記号 | W49: a | Y49: a | AA49: d | AC49: h | AD49: i | AE49: d | AF49: d | AG49: a | AH49: a | AJ49: d | AK49: h | AL49: i | AM49: a | AO49: d | AP49: d | AS49: h | AT49: i | AU49: a | AV49: d | AW49: d
F50: =C49 -> 介護職員 | H50: =I49 -> A | T50: 勤務時間数 | W50: =IF(W49="","",VLOOKUP(W49,'【記載例】シフト記号表（勤務時間帯）'!$C$6:$L$47,10,FALSE)) -> 8 | X50: =IF(X49="","",VLOOKUP(X49,'【記載例】シフト記号表（勤務時間帯）'!$C$6:$L$47,10,FALSE)) | Y50: =IF(Y49="","",VLOOKUP(Y49,'【記載例】シフト記号表（勤務時間帯）'!$C$6:$L$47,10,FALSE)) -> 8 | Z50: =IF(Z49="","",VLOOKUP(Z49,'【記載例】シフト記号表（勤務時間帯）'!$C$6:$L$47,10,FALSE)) | AA50: =IF(AA49="","",VLOOKUP(AA49,'【記載例】シフト記号表（勤務時間帯）'!$C$6:$L$47,10,FALSE)) -> 8 | AB50: =IF(AB49="","",VLOOKUP(AB49,'【記載例】シフト記号表（勤務時間帯）'!$C$6:$L$47,10,FALSE)) | AC50: =IF(AC49="","",VLOOKUP(AC49,'【記載例】シフト記号表（勤務時間帯）'!$C$6:$L$47,10,FALSE)) -> 8 | AD50: =IF(AD49="","",VLOOKUP(AD49,'【記載例】シフト記号表（勤務時間帯）'!$C$6:$L$47,10,FALSE)) -> 8 | ... BA50: =IF(BA49="","",VLOOKUP(BA49,'【記載例】シフト記号表（勤務時間帯）'!$C$6:$L$47,10,FALSE)) | BB50: =IF($BE$3="４週",SUM(W50:AX50),IF($BE$3="暦月",SUM(W50:BA50),"")) -> 160 | BD50: =IF($BE$3="４週",BB50/4,IF($BE$3="暦月",(BB50/($BE$8/7)),"")) -> 40
B51: =B49+1 -> 18 | C51: 介護職員 | I51: A | K51: ー | O51: ○○ R次郎 | T51: シフト記号 | W51: i | Y51: d | Z51: a | AA51: a | AB51: a | AD51: h | AE51: i | AF51: a | AH51: d | AI51: d | AL51: h | AM51: i | AN51: a | AP51: d | AQ51: d | AR51: d | AT51: h | AU51: i | AV51: a | AX51: d
F52: =C51 -> 介護職員 | H52: =I51 -> A | T52: 勤務時間数 | W52: =IF(W51="","",VLOOKUP(W51,'【記載例】シフト記号表（勤務時間帯）'!$C$6:$L$47,10,FALSE)) -> 8 | X52: =IF(X51="","",VLOOKUP(X51,'【記載例】シフト記号表（勤務時間帯）'!$C$6:$L$47,10,FALSE)) | Y52: =IF(Y51="","",VLOOKUP(Y51,'【記載例】シフト記号表（勤務時間帯）'!$C$6:$L$47,10,FALSE)) -> 8 | Z52: =IF(Z51="","",VLOOKUP(Z51,'【記載例】シフト記号表（勤務時間帯）'!$C$6:$L$47,10,FALSE)) -> 8 | AA52: =IF(AA51="","",VLOOKUP(AA51,'【記載例】シフト記号表（勤務時間帯）'!$C$6:$L$47,10,FALSE)) -> 8 | AB52: =IF(AB51="","",VLOOKUP(AB51,'【記載例】シフト記号表（勤務時間帯）'!$C$6:$L$47,10,FALSE)) -> 8 | AC52: =IF(AC51="","",VLOOKUP(AC51,'【記載例】シフト記号表（勤務時間帯）'!$C$6:$L$47,10,FALSE)) | AD52: =IF(AD51="","",VLOOKUP(AD51,'【記載例】シフト記号表（勤務時間帯）'!$C$6:$L$47,10,FALSE)) -> 8 | ... BA52: =IF(BA51="","",VLOOKUP(BA51,'【記載例】シフト記号表（勤務時間帯）'!$C$6:$L$47,10,FALSE)) | BB52: =IF($BE$3="４週",SUM(W52:AX52),IF($BE$3="暦月",SUM(W52:BA52),"")) -> 160 | BD52: =IF($BE$3="４週",BB52/4,IF($BE$3="暦月",(BB52/($BE$8/7)),"")) -> 40
B53: =B51+1 -> 19 | C53: 介護職員 | I53: C | K53: ー | O53: ○○ S子 | T53: シフト記号 | W53: d | Z53: d | AB53: d | AC53: d | AE53: d | AH53: d | AI53: a | AJ53: a | AK53: d | AM53: d | AO53: d | AQ53: a | AR53: a | AS53: d | AU53: d | AW53: a
F54: =C53 -> 介護職員 | H54: =I53 -> C | T54: 勤務時間数 | W54: =IF(W53="","",VLOOKUP(W53,'【記載例】シフト記号表（勤務時間帯）'!$C$6:$L$47,10,FALSE)) -> 8 | X54: =IF(X53="","",VLOOKUP(X53,'【記載例】シフト記号表（勤務時間帯）'!$C$6:$L$47,10,FALSE)) | Y54: =IF(Y53="","",VLOOKUP(Y53,'【記載例】シフト記号表（勤務時間帯）'!$C$6:$L$47,10,FALSE)) | Z54: =IF(Z53="","",VLOOKUP(Z53,'【記載例】シフト記号表（勤務時間帯）'!$C$6:$L$47,10,FALSE)) -> 8 | AA54: =IF(AA53="","",VLOOKUP(AA53,'【記載例】シフト記号表（勤務時間帯）'!$C$6:$L$47,10,FALSE)) | AB54: =IF(AB53="","",VLOOKUP(AB53,'【記載例】シフト記号表（勤務時間帯）'!$C$6:$L$47,10,FALSE)) -> 8 | AC54: =IF(AC53="","",VLOOKUP(AC53,'【記載例】シフト記号表（勤務時間帯）'!$C$6:$L$47,10,FALSE)) -> 8 | AD54: =IF(AD53="","",VLOOKUP(AD53,'【記載例】シフト記号表（勤務時間帯）'!$C$6:$L$47,10,FALSE)) | ... BA54: =IF(BA53="","",VLOOKUP(BA53,'【記載例】シフト記号表（勤務時間帯）'!$C$6:$L$47,10,FALSE)) | BB54: =IF($BE$3="４週",SUM(W54:AX54),IF($BE$3="暦月",SUM(W54:BA54),"")) -> 128 | BD54: =IF($BE$3="４週",BB54/4,IF($BE$3="暦月",(BB54/($BE$8/7)),"")) -> 32
B55: =B53+1 -> 20 | C55: 介護職員 | I55: A | K55: 介護福祉士 | O55: ○○ T太 | T55: シフト記号 | W55: h | X55: i | Y55: a | Z55: a | AB55: d | AE55: h | AF55: i | AG55: a | AH55: a | AJ55: d | AK55: d | AM55: h | AN55: i | AO55: a | AP55: a | AR55: d | AU55: h | AV55: i | AW55: a | AX55: a
F56: =C55 -> 介護職員 | H56: =I55 -> A | T56: 勤務時間数 | W56: =IF(W55="","",VLOOKUP(W55,'【記載例】シフト記号表（勤務時間帯）'!$C$6:$L$47,10,FALSE)) -> 8 | X56: =IF(X55="","",VLOOKUP(X55,'【記載例】シフト記号表（勤務時間帯）'!$C$6:$L$47,10,FALSE)) -> 8 | Y56: =IF(Y55="","",VLOOKUP(Y55,'【記載例】シフト記号表（勤務時間帯）'!$C$6:$L$47,10,FALSE)) -> 8 | Z56: =IF(Z55="","",VLOOKUP(Z55,'【記載例】シフト記号表（勤務時間帯）'!$C$6:$L$47,10,FALSE)) -> 8 | AA56: =IF(AA55="","",VLOOKUP(AA55,'【記載例】シフト記号表（勤務時間帯）'!$C$6:$L$47,10,FALSE)) | AB56: =IF(AB55="","",VLOOKUP(AB55,'【記載例】シフト記号表（勤務時間帯）'!$C$6:$L$47,10,FALSE)) -> 8 | AC56: =IF(AC55="","",VLOOKUP(AC55,'【記載例】シフト記号表（勤務時間帯）'!$C$6:$L$47,10,FALSE)) | AD56: =IF(AD55="","",VLOOKUP(AD55,'【記載例】シフト記号表（勤務時間帯）'!$C$6:$L$47,10,FALSE)) | ... BA56: =IF(BA55="","",VLOOKUP(BA55,'【記載例】シフト記号表（勤務時間帯）'!$C$6:$L$47,10,FALSE)) | BB56: =IF($BE$3="４週",SUM(W56:AX56),IF($BE$3="暦月",SUM(W56:BA56),"")) -> 160 | BD56: =IF($BE$3="４週",BB56/4,IF($BE$3="暦月",(BB56/($BE$8/7)),"")) -> 40
B57: =B55+1 -> 21 | C57: 介護職員 | I57: A | K57: ー | O57: ○○ U子 | T57: シフト記号 | X57: h | Y57: i | Z57: d | AA57: a | AC57: d | AD57: d | AF57: h | AG57: i | AH57: d | AI57: a | AK57: d | AL57: a | AN57: h | AO57: i | AP57: d | AS57: d | AT57: a | AV57: h | AW57: i | AX57: d
F58: =C57 -> 介護職員 | H58: =I57 -> A | T58: 勤務時間数 | W58: =IF(W57="","",VLOOKUP(W57,'【記載例】シフト記号表（勤務時間帯）'!$C$6:$L$47,10,FALSE)) | X58: =IF(X57="","",VLOOKUP(X57,'【記載例】シフト記号表（勤務時間帯）'!$C$6:$L$47,10,FALSE)) -> 8 | Y58: =IF(Y57="","",VLOOKUP(Y57,'【記載例】シフト記号表（勤務時間帯）'!$C$6:$L$47,10,FALSE)) -> 8 | Z58: =IF(Z57="","",VLOOKUP(Z57,'【記載例】シフト記号表（勤務時間帯）'!$C$6:$L$47,10,FALSE)) -> 8 | AA58: =IF(AA57="","",VLOOKUP(AA57,'【記載例】シフト記号表（勤務時間帯）'!$C$6:$L$47,10,FALSE)) -> 8 | AB58: =IF(AB57="","",VLOOKUP(AB57,'【記載例】シフト記号表（勤務時間帯）'!$C$6:$L$47,10,FALSE)) | AC58: =IF(AC57="","",VLOOKUP(AC57,'【記載例】シフト記号表（勤務時間帯）'!$C$6:$L$47,10,FALSE)) -> 8 | AD58: =IF(AD57="","",VLOOKUP(AD57,'【記載例】シフト記号表（勤務時間帯）'!$C$6:$L$47,10,FALSE)) -> 8 | ... BA58: =IF(BA57="","",VLOOKUP(BA57,'【記載例】シフト記号表（勤務時間帯）'!$C$6:$L$47,10,FALSE)) | BB58: =IF($BE$3="４週",SUM(W58:AX58),IF($BE$3="暦月",SUM(W58:BA58),"")) -> 160 | BD58: =IF($BE$3="４週",BB58/4,IF($BE$3="暦月",(BB58/($BE$8/7)),"")) -> 40
B59: =B57+1 -> 22 | C59: 介護職員 | I59: A | K59: ー | O59: ○○ V男 | T59: シフト記号 | W59: d | Y59: h | Z59: i | AA59: d | AB59: a | AD59: a | AE59: d | AG59: h | AH59: i | AI59: d | AK59: a | AL59: d | AO59: h | AP59: i | AQ59: a | AR59: a | AT59: d | AU59: a | AW59: h | AX59: i
F60: =C59 -> 介護職員 | H60: =I59 -> A | T60: 勤務時間数 | W60: =IF(W59="","",VLOOKUP(W59,'【記載例】シフト記号表（勤務時間帯）'!$C$6:$L$47,10,FALSE)) -> 8 | X60: =IF(X59="","",VLOOKUP(X59,'【記載例】シフト記号表（勤務時間帯）'!$C$6:$L$47,10,FALSE)) | Y60: =IF(Y59="","",VLOOKUP(Y59,'【記載例】シフト記号表（勤務時間帯）'!$C$6:$L$47,10,FALSE)) -> 8 | Z60: =IF(Z59="","",VLOOKUP(Z59,'【記載例】シフト記号表（勤務時間帯）'!$C$6:$L$47,10,FALSE)) -> 8 | AA60: =IF(AA59="","",VLOOKUP(AA59,'【記載例】シフト記号表（勤務時間帯）'!$C$6:$L$47,10,FALSE)) -> 8 | AB60: =IF(AB59="","",VLOOKUP(AB59,'【記載例】シフト記号表（勤務時間帯）'!$C$6:$L$47,10,FALSE)) -> 8 | AC60: =IF(AC59="","",VLOOKUP(AC59,'【記載例】シフト記号表（勤務時間帯）'!$C$6:$L$47,10,FALSE)) | AD60: =IF(AD59="","",VLOOKUP(AD59,'【記載例】シフト記号表（勤務時間帯）'!$C$6:$L$47,10,FALSE)) -> 8 | ... BA60: =IF(BA59="","",VLOOKUP(BA59,'【記載例】シフト記号表（勤務時間帯）'!$C$6:$L$47,10,FALSE)) | BB60: =IF($BE$3="４週",SUM(W60:AX60),IF($BE$3="暦月",SUM(W60:BA60),"")) -> 160 | BD60: =IF($BE$3="４週",BB60/4,IF($BE$3="暦月",(BB60/($BE$8/7)),"")) -> 40
B61: =B59+1 -> 23 | C61: 介護職員 | I61: A | K61: ー | O61: ○○ W子 | T61: シフト記号 | W61: a | X61: d | Z61: h | AA61: i | AC61: a | AD61: d | AE61: d | AF61: a | AH61: h | AI61: i | AK61: d | AM61: d | AN61: d | AP61: h | AQ61: i | AR61: d | AS61: a | AU61: d | AV61: d | AX61: h
F62: =C61 -> 介護職員 | H62: =I61 -> A | T62: 勤務時間数 | W62: =IF(W61="","",VLOOKUP(W61,'【記載例】シフト記号表（勤務時間帯）'!$C$6:$L$47,10,FALSE)) -> 8 | X62: =IF(X61="","",VLOOKUP(X61,'【記載例】シフト記号表（勤務時間帯）'!$C$6:$L$47,10,FALSE)) -> 8 | Y62: =IF(Y61="","",VLOOKUP(Y61,'【記載例】シフト記号表（勤務時間帯）'!$C$6:$L$47,10,FALSE)) | Z62: =IF(Z61="","",VLOOKUP(Z61,'【記載例】シフト記号表（勤務時間帯）'!$C$6:$L$47,10,FALSE)) -> 8 | AA62: =IF(AA61="","",VLOOKUP(AA61,'【記載例】シフト記号表（勤務時間帯）'!$C$6:$L$47,10,FALSE)) -> 8 | AB62: =IF(AB61="","",VLOOKUP(AB61,'【記載例】シフト記号表（勤務時間帯）'!$C$6:$L$47,10,FALSE)) | AC62: =IF(AC61="","",VLOOKUP(AC61,'【記載例】シフト記号表（勤務時間帯）'!$C$6:$L$47,10,FALSE)) -> 8 | AD62: =IF(AD61="","",VLOOKUP(AD61,'【記載例】シフト記号表（勤務時間帯）'!$C$6:$L$47,10,FALSE)) -> 8 | ... BA62: =IF(BA61="","",VLOOKUP(BA61,'【記載例】シフト記号表（勤務時間帯）'!$C$6:$L$47,10,FALSE)) | BB62: =IF($BE$3="４週",SUM(W62:AX62),IF($BE$3="暦月",SUM(W62:BA62),"")) -> 160 | BD62: =IF($BE$3="４週",BB62/4,IF($BE$3="暦月",(BB62/($BE$8/7)),"")) -> 40
B63: =B61+1 -> 24 | C63: 介護職員 | I63: C | K63: ー | O63: ○○ X太郎 | T63: シフト記号 | X63: a | Y63: d | AA63: d | AB63: d | AE63: a | AF63: d | AG63: d | AJ63: a | AM63: a | AN63: a | AO63: d | AQ63: d | AS63: d | AT63: d | AV63: d | AW63: a
F64: =C63 -> 介護職員 | H64: =I63 -> C | T64: 勤務時間数 | W64: =IF(W63="","",VLOOKUP(W63,'【記載例】シフト記号表（勤務時間帯）'!$C$6:$L$47,10,FALSE)) | X64: =IF(X63="","",VLOOKUP(X63,'【記載例】シフト記号表（勤務時間帯）'!$C$6:$L$47,10,FALSE)) -> 8 | Y64: =IF(Y63="","",VLOOKUP(Y63,'【記載例】シフト記号表（勤務時間帯）'!$C$6:$L$47,10,FALSE)) -> 8 | Z64: =IF(Z63="","",VLOOKUP(Z63,'【記載例】シフト記号表（勤務時間帯）'!$C$6:$L$47,10,FALSE)) | AA64: =IF(AA63="","",VLOOKUP(AA63,'【記載例】シフト記号表（勤務時間帯）'!$C$6:$L$47,10,FALSE)) -> 8 | AB64: =IF(AB63="","",VLOOKUP(AB63,'【記載例】シフト記号表（勤務時間帯）'!$C$6:$L$47,10,FALSE)) -> 8 | AC64: =IF(AC63="","",VLOOKUP(AC63,'【記載例】シフト記号表（勤務時間帯）'!$C$6:$L$47,10,FALSE)) | AD64: =IF(AD63="","",VLOOKUP(AD63,'【記載例】シフト記号表（勤務時間帯）'!$C$6:$L$47,10,FALSE)) | ... BA64: =IF(BA63="","",VLOOKUP(BA63,'【記載例】シフト記号表（勤務時間帯）'!$C$6:$L$47,10,FALSE)) | BB64: =IF($BE$3="４週",SUM(W64:AX64),IF($BE$3="暦月",SUM(W64:BA64),"")) -> 128 | BD64: =IF($BE$3="４週",BB64/4,IF($BE$3="暦月",(BB64/($BE$8/7)),"")) -> 32
B65: =B63+1 -> 25 | C65: 介護職員 | I65: A | K65: 介護福祉士 | O65: ○○ Y子 | T65: シフト記号 | W65: d | X65: d | AA65: h | AB65: i | AC65: a | AD65: a | AF65: d | AG65: d | AI65: h | AJ65: i | AK65: a | AL65: a | AN65: d | AQ65: h | AR65: i | AS65: a | AT65: a | AV65: a | AW65: d | AX65: d
F66: =C65 -> 介護職員 | H66: =I65 -> A | T66: 勤務時間数 | W66: =IF(W65="","",VLOOKUP(W65,'【記載例】シフト記号表（勤務時間帯）'!$C$6:$L$47,10,FALSE)) -> 8 | X66: =IF(X65="","",VLOOKUP(X65,'【記載例】シフト記号表（勤務時間帯）'!$C$6:$L$47,10,FALSE)) -> 8 | Y66: =IF(Y65="","",VLOOKUP(Y65,'【記載例】シフト記号表（勤務時間帯）'!$C$6:$L$47,10,FALSE)) | Z66: =IF(Z65="","",VLOOKUP(Z65,'【記載例】シフト記号表（勤務時間帯）'!$C$6:$L$47,10,FALSE)) | AA66: =IF(AA65="","",VLOOKUP(AA65,'【記載例】シフト記号表（勤務時間帯）'!$C$6:$L$47,10,FALSE)) -> 8 | AB66: =IF(AB65="","",VLOOKUP(AB65,'【記載例】シフト記号表（勤務時間帯）'!$C$6:$L$47,10,FALSE)) -> 8 | AC66: =IF(AC65="","",VLOOKUP(AC65,'【記載例】シフト記号表（勤務時間帯）'!$C$6:$L$47,10,FALSE)) -> 8 | AD66: =IF(AD65="","",VLOOKUP(AD65,'【記載例】シフト記号表（勤務時間帯）'!$C$6:$L$47,10,FALSE)) -> 8 | ... BA66: =IF(BA65="","",VLOOKUP(BA65,'【記載例】シフト記号表（勤務時間帯）'!$C$6:$L$47,10,FALSE)) | BB66: =IF($BE$3="４週",SUM(W66:AX66),IF($BE$3="暦月",SUM(W66:BA66),"")) -> 160 | BD66: =IF($BE$3="４週",BB66/4,IF($BE$3="暦月",(BB66/($BE$8/7)),"")) -> 40
B67: =B65+1 -> 26 | C67: 介護職員 | I67: A | K67: ー | O67: ○○ Z男 | T67: シフト記号 | X67: a | Y67: d | Z67: d | AB67: h | AC67: i | AD67: d | AF67: d | AG67: d | AJ67: h | AK67: i | AL67: d | AM67: d | AN67: d | AO67: a | AP67: a | AR67: h | AS67: i | AT67: a | AU67: d | AX67: a
F68: =C67 -> 介護職員 | H68: =I67 -> A | T68: 勤務時間数 | W68: =IF(W67="","",VLOOKUP(W67,'【記載例】シフト記号表（勤務時間帯）'!$C$6:$L$47,10,FALSE)) | X68: =IF(X67="","",VLOOKUP(X67,'【記載例】シフト記号表（勤務時間帯）'!$C$6:$L$47,10,FALSE)) -> 8 | Y68: =IF(Y67="","",VLOOKUP(Y67,'【記載例】シフト記号表（勤務時間帯）'!$C$6:$L$47,10,FALSE)) -> 8 | Z68: =IF(Z67="","",VLOOKUP(Z67,'【記載例】シフト記号表（勤務時間帯）'!$C$6:$L$47,10,FALSE)) -> 8 | AA68: =IF(AA67="","",VLOOKUP(AA67,'【記載例】シフト記号表（勤務時間帯）'!$C$6:$L$47,10,FALSE)) | AB68: =IF(AB67="","",VLOOKUP(AB67,'【記載例】シフト記号表（勤務時間帯）'!$C$6:$L$47,10,FALSE)) -> 8 | AC68: =IF(AC67="","",VLOOKUP(AC67,'【記載例】シフト記号表（勤務時間帯）'!$C$6:$L$47,10,FALSE)) -> 8 | AD68: =IF(AD67="","",VLOOKUP(AD67,'【記載例】シフト記号表（勤務時間帯）'!$C$6:$L$47,10,FALSE)) -> 8 | ... BA68: =IF(BA67="","",VLOOKUP(BA67,'【記載例】シフト記号表（勤務時間帯）'!$C$6:$L$47,10,FALSE)) | BB68: =IF($BE$3="４週",SUM(W68:AX68),IF($BE$3="暦月",SUM(W68:BA68),"")) -> 160 | BD68: =IF($BE$3="４週",BB68/4,IF($BE$3="暦月",(BB68/($BE$8/7)),"")) -> 40
B69: =B67+1 -> 27 | C69: 介護職員 | I69: A | K69: ー | O69: ○○ AA三郎 | T69: シフト記号 | W69: a | Y69: a | AA69: d | AC69: h | AD69: i | AE69: d | AF69: d | AG69: a | AH69: a | AJ69: d | AK69: h | AL69: i | AM69: a | AO69: d | AP69: d | AS69: h | AT69: i | AU69: a | AV69: d | AW69: d
F70: =C69 -> 介護職員 | H70: =I69 -> A | T70: 勤務時間数 | W70: =IF(W69="","",VLOOKUP(W69,'【記載例】シフト記号表（勤務時間帯）'!$C$6:$L$47,10,FALSE)) -> 8 | X70: =IF(X69="","",VLOOKUP(X69,'【記載例】シフト記号表（勤務時間帯）'!$C$6:$L$47,10,FALSE)) | Y70: =IF(Y69="","",VLOOKUP(Y69,'【記載例】シフト記号表（勤務時間帯）'!$C$6:$L$47,10,FALSE)) -> 8 | Z70: =IF(Z69="","",VLOOKUP(Z69,'【記載例】シフト記号表（勤務時間帯）'!$C$6:$L$47,10,FALSE)) | AA70: =IF(AA69="","",VLOOKUP(AA69,'【記載例】シフト記号表（勤務時間帯）'!$C$6:$L$47,10,FALSE)) -> 8 | AB70: =IF(AB69="","",VLOOKUP(AB69,'【記載例】シフト記号表（勤務時間帯）'!$C$6:$L$47,10,FALSE)) | AC70: =IF(AC69="","",VLOOKUP(AC69,'【記載例】シフト記号表（勤務時間帯）'!$C$6:$L$47,10,FALSE)) -> 8 | AD70: =IF(AD69="","",VLOOKUP(AD69,'【記載例】シフト記号表（勤務時間帯）'!$C$6:$L$47,10,FALSE)) -> 8 | ... BA70: =IF(BA69="","",VLOOKUP(BA69,'【記載例】シフト記号表（勤務時間帯）'!$C$6:$L$47,10,FALSE)) | BB70: =IF($BE$3="４週",SUM(W70:AX70),IF($BE$3="暦月",SUM(W70:BA70),"")) -> 160 | BD70: =IF($BE$3="４週",BB70/4,IF($BE$3="暦月",(BB70/($BE$8/7)),"")) -> 40
B71: =B69+1 -> 28 | C71: 介護職員 | I71: A | K71: ー | O71: ○○ BB子 | T71: シフト記号 | W71: i | Y71: d | Z71: a | AA71: a | AB71: a | AD71: h | AE71: i | AF71: a | AH71: d | AI71: d | AL71: h | AM71: i | AN71: a | AP71: d | AQ71: d | AR71: d | AT71: h | AU71: i | AV71: a | AX71: d
F72: =C71 -> 介護職員 | H72: =I71 -> A | T72: 勤務時間数 | W72: =IF(W71="","",VLOOKUP(W71,'【記載例】シフト記号表（勤務時間帯）'!$C$6:$L$47,10,FALSE)) -> 8 | X72: =IF(X71="","",VLOOKUP(X71,'【記載例】シフト記号表（勤務時間帯）'!$C$6:$L$47,10,FALSE)) | Y72: =IF(Y71="","",VLOOKUP(Y71,'【記載例】シフト記号表（勤務時間帯）'!$C$6:$L$47,10,FALSE)) -> 8 | Z72: =IF(Z71="","",VLOOKUP(Z71,'【記載例】シフト記号表（勤務時間帯）'!$C$6:$L$47,10,FALSE)) -> 8 | AA72: =IF(AA71="","",VLOOKUP(AA71,'【記載例】シフト記号表（勤務時間帯）'!$C$6:$L$47,10,FALSE)) -> 8 | AB72: =IF(AB71="","",VLOOKUP(AB71,'【記載例】シフト記号表（勤務時間帯）'!$C$6:$L$47,10,FALSE)) -> 8 | AC72: =IF(AC71="","",VLOOKUP(AC71,'【記載例】シフト記号表（勤務時間帯）'!$C$6:$L$47,10,FALSE)) | AD72: =IF(AD71="","",VLOOKUP(AD71,'【記載例】シフト記号表（勤務時間帯）'!$C$6:$L$47,10,FALSE)) -> 8 | ... BA72: =IF(BA71="","",VLOOKUP(BA71,'【記載例】シフト記号表（勤務時間帯）'!$C$6:$L$47,10,FALSE)) | BB72: =IF($BE$3="４週",SUM(W72:AX72),IF($BE$3="暦月",SUM(W72:BA72),"")) -> 160 | BD72: =IF($BE$3="４週",BB72/4,IF($BE$3="暦月",(BB72/($BE$8/7)),"")) -> 40
B73: =B71+1 -> 29 | C73: 介護職員 | I73: C | K73: ー | O73: ○○ CC次郎 | T73: シフト記号 | W73: d | Z73: d | AB73: d | AC73: d | AE73: d | AH73: d | AI73: a | AJ73: a | AK73: d | AM73: d | AO73: d | AQ73: a | AR73: a | AS73: d | AU73: d | AW73: a
F74: =C73 -> 介護職員 | H74: =I73 -> C | T74: 勤務時間数 | W74: =IF(W73="","",VLOOKUP(W73,'【記載例】シフト記号表（勤務時間帯）'!$C$6:$L$47,10,FALSE)) -> 8 | X74: =IF(X73="","",VLOOKUP(X73,'【記載例】シフト記号表（勤務時間帯）'!$C$6:$L$47,10,FALSE)) | Y74: =IF(Y73="","",VLOOKUP(Y73,'【記載例】シフト記号表（勤務時間帯）'!$C$6:$L$47,10,FALSE)) | Z74: =IF(Z73="","",VLOOKUP(Z73,'【記載例】シフト記号表（勤務時間帯）'!$C$6:$L$47,10,FALSE)) -> 8 | AA74: =IF(AA73="","",VLOOKUP(AA73,'【記載例】シフト記号表（勤務時間帯）'!$C$6:$L$47,10,FALSE)) | AB74: =IF(AB73="","",VLOOKUP(AB73,'【記載例】シフト記号表（勤務時間帯）'!$C$6:$L$47,10,FALSE)) -> 8 | AC74: =IF(AC73="","",VLOOKUP(AC73,'【記載例】シフト記号表（勤務時間帯）'!$C$6:$L$47,10,FALSE)) -> 8 | AD74: =IF(AD73="","",VLOOKUP(AD73,'【記載例】シフト記号表（勤務時間帯）'!$C$6:$L$47,10,FALSE)) | ... BA74: =IF(BA73="","",VLOOKUP(BA73,'【記載例】シフト記号表（勤務時間帯）'!$C$6:$L$47,10,FALSE)) | BB74: =IF($BE$3="４週",SUM(W74:AX74),IF($BE$3="暦月",SUM(W74:BA74),"")) -> 128 | BD74: =IF($BE$3="４週",BB74/4,IF($BE$3="暦月",(BB74/($BE$8/7)),"")) -> 32
B75: =B73+1 -> 30 | T75: シフト記号
F76: =C76 -> 0 | H76: =I76 -> 0 | T76: 勤務時間数 | W76: =IF(W75="","",VLOOKUP(W75,'【記載例】シフト記号表（勤務時間帯）'!$C$6:$L$47,10,FALSE)) | X76: =IF(X75="","",VLOOKUP(X75,'【記載例】シフト記号表（勤務時間帯）'!$C$6:$L$47,10,FALSE)) | Y76: =IF(Y75="","",VLOOKUP(Y75,'【記載例】シフト記号表（勤務時間帯）'!$C$6:$L$47,10,FALSE)) | Z76: =IF(Z75="","",VLOOKUP(Z75,'【記載例】シフト記号表（勤務時間帯）'!$C$6:$L$47,10,FALSE)) | AA76: =IF(AA75="","",VLOOKUP(AA75,'【記載例】シフト記号表（勤務時間帯）'!$C$6:$L$47,10,FALSE)) | AB76: =IF(AB75="","",VLOOKUP(AB75,'【記載例】シフト記号表（勤務時間帯）'!$C$6:$L$47,10,FALSE)) | AC76: =IF(AC75="","",VLOOKUP(AC75,'【記載例】シフト記号表（勤務時間帯）'!$C$6:$L$47,10,FALSE)) | AD76: =IF(AD75="","",VLOOKUP(AD75,'【記載例】シフト記号表（勤務時間帯）'!$C$6:$L$47,10,FALSE)) | ... BA76: =IF(BA75="","",VLOOKUP(BA75,'【記載例】シフト記号表（勤務時間帯）'!$C$6:$L$47,10,FALSE)) | BB76: =IF($BE$3="４週",SUM(W76:AX76),IF($BE$3="暦月",SUM(W76:BA76),"")) -> 0 | BD76: =IF($BE$3="４週",BB76/4,IF($BE$3="暦月",(BB76/($BE$8/7)),"")) -> 0
J78: (12)【任意入力】人員基準の確認（看護職員・介護職員）
K79: ①看護職員 | AA79: ②介護職員 | AQ79: ③看護職員と介護職員の合計
K80: 勤務形態 | M80: 勤務時間数合計 | R80: 常勤換算の対象時間数 | W80: 常勤換算方法対象外の | AA80: 勤務形態 | AC80: 勤務時間数合計 | AH80: 常勤換算の対象時間数 | AM80: 常勤換算方法対象外の
M81: 当月合計 | O81: 週平均 | R81: 当月合計 | T81: 週平均 | W81: 常勤の従業者の人数 | AC81: 当月合計 | AE81: 週平均 | AH81: 当月合計 | AJ81: 週平均 | AM81: 常勤の従業者の人数 | AQ81: 看護職員 | AV81: 介護職員 | BA81: 合計
K82: A | M82: =SUMIFS($BB$17:$BB$76,$F$17:$F$76,"看護職員",$H$17:$H$76,"A") -> 480 | O82: =SUMIFS($BD$17:$BD$76,$F$17:$F$76,"看護職員",$H$17:$H$76,"A") -> 120 | R82: 0 | T82: 0 | W82: 3 | AA82: A | AC82: =SUMIFS($BB$17:$BB$76,$F$17:$F$76,"介護職員",$H$17:$H$76,"A") -> 2720 | AE82: =SUMIFS($BD$17:$BD$76,$F$17:$F$76,"介護職員",$H$17:$H$76,"A") -> 680 | AH82: 0 | AJ82: 0 | AM82: 17 | AQ82: =U96 -> 3.5 | AU82: ＋ | AV82: =AK96 -> 20.2 | AZ82: ＝ | BA82: =ROUNDDOWN(AQ82+AV82,1) -> 23.7
K83: B | M83: =SUMIFS($BB$17:$BB$76,$F$17:$F$76,"看護職員",$H$17:$H$76,"B") -> 80 | O83: =SUMIFS($BD$17:$BD$76,$F$17:$F$76,"看護職員",$H$17:$H$76,"B") -> 20 | R83: 80 | T83: 20 | W83: 0 | AA83: B | AC83: =SUMIFS($BB$17:$BB$76,$F$17:$F$76,"介護職員",$H$17:$H$76,"B") -> 0 | AE83: =SUMIFS($BD$17:$BD$76,$F$17:$F$76,"介護職員",$H$17:$H$76,"B") -> 0 | AH83: 0 | AJ83: 0 | AM83: 0
K84: C | M84: =SUMIFS($BB$17:$BB$76,$F$17:$F$76,"看護職員",$H$17:$H$76,"C") -> 0 | O84: =SUMIFS($BD$17:$BD$76,$F$17:$F$76,"看護職員",$H$17:$H$76,"C") -> 0 | R84: 0 | T84: 0 | W84: - | AA84: C | AC84: =SUMIFS($BB$17:$BB$76,$F$17:$F$76,"介護職員",$H$17:$H$76,"C") -> 512 | AE84: =SUMIFS($BD$17:$BD$76,$F$17:$F$76,"介護職員",$H$17:$H$76,"C") -> 128 | AH84: 512 | AJ84: 128 | AM84: -
K85: D | M85: =SUMIFS($BB$17:$BB$76,$F$17:$F$76,"看護職員",$H$17:$H$76,"D") -> 0 | O85: =SUMIFS($BD$17:$BD$76,$F$17:$F$76,"看護職員",$H$17:$H$76,"D") -> 0 | R85: 0 | T85: 0 | W85: - | AA85: D | AC85: =SUMIFS($BB$17:$BB$76,$F$17:$F$76,"介護職員",$H$17:$H$76,"D") -> 0 | AE85: =SUMIFS($BD$17:$BD$76,$F$17:$F$76,"介護職員",$H$17:$H$76,"D") -> 0 | AH85: 0 | AJ85: 0 | AM85: - | AQ85: （勤務形態の記号）
K86: 合計 | M86: =SUM(M82:N85) -> 560 | O86: =SUM(O82:P85) -> 140 | R86: =SUM(R82:S85) -> 80 | T86: =SUM(T82:U85) -> 20 | W86: =SUM(W82:X83) -> 3 | AA86: 合計 | AC86: =SUM(AC82:AD85) -> 3232 | AE86: =SUM(AE82:AF85) -> 808 | AH86: =SUM(AH82:AI85) -> 512 | AJ86: =SUM(AJ82:AK85) -> 128 | AM86: =SUM(AM82:AN83) -> 17 | AQ86: 記号 | AS86: 区分
AQ87: A | AS87: 常勤で専従
K88: ■ 常勤換算方法による人数 | Q88: 基準： | R88: 週 | AA88: ■ 常勤換算方法による人数 | AG88: 基準： | AH88: =R88 -> 週 | AQ88: B | AS88: 常勤で兼務
K89: 常勤換算の | P89: 常勤の従業者が | AA89: 常勤換算の | AF89: 常勤の従業者が | AQ89: C | AS89: 非常勤で専従
K90: =IF($R$88="週","対象時間数（週平均）","対象時間数（当月合計）") -> 対象時間数（週平均） | P90: =IF($R$88="週","週に勤務すべき時間数","当月に勤務すべき時間数") -> 週に勤務すべき時間数 | U90: 常勤換算後の人数 | AA90: =IF(AH88="週","対象時間数（週平均）","対象時間数（当月合計）") -> 対象時間数（週平均） | AF90: =IF($AH$88="週","週に勤務すべき時間数","当月に勤務すべき時間数") -> 週に勤務すべき時間数 | AK90: 常勤換算後の人数 | AQ90: D | AS90: 非常勤で兼務
K91: =IF($R$88="週",T86,R86) -> 20 | O91: ÷ | P91: =IF($R$88="週",$BA$6,$BE$6) -> 40 | T91: ＝ | U91: =ROUNDDOWN(K91/P91,1) -> 0.5 | AA91: =IF($AH$88="週",AJ86,AH86) -> 128 | AE91: ÷ | AF91: =IF($AH$88="週",$BA$6,$BE$6) -> 40 | AJ91: ＝ | AK91: =ROUNDDOWN(AA91/AF91,1) -> 3.2
U92: （小数点第2位以下切り捨て） | AK92: （小数点第2位以下切り捨て）
K93: ■ 看護職員の常勤換算方法による人数 | AA93: ■ 介護職員の常勤換算方法による人数
K94: 常勤換算方法対象外の | AA94: 常勤換算方法対象外の
K95: 常勤の従業者の人数 | P95: 常勤換算方法による人数 | U95: 合計 | AA95: 常勤の従業者の人数 | AF95: 常勤換算方法による人数 | AK95: 合計
K96: =W86 -> 3 | O96: ＋ | P96: =U91 -> 0.5 | T96: ＝ | U96: =ROUNDDOWN(K96+P96,1) -> 3.5 | AA96: =AM86 -> 17 | AE96: ＋ | AF96: =AK91 -> 3.2 | AJ96: ＝ | AK96: =ROUNDDOWN(AA96+AF96,1) -> 20.2

Sheet 【記載例】シフト記号表（勤務時間帯）
B1: ≪要 提出≫
B2: ■シフト記号表（勤務時間帯）
B3: ※24時間表記 | F3: 休憩時間1時間は「1:00」、休憩時間45分は「00:45」と入力してください。
F4: 勤務時間 | N4: 自由記載欄
B5: No | C5: 記号 | F5: 始業時刻 | H5: 終業時刻 | J5: うち、休憩時間 | L5: 勤務時間
B6: 1 | C6: a | D6: =C6 -> a | E6: ： | F6: 0.29166667 | G6: ～ | H6: 0.66666667 | I6: （ | J6: 0.041666667 | K6: ） | L6: =IF(OR(F6="",H6=""),"",(H6+IF(F6>H6,1,0)-F6-J6)*24) -> 8
B7: 2 | C7: b | D7: =C7 -> b | E7: ： | F7: 0.375 | G7: ～ | H7: 0.75 | I7: （ | J7: 0.041666667 | K7: ） | L7: =IF(OR(F7="",H7=""),"",(H7+IF(F7>H7,1,0)-F7-J7)*24) -> 8
B8: 3 | C8: c | D8: =C8 -> c | E8: ： | F8: 0.41666667 | G8: ～ | H8: 0.79166667 | I8: （ | J8: 0.041666667 | K8: ） | L8: =IF(OR(F8="",H8=""),"",(H8+IF(F8>H8,1,0)-F8-J8)*24) -> 8
B9: 4 | C9: d | D9: =C9 -> d | E9: ： | F9: 0.5 | G9: ～ | H9: 0.875 | I9: （ | J9: 0.041666667 | K9: ） | L9: =IF(OR(F9="",H9=""),"",(H9+IF(F9>H9,1,0)-F9-J9)*24) -> 8
B10: 5 | C10: e | D10: =C10 -> e | E10: ： | F10: 0.375 | G10: ～ | H10: 0.54166667 | I10: （ | J10: 0 | K10: ） | L10: =IF(OR(F10="",H10=""),"",(H10+IF(F10>H10,1,0)-F10-J10)*24) -> 4
B11: 6 | C11: f | D11: =C11 -> f | E11: ： | F11: 0.54166667 | G11: ～ | H11: 0.75 | I11: （ | J11: 0.041666667 | K11: ） | L11: =IF(OR(F11="",H11=""),"",(H11+IF(F11>H11,1,0)-F11-J11)*24) -> 4
B12: 7 | C12: g | D12: =C12 -> g | E12: ： | F12: 0.58333333 | G12: ～ | H12: 0.83333333 | I12: （ | J12: 0 | K12: ） | L12: =IF(OR(F12="",H12=""),"",(H12+IF(F12>H12,1,0)-F12-J12)*24) -> 6
B13: 8 | C13: h | D13: =C13 -> h | E13: ： | F13: 0.66666667 | G13: ～ | H13: 1 | I13: （ | J13: 0 | K13: ） | L13: =IF(OR(F13="",H13=""),"",(H13+IF(F13>H13,1,0)-F13-J13)*24) -> 8 | N13: （夜勤）16:00～翌9:00勤務
B14: 9 | C14: i | D14: =C14 -> i | E14: ： | F14: 0 | G14: ～ | H14: 0.375 | I14: （ | J14: 0.041666667 | K14: ） | L14: =IF(OR(F14="",H14=""),"",(H14+IF(F14>H14,1,0)-F14-J14)*24) -> 8 | N14: （夜勤）16:00～翌9:00勤務
B15: 10 | C15: j | D15: =C15 -> j | E15: ： | G15: ～ | I15: （ | J15: 0 | K15: ） | L15: =IF(OR(F15="",H15=""),"",(H15+IF(F15>H15,1,0)-F15-J15)*24)
B16: 11 | C16: k | D16: =C16 -> k | E16: ： | G16: ～ | I16: （ | J16: 0 | K16: ） | L16: =IF(OR(F16="",H16=""),"",(H16+IF(F16>H16,1,0)-F16-J16)*24)
B17: 12 | C17: l | D17: =C17 -> l | E17: ： | G17: ～ | I17: （ | J17: 0 | K17: ） | L17: =IF(OR(F17="",H17=""),"",(H17+IF(F17>H17,1,0)-F17-J17)*24)
B18: 13 | C18: m | D18: =C18 -> m | E18: ： | G18: ～ | I18: （ | J18: 0 | K18: ） | L18: =IF(OR(F18="",H18=""),"",(H18+IF(F18>H18,1,0)-F18-J18)*24)
B19: 14 | C19: n | D19: =C19 -> n | E19: ： | G19: ～ | I19: （ | J19: 0 | K19: ） | L19: =IF(OR(F19="",H19=""),"",(H19+IF(F19>H19,1,0)-F19-J19)*24)
B20: 15 | C20: o | D20: =C20 -> o | E20: ： | G20: ～ | I20: （ | J20: 0 | K20: ） | L20: =IF(OR(F20="",H20=""),"",(H20+IF(F20>H20,1,0)-F20-J20)*24)
B21: 16 | C21: p | D21: =C21 -> p | E21: ： | G21: ～ | I21: （ | J21: 0 | K21: ） | L21: =IF(OR(F21="",H21=""),"",(H21+IF(F21>H21,1,0)-F21-J21)*24)
B22: 17 | C22: q | D22: =C22 -> q | E22: ： | G22: ～ | I22: （ | J22: 0 | K22: ） | L22: =IF(OR(F22="",H22=""),"",(H22+IF(F22>H22,1,0)-F22-J22)*24)
B23: 18 | C23: r | D23: =C23 -> r | E23: ： | G23: ～ | I23: （ | K23: ） | L23: 1
B24: 19 | C24: s | D24: =C24 -> s | E24: ： | G24: ～ | I24: （ | K24: ） | L24: 2
B25: 20 | C25: t | D25: =C25 -> t | E25: ： | G25: ～ | I25: （ | K25: ） | L25: 3
B26: 21 | C26: u | D26: =C26 -> u | E26: ： | G26: ～ | I26: （ | K26: ） | L26: 4
B27: 22 | C27: v | D27: =C27 -> v | E27: ： | G27: ～ | I27: （ | K27: ） | L27: 5
B28: 23 | C28: w | D28: =C28 -> w | E28: ： | G28: ～ | I28: （ | K28: ） | L28: 6
B29: 24 | C29: x | D29: =C29 -> x | E29: ： | G29: ～ | I29: （ | K29: ） | L29: 7
B30: 25 | C30: y | D30: =C30 -> y | E30: ： | G30: ～ | I30: （ | K30: ） | L30: 8
B31: 26 | C31: z | D31: =C31 -> z | E31: ： | G31: ～ | I31: （ | K31: ） | L31: 1
B32: 27 | C32: x | D32: =C32 -> x | E32: ： | G32: ～ | I32: （ | K32: ） | L32: 2
B33: 28 | C33: aa | D33: =C33 -> aa | E33: ： | G33: ～ | I33: （ | K33: ） | L33: 3
B34: 29 | C34: ab | D34: =C34 -> ab | E34: ： | G34: ～ | I34: （ | K34: ） | L34: 4
... B38: 33 | C38: af | D38: =C38 -> af | E38: ： | G38: ～ | I38: （ | K38: ） | L38: 8
B39: 34 | C39: ag | E39: ： | F39: 0.29166667 | G39: ～ | H39: 0.39583333 | I39: （ | J39: 0 | K39: ） | L39: =IF(OR(F39="",H39=""),"",(H39+IF(F39>H39,1,0)-F39-J39)*24) -> 2.5
C40: - | E40: ： | F40: 0.6875 | G40: ～ | H40: 0.83333333 | I40: （ | J40: 0 | K40: ） | L40: =IF(OR(F40="",H40=""),"",(H40+IF(F40>H40,1,0)-F40-J40)*24) -> 3.5
C41: - | D41: =C39 -> ag | E41: ： | F41: - | G41: ～ | H41: - | I41: （ | J41: - | K41: ） | L41: =IF(OR(L39="",L40=""),"",L39+L40) -> 6 | N41: 1日に2回勤務する場合
C42: ah | E42: ： | G42: ～ | I42: （ | J42: 0 | K42: ） | L42: =IF(OR(F42="",H42=""),"",(H42+IF(F42>H42,1,0)-F42-J42)*24)
B43: 35 | C43: - | E43: ： | G43: ～ | I43: （ | J43: 0 | K43: ） | L43: =IF(OR(F43="",H43=""),"",(H43+IF(F43>H43,1,0)-F43-J43)*24)
C44: - | D44: =C42 -> ah | E44: ： | F44: - | G44: ～ | H44: - | I44: （ | J44: - | K44: ） | L44: =IF(OR(L42="",L43=""),"",L42+L43) | N44: 1日に2回勤務する場合
C45: ai | E45: ： | G45: ～ | I45: （ | J45: 0 | K45: ） | L45: =IF(OR(F45="",H45=""),"",(H45+IF(F45>H45,1,0)-F45-J45)*24)
B46: 36 | C46: - | E46: ： | G46: ～ | I46: （ | J46: 0 | K46: ） | L46: =IF(OR(F46="",H46=""),"",(H46+IF(F46>H46,1,0)-F46-J46)*24)
C47: - | D47: =C45 -> ai | E47: ： | F47: - | G47: ～ | H47: - | I47: （ | J47: - | K47: ） | L47: =IF(OR(L45="",L46=""),"",L45+L46) | N47: 1日に2回勤務する場合
C49: ・職種ごとの勤務時間を「○：○○～○：○○」と表記することが困難な場合は、No18～33を活用し、勤務時間数のみを入力してください。
C50: ・No18～33以外は始業時刻・終業時刻・休憩時間等を入力すると勤務時間数が計算されますが、入力の補助を目的とするものですので、結果に誤りがないかご確認ください。
C51: ・シフト記号が足りない場合は、適宜、行を追加してください。
C52: ・シフト記号は、適宜、使いやすい記号に変更していただいて構いません。

Sheet ④利用者の状況
B2: 利用者の状況〔特定施設入居者生活介護〕
C6: ① 前年度(毎年4月1日に始まり翌年3月31日をもって終わる年度。以下同じ。)の平均利用者数（計画数） 人
C9: ② 前年度の各月別人員数(計画数） 人
B11: 区 分 | D11: 令和 年 | E11: 令和 年 | F11: 令和 年 | G11: 令和 年 | H11: 令和 年 | I11: 令和 年 | J11: 令和 年 | K11: 令和 年 | L11: 令和 年 | M11: 令和 年 | N11: 令和 年 | O11: 令和 年 | P11: 前年度 平 均
D12: ４月 | E12: ５月 | F12: ６月 | G12: ７月 | H12: ８月 | I12: ９月 | J12: １０月 | K12: １１月 | L12: １２月 | M12: １月 | N12: ２月 | O12: ３月
B13: 利用者数 | D13: （） | E13: （） | F13: （） | G13: （） | H13: （） | I13: （） | J13: （） | K13: （） | L13: （） | M13: （） | N13: （） | O13: （）
C15: （注）１ 上記表は、原則として運営指導時の前年度について記入すること。
C16: ２ 利用者数（計画数）は，介護報酬請求に係る実利用者数（計画数）を記入すること。

Sheet ⑤身体拘束者名簿
A2: 行動障害のある利用者および身体拘束者名簿
D4: 事業所（施設）名
B6: № | C6: 氏 名 | D6: 介護度 | E6: 居室番号 | F6: 拘束等の内容（下記より）
B20: ※ 現況について記載すること。記入しきれない場合はコピー願います。
B21: ※ 「行動障害」とは、認知症に伴う徘徊、異食、暴言、暴行、自傷等をいう。
B22: ※ 「身体拘束」とは、具体的には下記①～⑪の行為
B23: 1 徘徊しないように、車いすやベッドに体幹や四肢をひも等で縛る
B24: 2 転落しないように、ベッドに体幹や四肢をひも等で縛る
B25: 3 自分で降りられないように、ベッドを柵（サイドレール）で囲む
B26: 4 点滴・経管栄養等のチューブを抜かないように四肢をひも等で縛る
B27: 5 または皮膚をかきむしらないように、手指の機能を制限するミトン型の 手袋等をつける
B28: 6 車いすや椅子からずり落ちたり、立ち上がったりしないように、 Ｙ字型拘束帯や腰ベルト、車いすテーブルをつける
B29: 7 立ち上がる能力のある人の立ち上がりを妨げるようないすを使用する
B30: 8 脱衣やおむつはずしを制限するために、介護衣（つなぎ服）を着せる
B31: 9 他人への迷惑行為を防ぐために、ベッドなどに体幹や四肢をひも等で縛る
... B33: 11行動を落ち着かせるために、向精神薬を過剰に服用させる
